Workbook

Sheet ORÇAMENTO POR ETAPAS
A2: PREFEITURA MUNICIPAL DE CANELA
A3: Estado do Rio Grande do Sul
A4: Secretaria Municipal de Turismo e Cultura
A5: OBRA: REVITALIZAÇÃO CENTRO DE FEIRAS, CANELA RS
A6: ITEM | B6: CÓDIGO | C6: DESCRIÇÃO | D6: UNID. | E6: QUANT. | F6: MATERIAL/EQUIP. UNIT. | G6: M.O. UNIT. | H6: CUSTO MAT. UNIT. | I6: CUSTO MO. UNIT. | J6: TOTAL SEM BDI | K6: TOTAL COM BDI 25,92% | L6: VALOR CONCEDENTE | M6: VALOR PROPONENTE | N6: FONTE | O6: OBSERVAÇÃO
A7: 1. SERVIÇOS PRELIMINARES
A8: 1.1 | B8: 103689 | C8: Fornecimento E Instalação De Placa De Obra Com Chapa Galvanizada E Estrutura De Madeira (Af_03/2022_Ps) | D8: m² | E8: 2.88 | F8: 459.39 | G8: 49.61 | H8: =E8*F8 -> 1323.0432 | I8: =E8*G8 -> 142.8768 | J8: =H8+I8 -> 1465.92 | K8: =J8*(1+25.92%) -> 1845.8865 | L8: =K8*0.869565217269 -> 1605.1187 | M8: =K8*0.13043478274 -> 240.7678 | N8: PENDENTE VALIDAÇÃO SINAPI/RS JUN/2026 | O8: Valor existente preservado apenas para rastreabilidade. Não considerar como SINAPI/RS JUN/2026 até validação na base mensal oficial.
A9: 1.2 | B9: 97622 | C9: Demolição De Alvenaria De Bloco Furado, De Forma Manual, Sem Reaproveitamento (Af_12/2017) | D9: m³ | E9: 80.51 | F9: 1.84 | G9: 82 | H9: =E9*F9 -> 148.1384 | I9: =E9*G9 -> 6601.82 | J9: =H9+I9 -> 6749.9584 | K9: =J9*(1+25.92%) -> 8499.5476 | L9: =K9*0.869565217269 -> 7390.911 | M9: =K9*0.13043478274 -> 1108.6366 | N9: PENDENTE VALIDAÇÃO SINAPI/RS JUN/2026 | O9: Valor existente preservado apenas para rastreabilidade. Não considerar como SINAPI/RS JUN/2026 até validação na base mensal oficial.
A10: 1.3 | B10: 104789 | C10: Demolição De Piso De Concreto Simples, De Forma Manual, Sem Reaproveitamento | D10: m³ | E10: 40.66 | F10: 5.06 | G10: 290 | H10: =E10*F10 -> 205.7396 | I10: =E10*G10 -> 11791.4 | J10: =H10+I10 -> 11997.14 | K10: =J10*(1+25.92%) -> 15106.798 | L10: =K10*0.869565217269 -> 13136.346 | M10: =K10*0.13043478274 -> 1970.4519 | N10: PENDENTE VALIDAÇÃO SINAPI/RS JUN/2026 | O10: Valor existente preservado apenas para rastreabilidade. Não considerar como SINAPI/RS JUN/2026 até validação na base mensal oficial.
A11: 1.4 | B11: 20193 | C11: Locação de andaime metálico tipo fachadeiro, com peças de aproximadamente 1,20 m de largura e 2,0 m de altura, incluindo diagonais em x, barras de ligação, sapatas e demais itens necessários à montagem | D11: m²/mes | E11: 250 | F11: 22.5 | G11: 2 | H11: =E11*F11 -> 5625 | I11: =E11*G11 -> 500 | J11: =H11+I11 -> 6125 | K11: =J11*(1+25.92%) -> 7712.6 | L11: =K11*0.869565217269 -> 6706.6087 | M11: =K11*0.13043478274 -> 1005.9913 | N11: PENDENTE VALIDAÇÃO SINAPI/RS JUN/2026 | O11: Valor existente preservado apenas para rastreabilidade. Não considerar como SINAPI/RS JUN/2026 até validação na base mensal oficial.
A12: 1.5 | B12: 97063 | C12: Montagem E Desmontagem De Andaime Modular Fachadeiro, Com Piso Metálico, Para Edifícios Com Múltiplos Pavimentos (Exclusive Andaime E Limpeza) | D12: m² | E12: 250 | F12: 3.54 | G12: 23.15 | H12: =E12*F12 -> 885 | I12: =E12*G12 -> 5787.5 | J12: =H12+I12 -> 6672.5 | K12: =J12*(1+25.92%) -> 8402.012 | L12: =K12*0.869565217269 -> 7306.0974 | M12: =K12*0.13043478274 -> 1095.9146 | N12: PENDENTE VALIDAÇÃO SINAPI/RS JUN/2026 | O12: Valor existente preservado apenas para rastreabilidade. Não considerar como SINAPI/RS JUN/2026 até validação na base mensal oficial.
A13: 1.6 | B13: 100981 | C13: Carga, Manobra E Descarga De Entulho Em Caminhão Basculante 6 M³ - Carga Com Escavadeira Hidráulica (Caçamba De 0,80 M³ / 111 Hp) E Descarga Livre | D13: m³ | E13: 580 | F13: 10.64 | G13: 1.88 | H13: =E13*F13 -> 6171.2 | I13: =E13*G13 -> 1090.4 | J13: =H13+I13 -> 7261.6 | K13: =J13*(1+25.92%) -> 9143.8067 | L13: =K13*0.869565217269 -> 7951.1363 | M13: =K13*0.13043478274 -> 1192.6704 | N13: SINAPI/RS JUN/2026 - SEM DESONERAÇÃO | O13: RS JUN/2026 validado: total unitário R$ 10,13. BDI adotado: 25,92%.
A14: 1.7 | B14: 97914 | C14: Transporte Com Caminhão Basculante De 6 M³, Em Via Urbana Pavimentada, Dmt Até 30 Km | D14: m³ Km | E14: 6000 | F14: 3 | G14: 0.46 | H14: =E14*F14 -> 18000 | I14: =E14*G14 -> 2760 | J14: =H14+I14 -> 20760 | K14: =J14*(1+25.92%) -> 26140.992 | L14: =K14*0.869565217269 -> 22731.297 | M14: =K14*0.13043478274 -> 3409.6946 | N14: PENDENTE VALIDAÇÃO SINAPI/RS JUN/2026 | O14: Valor existente preservado apenas para rastreabilidade. Não considerar como SINAPI/RS JUN/2026 até validação na base mensal oficial.
A15: 1.8 | B15: 37524 | C15: Tela Plástica Laranja, Tipo Tapume Para Sinalização, Malha Retangular, Rolo 1.20 X 50 M | D15: m | E15: 350 | F15: 3.3 | G15: 1.39 | H15: =E15*F15 -> 1155 | I15: =E15*G15 -> 486.5 | J15: =H15+I15 -> 1641.5 | K15: =J15*(1+25.92%) -> 2066.9768 | L15: =K15*0.869565217269 -> 1797.3711 | M15: =K15*0.13043478274 -> 269.60567 | N15: PENDENTE VALIDAÇÃO SINAPI/RS JUN/2026 | O15: Valor existente preservado apenas para rastreabilidade. Não considerar como SINAPI/RS JUN/2026 até validação na base mensal oficial.
A16: 1.9 | B16: 97637 | C16: Remoção De Tapume/ Chapas Metálicas E De Madeira, De Forma Manual, Sem Reaproveitamento | D16: m² | E16: 350 | F16: 0 | G16: 4.26 | H16: =E16*F16 -> 0 | I16: =E16*G16 -> 1491 | J16: =H16+I16 -> 1491 | K16: =J16*(1+25.92%) -> 1877.4672 | L16: =K16*0.869565217269 -> 1632.5802 | M16: =K16*0.13043478274 -> 244.88703 | N16: PENDENTE VALIDAÇÃO SINAPI/RS JUN/2026 | O16: Valor existente preservado apenas para rastreabilidade. Não considerar como SINAPI/RS JUN/2026 até validação na base mensal oficial.
A17: 1.10 | B17: 99059 | C17: Locação Convencional De Obra, Utilizando Gabarito De Tábuas Corridas Pontaletadas A Cada 2,00m - 2 Utilizações | D17: m | E17: 597.58 | F17: 30.83 | G17: 51.3 | H17: =E17*F17 -> 18423.391 | I17: =E17*G17 -> 30655.854 | J17: =H17+I17 -> 49079.245 | K17: =J17*(1+25.92%) -> 61800.586 | L17: =K17*0.869565217269 -> 53739.64 | M17: =K17*0.13043478274 -> 8060.946 | N17: PENDENTE VALIDAÇÃO SINAPI/RS JUN/2026 | O17: Valor existente preservado apenas para rastreabilidade. Não considerar como SINAPI/RS JUN/2026 até validação na base mensal oficial.
A18: 1.11 | B18: 98525 | C18: Limpeza Mecanizada De Camada Vegetal, Vegetação E Pequenas Árvores (Diâmetro De Tronco Menor Que 0,20 M), Com Trator De Esteiras | D18: m² | E18: 793 | F18: 0.75 | G18: 0.11 | H18: =E18*F18 -> 594.75 | I18: =E18*G18 -> 87.23 | J18: =H18+I18 -> 681.98 | K18: =J18*(1+25.92%) -> 858.74922 | L18: =K18*0.869565217269 -> 746.73845 | M18: =K18*0.13043478274 -> 112.01077 | N18: PENDENTE VALIDAÇÃO SINAPI/RS JUN/2026 | O18: Valor existente preservado apenas para rastreabilidade. Não considerar como SINAPI/RS JUN/2026 até validação na base mensal oficial.
A19: 1.12 | B19: 96521 | C19: Escavação Mecanizada Para Bloco De Coroamento Ou Sapata Com Retroescavadeira (Incluindo Escavação Para Colocação De Fôrmas) | D19: m³ | E19: 51.6 | F19: 36.84 | G19: 7.27 | H19: =E19*F19 -> 1900.944 | I19: =E19*G19 -> 375.132 | J19: =H19+I19 -> 2276.076 | K19: =J19*(1+25.92%) -> 2866.0349 | L19: =K19*0.869565217269 -> 2492.2043 | M19: =K19*0.13043478274 -> 373.83064 | N19: PENDENTE VALIDAÇÃO SINAPI/RS JUN/2026 | O19: Valor existente preservado apenas para rastreabilidade. Não considerar como SINAPI/RS JUN/2026 até validação na base mensal oficial.
... A22: 1.15 | B22: 96525 | C22: Escavação Mecanizada Para Viga Baldrame Ou Sapata Corrida Com Mini-Escavadeira (Incluindo Escavação Para Colocação De Fôrmas) | D22: m³ | E22: 527.22 | F22: 61.35 | G22: 7.57 | H22: =E22*F22 -> 32344.947 | I22: =E22*G22 -> 3991.0554 | J22: =H22+I22 -> 36336.002 | K22: =J22*(1+25.92%) -> 45754.294 | L22: =K22*0.869565217269 -> 39786.343 | M22: =K22*0.13043478274 -> 5967.9514 | N22: PENDENTE VALIDAÇÃO SINAPI/RS JUN/2026 | O22: Valor existente preservado apenas para rastreabilidade. Não considerar como SINAPI/RS JUN/2026 até validação na base mensal oficial.
A23: 1.16 | B23: 01.01.00.1 0 | C23: Ligação Provisória De Água/Esgoto | D23: un | E23: 1 | F23: 1253.3 | G23: 246.7 | H23: =E23*F23 -> 1253.3 | I23: =E23*G23 -> 246.7 | J23: =H23+I23 -> 1500 | K23: =J23*(1+25.92%) -> 1888.8 | L23: =K23*0.869565217269 -> 1642.4348 | M23: =K23*0.13043478274 -> 246.36522 | N23: PENDENTE VALIDAÇÃO SINAPI/RS JUN/2026 | O23: Valor existente preservado apenas para rastreabilidade. Não considerar como SINAPI/RS JUN/2026 até validação na base mensal oficial.
A24: 1.17 | B24: 98459 | C24: Tapume com telha metálica | D24: m² | E24: 350 | F24: 58.69 | G24: 43.7 | H24: =E24*F24 -> 20541.5 | I24: =E24*G24 -> 15295 | J24: =H24+I24 -> 35836.5 | K24: =J24*(1+25.92%) -> 45125.321 | L24: =K24*0.869565217269 -> 39239.409 | M24: =K24*0.13043478274 -> 5885.9114 | N24: PENDENTE VALIDAÇÃO SINAPI/RS JUN/2026 | O24: Valor existente preservado apenas para rastreabilidade. Não considerar como SINAPI/RS JUN/2026 até validação na base mensal oficial.
C25: SUBTOTAL | J25: =SUM(J8:J24) -> 211190.45 | K25: =SUM(K8:K24) -> 265931.02 | L25: =K25*0.869565217269 -> 231244.36 | M25: =K25*0.13043478274 -> 34686.654
A27: 2. FUNDAÇÃO | K27: =J27*0.2592+J27 -> 0 | L27: =K27*0.869565217269 -> 0 | M27: =K27*0.13043478274 -> 0
A28: 2.1 | B28: 96619 | C28: Lastro De Concreto Magro, Aplicado Em Blocos De Coroamento Ou Sapatas, Espessura De 5 Cm | D28: m² | E28: 9.63 | F28: 27.3 | G28: 16.57 | H28: =E28*F28 -> 262.899 | I28: =E28*G28 -> 159.5691 | J28: =H28+I28 -> 422.4681 | K28: =J28*(1+25.92%) -> 531.97183 | L28: =K28*0.869565217269 -> 462.5842 | M28: =K28*0.13043478274 -> 69.38763 | N28: PENDENTE VALIDAÇÃO SINAPI/RS JUN/2026 | O28: Valor existente preservado apenas para rastreabilidade. Não considerar como SINAPI/RS JUN/2026 até validação na base mensal oficial.
A29: 2.2 | B29: 96529 | C29: Fabricação, Montagem E Desmontagem De Fôrma Para Sapata, Em Madeira Serrada, E=25 Mm, 1 Utilização | D29: m² | E29: 225 | F29: 156.35 | G29: 155.45 | H29: =E29*F29 -> 35178.75 | I29: =E29*G29 -> 34976.25 | J29: =H29+I29 -> 70155 | K29: =J29*(1+25.92%) -> 88339.176 | L29: =K29*0.869565217269 -> 76816.675 | M29: =K29*0.13043478274 -> 11522.501 | N29: PENDENTE VALIDAÇÃO SINAPI/RS JUN/2026 | O29: Valor existente preservado apenas para rastreabilidade. Não considerar como SINAPI/RS JUN/2026 até validação na base mensal oficial.
A30: 2.3 | B30: 96558 | C30: Concretagem De Sapata, Fck 30 Mpa, Com Uso De Bomba - Lançamento, Adensamento E Acabamento (Af_01/2024) | D30: m³ | E30: 173.66 | F30: 698.3 | G30: 50.22 | H30: =E30*F30 -> 121266.78 | I30: =E30*G30 -> 8721.2052 | J30: =H30+I30 -> 129987.98 | K30: =J30*(1+25.92%) -> 163680.87 | L30: =K30*0.869565217269 -> 142331.19 | M30: =K30*0.13043478274 -> 21349.679 | N30: PENDENTE VALIDAÇÃO SINAPI/RS JUN/2026 | O30: Valor existente preservado apenas para rastreabilidade. Não considerar como SINAPI/RS JUN/2026 até validação na base mensal oficial.
A31: 2.4 | B31: 96543 | C31: Armação De Bloco Utilizando Aço Ca-60 De 5 Mm - Montagem | D31: kg | E31: 173.47 | F31: 10.01 | G31: 12.68 | H31: =E31*F31 -> 1736.4347 | I31: =E31*G31 -> 2199.5996 | J31: =H31+I31 -> 3936.0343 | K31: =J31*(1+25.92%) -> 4956.2544 | L31: =K31*0.869565217269 -> 4309.7864 | M31: =K31*0.13043478274 -> 646.46796 | N31: PENDENTE VALIDAÇÃO SINAPI/RS JUN/2026 | O31: Valor existente preservado apenas para rastreabilidade. Não considerar como SINAPI/RS JUN/2026 até validação na base mensal oficial.
A32: 2.5 | B32: 96546 | C32: Armação De Bloco, Viga Baldame Ou Sapata Utilizando Aço Ca-50 De 10 Mm - Montagem (Af_06/2017) | D32: Kg | E32: 393.36 | F32: 8.41 | G32: 5.81 | H32: =E32*F32 -> 3308.1576 | I32: =E32*G32 -> 2285.4216 | J32: =H32+I32 -> 5593.5792 | K32: =J32*(1+25.92%) -> 7043.4349 | L32: =K32*0.869565217269 -> 6124.726 | M32: =K32*0.13043478274 -> 918.7089 | N32: PENDENTE VALIDAÇÃO SINAPI/RS JUN/2026 | O32: Valor existente preservado apenas para rastreabilidade. Não considerar como SINAPI/RS JUN/2026 até validação na base mensal oficial.
A33: 2.6 | B33: 96547 | C33: Armação De Bloco, Viga Baldrame Ou Sapata Utilizando Aço Ca-50 De 12,5 Mm - Montagem. Af_06/2017 | D33: Kg | E33: 2800.51 | F33: 8.09 | G33: 2.95 | H33: =E33*F33 -> 22656.126 | I33: =E33*G33 -> 8261.5045 | J33: =H33+I33 -> 30917.63 | K33: =J33*(1+25.92%) -> 38931.48 | L33: =K33*0.869565217269 -> 33853.461 | M33: =K33*0.13043478274 -> 5078.0192 | N33: PENDENTE VALIDAÇÃO SINAPI/RS JUN/2026 | O33: Valor existente preservado apenas para rastreabilidade. Não considerar como SINAPI/RS JUN/2026 até validação na base mensal oficial.
A34: 2.7 | B34: 97046 | C34: Ponteiras De Proteção De Pontas E Vergalhões Expostos Em Estruturas De Concreto Armado Convencional", Com Aferição Af_03/2024 | D34: m² | E34: 1718.6 | F34: 0.26 | G34: 0.12 | H34: =E34*F34 -> 446.836 | I34: =E34*G34 -> 206.232 | J34: =H34+I34 -> 653.068 | K34: =J34*(1+25.92%) -> 822.34323 | L34: =K34*0.869565217269 -> 715.08107 | M34: =K34*0.13043478274 -> 107.26216 | N34: PENDENTE VALIDAÇÃO SINAPI/RS JUN/2026 | O34: Valor existente preservado apenas para rastreabilidade. Não considerar como SINAPI/RS JUN/2026 até validação na base mensal oficial.
A35: 2.8 | B35: 97096 | C35: Concretagem De Radier, Piso De Concreto Ou Laje Sobre Solo, Fck 30 Mpa - Lançamento, Adensamento E Acabamento (Af_09/2021 Ou Similar) | D35: m³ | E35: 343.72 | F35: 617.02 | G35: 27.34 | H35: =E35*F35 -> 212082.11 | I35: =E35*G35 -> 9397.3048 | J35: =H35+I35 -> 221479.42 | K35: =J35*(1+25.92%) -> 278886.88 | L35: =K35*0.869565217269 -> 242510.33 | M35: =K35*0.13043478274 -> 36376.55 | N35: PENDENTE VALIDAÇÃO SINAPI/RS JUN/2026 | O35: Valor existente preservado apenas para rastreabilidade. Não considerar como SINAPI/RS JUN/2026 até validação na base mensal oficial.
A36: 2.9 | B36: 97092 | C36: Armação Para Execução De Radier, Piso De Concreto Ou Laje Sobre Solo, Com Uso De Tela Q-196. Af_09/2021. | D36: Kg | E36: 2143.36 | F36: 10.89 | G36: 1.48 | H36: =E36*F36 -> 23341.19 | I36: =E36*G36 -> 3172.1728 | J36: =H36+I36 -> 26513.363 | K36: =J36*(1+25.92%) -> 33385.627 | L36: =K36*0.869565217269 -> 29030.98 | M36: =K36*0.13043478274 -> 4354.647 | N36: PENDENTE VALIDAÇÃO SINAPI/RS JUN/2026 | O36: Valor existente preservado apenas para rastreabilidade. Não considerar como SINAPI/RS JUN/2026 até validação na base mensal oficial.
A37: 2.10 | B37: 97097 | C37: Acabamento Polido Para Piso De Concreto Armado Ou Laje Sobre Solo De Alta Resistência | D37: m³ | E37: 5679.78 | F37: 34.21 | G37: 3.46 | H37: =E37*F37 -> 194305.27 | I37: =E37*G37 -> 19652.039 | J37: =H37+I37 -> 213957.31 | K37: =J37*(1+25.92%) -> 269415.05 | L37: =K37*0.869565217269 -> 234273.95 | M37: =K37*0.13043478274 -> 35141.093 | N37: PENDENTE VALIDAÇÃO SINAPI/RS JUN/2026 | O37: Valor existente preservado apenas para rastreabilidade. Não considerar como SINAPI/RS JUN/2026 até validação na base mensal oficial.
A38: 2.11 | B38: 97114 | C38: Execução De Juntas De Contração Para Pavimentos De Concreto (Af_11/2017). | D38: m | E38: 1157.21 | F38: 0.02 | G38: 0.51 | H38: =E38*F38 -> 23.1442 | I38: =E38*G38 -> 590.1771 | J38: =H38+I38 -> 613.3213 | K38: =J38*(1+25.92%) -> 772.29418 | L38: =K38*0.869565217269 -> 671.56016 | M38: =K38*0.13043478274 -> 100.73402 | N38: PENDENTE VALIDAÇÃO SINAPI/RS JUN/2026 | O38: Valor existente preservado apenas para rastreabilidade. Não considerar como SINAPI/RS JUN/2026 até validação na base mensal oficial.
A39: 2.12 | B39: 98557 | C39: Impermeabilização De Superfície Com Emulsão Asfáltica, 2 Demãos (Af_06/2018 Ou Af_09/2023) | D39: m² | E39: 96.36 | F39: 28.74 | G39: 19.26 | H39: =E39*F39 -> 2769.3864 | I39: =E39*G39 -> 1855.8936 | J39: =H39+I39 -> 4625.28 | K39: =J39*(1+25.92%) -> 5824.1526 | L39: =K39*0.869565217269 -> 5064.4805 | M39: =K39*0.13043478274 -> 759.67208 | N39: PENDENTE VALIDAÇÃO SINAPI/RS JUN/2026 | O39: Valor existente preservado apenas para rastreabilidade. Não considerar como SINAPI/RS JUN/2026 até validação na base mensal oficial.
A40: 2.13 | B40: 96555 | C40: Concretagem De Bloco De Coroamento Ou Viga Baldrame, Fck 30 Mpa, Com Uso De Jerica - Lançamento, Adensamento E Acabamento | D40: m² | E40: 11.59 | F40: 583.25 | G40: 183.09 | H40: =E40*F40 -> 6759.8675 | I40: =E40*G40 -> 2122.0131 | J40: =H40+I40 -> 8881.8806 | K40: =J40*(1+25.92%) -> 11184.064 | L40: =K40*0.869565217269 -> 9725.2731 | M40: =K40*0.13043478274 -> 1458.791 | N40: PENDENTE VALIDAÇÃO SINAPI/RS JUN/2026 | O40: Valor existente preservado apenas para rastreabilidade. Não considerar como SINAPI/RS JUN/2026 até validação na base mensal oficial.
A41: 2.14 | B41: 94316 | C41: Aterro mecanizado de vala com retroescavadeira (capacidade da caçamba da retro: 0,26 m³ / potência: 88 hp), largura até 1,5 m, profundidade até 1,5 m, com solo argilo-arenoso | D41: m³ | E41: 588.85 | F41: 76.2 | G41: 1.67 | H41: =E41*F41 -> 44870.37 | I41: =E41*G41 -> 983.3795 | J41: =H41+I41 -> 45853.749 | K41: =J41*0.2592+J41 -> 57739.041 | L41: =K41*0.869565217269 -> 50207.862 | M41: =K41*0.13043478274 -> 7531.1793
C42: SUBTOTAL | J42: =SUM(J28:J41) -> 763590.09 | K42: =SUM(K28:K41) -> 961512.64 | L42: =K42*0.869565217269 -> 836097.95 | M42: =K42*0.13043478274 -> 125414.69
A44: 3. ESTRUTURAS | K44: =J44*0.2592+J44 -> 0 | L44: =K44*0.869565217269 -> 0 | M44: =K44*0.13043478274 -> 0
A45: 3.1 | B45: 100765 | C45: Pilar metálico perfil laminado/soldado em aço estrutural, com conexões parafusadas, inclusos mão de obra, transporte e içamento utilizando guindaste - fornecimento e instalação | D45: Kg | E45: 10240.23 | F45: 2.57 | G45: 0.47 | H45: =E45*F45 -> 26317.391 | I45: =E45*G45 -> 4812.9081 | J45: =H45+I45 -> 31130.299 | K45: =J45*(1+25.92%) -> 39199.273 | L45: =K45*0.869565217269 -> 34086.324 | M45: =K45*0.13043478274 -> 5112.9486 | N45: PENDENTE VALIDAÇÃO SINAPI/RS JUN/2026 | O45: Valor existente preservado apenas para rastreabilidade. Não considerar como SINAPI/RS JUN/2026 até validação na base mensal oficial.
A46: 3.2 | B46: 100378 | C46: Fabricação e instalação de tesoura (inteira ou meia) em aço, vãos de 6,0 m a 12,0 m, incluso içamento, exclusive pintura. | D46: kg | E46: 10179 | F46: 17.0934 | G46: 9.5737 | H46: =E46*F46 -> 173993.72 | I46: =E46*G46 -> 97450.692 | J46: =H46+I46 -> 271444.41 | K46: =J46*(1+25.92%) -> 341802.8 | L46: =K46*0.869565217269 -> 297219.83 | M46: =K46*0.13043478274 -> 44582.974 | N46: PENDENTE VALIDAÇÃO SINAPI/RS JUN/2026 | O46: Valor existente preservado apenas para rastreabilidade. Não considerar como SINAPI/RS JUN/2026 até validação na base mensal oficial.
A47: 3.3 | B47: 92762 | C47: Armação De Pilar Ou Viga De Estrutura Convencional De Concreto Armado, Aço Ca-50, 10,0 Mm - Montagem | D47: Kg | E47: 1428.97 | F47: 8.42 | G47: 1.67 | H47: =E47*F47 -> 12031.927 | I47: =E47*G47 -> 2386.3799 | J47: =H47+I47 -> 14418.307 | K47: =J47*(1+25.92%) -> 18155.533 | L47: =K47*0.869565217269 -> 15787.42 | M47: =K47*0.13043478274 -> 2368.1129 | N47: PENDENTE VALIDAÇÃO SINAPI/RS JUN/2026 | O47: Valor existente preservado apenas para rastreabilidade. Não considerar como SINAPI/RS JUN/2026 até validação na base mensal oficial.
A48: 3.4 | B48: 103672 | C48: Concretagem De Pilares, Fck = 25 Mpa, Com Uso De Bomba | D48: m³ | E48: 13.36 | F48: 592.99 | G48: 59.8 | H48: =E48*F48 -> 7922.3464 | I48: =E48*G48 -> 798.928 | J48: =H48+I48 -> 8721.2744 | K48: =J48*(1+25.92%) -> 10981.829 | L48: =K48*0.869565217269 -> 9549.4163 | M48: =K48*0.13043478274 -> 1432.4124 | N48: PENDENTE VALIDAÇÃO SINAPI/RS JUN/2026 | O48: Valor existente preservado apenas para rastreabilidade. Não considerar como SINAPI/RS JUN/2026 até validação na base mensal oficial.
A49: 3.5 | B49: 92409 | C49: Montagem E Desmontagem De Fôrma De Pilares Retangulares E Estruturas Similares, Pé-Direito Simples, Em Madeira Serrada, 1 Utilização. Af_09/2020 | D49: m² | E49: 35 | F49: 278.2131 | G49: 180.2872 | H49: =E49*F49 -> 9737.4585 | I49: =E49*G49 -> 6310.052 | J49: =H49+I49 -> 16047.511 | K49: =J49*(1+25.92%) -> 20207.025 | L49: =K49*0.869565217269 -> 17571.326 | M49: =K49*0.13043478274 -> 2635.6989 | N49: PENDENTE VALIDAÇÃO SINAPI/RS JUN/2026 | O49: Valor existente preservado apenas para rastreabilidade. Não considerar como SINAPI/RS JUN/2026 até validação na base mensal oficial.
A50: 3.6 | B50: 92447 | C50: Montagem E Desmontagem De Fôrma De Viga, Escoramento Com Pontalete De Madeira, Pé-Direito Simples, Em Madeira Serrada, 2 Utilizações. Af_09/2020 | D50: m² | E50: 109 | F50: 172.36 | G50: 87.59 | H50: =E50*F50 -> 18787.24 | I50: =E50*G50 -> 9547.31 | J50: =H50+I50 -> 28334.55 | K50: =J50*(1+25.92%) -> 35678.865 | L50: =K50*0.869565217269 -> 31025.1 | M50: =K50*0.13043478274 -> 4653.7651 | N50: PENDENTE VALIDAÇÃO SINAPI/RS JUN/2026 | O50: Valor existente preservado apenas para rastreabilidade. Não considerar como SINAPI/RS JUN/2026 até validação na base mensal oficial.
A51: 3.7 | B51: 95946 | C51: Armação De Escada, De Uma Estrutura Convencional De Concreto Armado Utilizando Aço Ca-50 De 10,0 Mm – Montagem | D51: Kg | E51: 37.6 | F51: 12.4058 | G51: 5.6044 | H51: =E51*F51 -> 466.45808 | I51: =E51*G51 -> 210.72544 | J51: =H51+I51 -> 677.18352 | K51: =J51*(1+25.92%) -> 852.70949 | L51: =K51*0.869565217269 -> 741.48651 | M51: =K51*0.13043478274 -> 111.22298 | N51: PENDENTE VALIDAÇÃO SINAPI/RS JUN/2026 | O51: Valor existente preservado apenas para rastreabilidade. Não considerar como SINAPI/RS JUN/2026 até validação na base mensal oficial.
A52: 3.8 | B52: 92768 | C52: Armação De Laje De Estrutura Convencional De Concreto Armado Utilizando Aço Ca-60 De 5,0 Mm - Montagem. Af_06/2022 | D52: Kg | E52: 11.8 | F52: 13.832 | G52: 5.8626 | H52: =E52*F52 -> 163.2176 | I52: =E52*G52 -> 69.17868 | J52: =H52+I52 -> 232.39628 | K52: =J52*(1+25.92%) -> 292.6334 | L52: =K52*0.869565217269 -> 254.46382 | M52: =K52*0.13043478274 -> 38.169573 | N52: PENDENTE VALIDAÇÃO SINAPI/RS JUN/2026 | O52: Valor existente preservado apenas para rastreabilidade. Não considerar como SINAPI/RS JUN/2026 até validação na base mensal oficial.
A53: 3.9 | B53: 103683 | C53: Concretagem De Vigas E Lajes, Fck=25 Mpa, Para Qualquer Tipo De Laje Com Baldes Em Edificação De Multipavimentos Até 04 Andares - Lançamento, Adensamento E Acabamento. Af_02/2022 | D53: m³ | E53: 37.9 | F53: 655.4209 | G53: 150.5979 | H53: =E53*F53 -> 24840.452 | I53: =E53*G53 -> 5707.6604 | J53: =H53+I53 -> 30548.113 | K53: =J53*(1+25.92%) -> 38466.183 | L53: =K53*0.869565217269 -> 33448.855 | M53: =K53*0.13043478274 -> 5017.3283 | N53: PENDENTE VALIDAÇÃO SINAPI/RS JUN/2026 | O53: Valor existente preservado apenas para rastreabilidade. Não considerar como SINAPI/RS JUN/2026 até validação na base mensal oficial.
A54: 3.10 | B54: 92771 | C54: Armação De Laje De Estrutura Convencional De Concreto Armado Utilizando Aço Ca-50 De 10,0 Mm - Montagem. Af_06/2022 | D54: Kg | E54: 1200 | F54: 7.8651 | G54: 1.6135 | H54: =E54*F54 -> 9438.12 | I54: =E54*G54 -> 1936.2 | J54: =H54+I54 -> 11374.32 | K54: =J54*(1+25.92%) -> 14322.544 | L54: =K54*0.869565217269 -> 12454.386 | M54: =K54*0.13043478274 -> 1868.1579 | N54: PENDENTE VALIDAÇÃO SINAPI/RS JUN/2026 | O54: Valor existente preservado apenas para rastreabilidade. Não considerar como SINAPI/RS JUN/2026 até validação na base mensal oficial.
A55: 3.11 | B55: 92452 | C55: Montagem E Desmontagem De Fôrma De Viga, Escoramento Metálico, Pé-Direito Simples, Em Chapa De Madeira Resinada, 2 Utilizações. Af_09/2020 | D55: un | E55: 75.46 | F55: 54.5835 | G55: 125.5557 | H55: =E55*F55 -> 4118.8709 | I55: =E55*G55 -> 9474.4331 | J55: =H55+I55 -> 13593.304 | K55: =J55*(1+25.92%) -> 17116.688 | L55: =K55*0.869565217269 -> 14884.077 | M55: =K55*0.13043478274 -> 2232.6115 | N55: PENDENTE VALIDAÇÃO SINAPI/RS JUN/2026 | O55: Valor existente preservado apenas para rastreabilidade. Não considerar como SINAPI/RS JUN/2026 até validação na base mensal oficial.
A56: 3.12 | B56: 104108 | C56: Armação De Pilar Ou Viga De Estrutura De Concreto Armado Embutida Em Alvenaria De Vedação Utilizando Aço Ca-50 De 10,0 Mm - Montagem. Af_06/2022 | D56: Kg | E56: 37.6 | F56: 8.9137 | G56: 3.4853 | H56: =E56*F56 -> 335.15512 | I56: =E56*G56 -> 131.04728 | J56: =H56+I56 -> 466.2024 | K56: =J56*(1+25.92%) -> 587.04206 | L56: =K56*0.869565217269 -> 510.47136 | M56: =K56*0.13043478274 -> 76.570704 | N56: PENDENTE VALIDAÇÃO SINAPI/RS JUN/2026 | O56: Valor existente preservado apenas para rastreabilidade. Não considerar como SINAPI/RS JUN/2026 até validação na base mensal oficial.
... A70: 3.26 | B70: 92268 | C70: Fabricação De Fôrma Para Lajes, Em Chapa De Madeira Compensada Plastificada, E = 18 Mm. Af_09/2020 (rampa interna e externa) | D70: m² | E70: 183.13 | F70: 78.9861 | G70: 19.9004 | H70: =E70*F70 -> 14464.724 | I70: =E70*G70 -> 3644.3603 | J70: =H70+I70 -> 18109.085 | K70: =J70*(1+25.92%) -> 22802.96 | L70: =K70*0.869565217269 -> 19828.66 | M70: =K70*0.13043478274 -> 2974.2991 | N70: PENDENTE VALIDAÇÃO SINAPI/RS JUN/2026 | O70: Valor existente preservado apenas para rastreabilidade. Não considerar como SINAPI/RS JUN/2026 até validação na base mensal oficial.
C71: SUBTOTAL | J71: =SUM(J45:J70) -> 536372.92 | K71: =SUM(K45:K70) -> 675400.79 | L71: =K71*0.869565217269 -> 587305.03 | M71: =K71*0.13043478274 -> 88095.755
A73: 4. PASSEIOS E CANTEIROS | K73: =J73*0.2592+J73 -> 0 | L73: =K73*0.869565217269 -> 0 | M73: =K73*0.13043478274 -> 0
A74: 4.1 | B74: 101114 | C74: Escavação Horizontal Em Solo De 1ª Categoria Com Trator De Esteiras (100hp/Lâmina: 2,19m³), Com Referência Af_07/2020 | D74: m³ | E74: 1100 | F74: 4.9602 | G74: 2.1191 | H74: =E74*F74 -> 5456.22 | I74: =E74*G74 -> 2331.01 | J74: =H74+I74 -> 7787.23 | K74: =J74*(1+25.92%) -> 9805.68 | L74: =K74*0.869565217269 -> 8526.6783 | M74: =K74*0.13043478274 -> 1279.0017 | N74: PENDENTE VALIDAÇÃO SINAPI/RS JUN/2026 | O74: Valor existente preservado apenas para rastreabilidade. Não considerar como SINAPI/RS JUN/2026 até validação na base mensal oficial.
A75: 4.2 | B75: 105011 | C75: Execução De Linhas De Referência Em Gabarito Ou Cavalete | D75: m | E75: 550 | F75: 0.5348 | G75: 3.8833 | H75: =E75*F75 -> 294.14 | I75: =E75*G75 -> 2135.815 | J75: =H75+I75 -> 2429.955 | K75: =J75*(1+25.92%) -> 3059.7993 | L75: =K75*0.869565217269 -> 2660.6951 | M75: =K75*0.13043478274 -> 399.10426 | N75: PENDENTE VALIDAÇÃO SINAPI/RS JUN/2026 | O75: Valor existente preservado apenas para rastreabilidade. Não considerar como SINAPI/RS JUN/2026 até validação na base mensal oficial.
A76: 4.3 | B76: 100973 | C76: Carga, Manobras E Descarga De Misturas De Solos E Agregados, Com Caminhão Basculante 6m³ | D76: m³ | E76: 1100 | F76: 8.8508 | G76: 4.959 | H76: =E76*F76 -> 9735.88 | I76: =E76*G76 -> 5454.9 | J76: =H76+I76 -> 15190.78 | K76: =J76*(1+25.92%) -> 19128.23 | L76: =K76*0.869565217269 -> 16633.244 | M76: =K76*0.13043478274 -> 2494.9865 | N76: PENDENTE VALIDAÇÃO SINAPI/RS JUN/2026 | O76: Valor existente preservado apenas para rastreabilidade. Não considerar como SINAPI/RS JUN/2026 até validação na base mensal oficial.
A77: 4.4 | B77: 97914 | C77: Transporte Em Caminhão Basculante 6m³, Em Rodovia Pavimentada (Distâncias Até 30 Km) | D77: m³xKm | E77: 8830 | F77: 3 | G77: 0.46 | H77: =E77*F77 -> 26490 | I77: =E77*G77 -> 4061.8 | J77: =H77+I77 -> 30551.8 | K77: =J77*(1+25.92%) -> 38470.827 | L77: =K77*0.869565217269 -> 33452.893 | M77: =K77*0.13043478274 -> 5017.9339 | N77: PENDENTE VALIDAÇÃO SINAPI/RS JUN/2026 | O77: Valor existente preservado apenas para rastreabilidade. Não considerar como SINAPI/RS JUN/2026 até validação na base mensal oficial.
A78: 4.5 | B78: 100574 | C78: Espalhamento De Material Com Trator De Esteiras | D78: m³ | E78: 1100 | F78: 1.5101 | G78: 0.6669 | H78: =E78*F78 -> 1661.11 | I78: =E78*G78 -> 733.59 | J78: =H78+I78 -> 2394.7 | K78: =J78*(1+25.92%) -> 3015.4062 | L78: =K78*0.869565217269 -> 2622.0924 | M78: =K78*0.13043478274 -> 393.31386 | N78: PENDENTE VALIDAÇÃO SINAPI/RS JUN/2026 | O78: Valor existente preservado apenas para rastreabilidade. Não considerar como SINAPI/RS JUN/2026 até validação na base mensal oficial.
A79: 4.6 | B79: 100577 | C79: Regularização E Compactação De Subleito De Solo Predominantemente Arenoso, Para Obras De Construção De Pavimentos | D79: m² | E79: 2820 | F79: 0.5034 | G79: 0.2259 | H79: =E79*F79 -> 1419.588 | I79: =E79*G79 -> 637.038 | J79: =H79+I79 -> 2056.626 | K79: =J79*(1+25.92%) -> 2589.7035 | L79: =K79*0.869565217269 -> 2251.9161 | M79: =K79*0.13043478274 -> 337.78741 | N79: PENDENTE VALIDAÇÃO SINAPI/RS JUN/2026 | O79: Valor existente preservado apenas para rastreabilidade. Não considerar como SINAPI/RS JUN/2026 até validação na base mensal oficial.
A80: 4.7 | B80: CP02 | C80: Fornecimento E Assentamento De Passeio Em Pedra Basalto Recortada, 45x45cm, Superfície Lisa E Uniforme Em Tons De Cinza, C/ Rejunte E Argamassa De Assentamento | D80: m² | E80: 750 | F80: 155.6 | G80: 52 | H80: =E80*F80 -> 116700 | I80: =E80*G80 -> 39000 | J80: =H80+I80 -> 155700 | K80: =J80*0.2592+J80 -> 196057.44 | L80: =K80*0.869565217269 -> 170484.73 | M80: =K80*0.13043478274 -> 25572.71 | N80: COMPOSIÇÃO PRÓPRIA | O80: COMPOSIÇÃO PRÓPRIA detalhada nas abas 'COMPOSIÇÕES PRÓPRIAS' e 'RESUMO COMPOSIÇÕES PRÓPRIAS'. Custo direto sem BDI; BDI 25,92% aplicado no total.
A81: 4.8 | B81: 92398 | C81: Execução de pavimento em piso intertravado, com bloco retangular cor natural de 20 x 10 cm, espessura 8 cm. | D81: m² | E81: 1176 | F81: 98.77 | G81: 18.19 | H81: =E81*F81 -> 116153.52 | I81: =E81*G81 -> 21391.44 | J81: =H81+I81 -> 137544.96 | K81: =J81*(1+25.92%) -> 173196.61 | L81: =K81*0.869565217269 -> 150605.75 | M81: =K81*0.13043478274 -> 22590.863 | N81: PENDENTE VALIDAÇÃO SINAPI/RS JUN/2026 | O81: Valor existente preservado apenas para rastreabilidade. Não considerar como SINAPI/RS JUN/2026 até validação na base mensal oficial.
A82: 4.10 | B82: 370 | C82: Areia Media - Posto Jazida/Fornecedor (Retirado Na Jazida, Sem Transporte) | D82: m³ | E82: 112.8 | F82: 97.5266 | G82: 40.1559 | H82: =E82*F82 -> 11001 | I82: =E82*G82 -> 4529.5855 | J82: =H82+I82 -> 15530.586 | K82: =J82*(1+25.92%) -> 19556.114 | L82: =K82*0.869565217269 -> 17005.316 | M82: =K82*0.13043478274 -> 2550.7975 | N82: PENDENTE VALIDAÇÃO SINAPI/RS JUN/2026 | O82: Valor existente preservado apenas para rastreabilidade. Não considerar como SINAPI/RS JUN/2026 até validação na base mensal oficial.
A83: 4.11 | B83: 4741 | C83: Pó De Pedra (Posto Pedreira/Fornecedor, Sem Frete) | D83: m³ | E83: 141 | F83: 82.6145 | G83: 36.3156 | H83: =E83*F83 -> 11648.645 | I83: =E83*G83 -> 5120.4996 | J83: =H83+I83 -> 16769.144 | K83: =J83*(1+25.92%) -> 21115.706 | L83: =K83*0.869565217269 -> 18361.484 | M83: =K83*0.13043478274 -> 2754.2226 | N83: PENDENTE VALIDAÇÃO SINAPI/RS JUN/2026 | O83: Valor existente preservado apenas para rastreabilidade. Não considerar como SINAPI/RS JUN/2026 até validação na base mensal oficial.
A84: 4.12 | B84: 101189 | C84: Cerca Com Mourões De Concreto Retos, h = 3,00 M, Espaçamento De 2,5 M, Com Fios De Arame | D84: m | E84: 326.68 | F84: 71.3098 | G84: 37.6495 | H84: =E84*F84 -> 23295.485 | I84: =E84*G84 -> 12299.339 | J84: =H84+I84 -> 35594.824 | K84: =J84*(1+25.92%) -> 44821.003 | L84: =K84*0.869565217269 -> 38974.785 | M84: =K84*0.13043478274 -> 5846.2177 | N84: PENDENTE VALIDAÇÃO SINAPI/RS JUN/2026 | O84: Valor existente preservado apenas para rastreabilidade. Não considerar como SINAPI/RS JUN/2026 até validação na base mensal oficial.
A85: 4.13 | B85: 4721 | C85: Pedra Britada N. 1 (9,5 A 19 Mm) Posto Pedreira/Fornecedor, Sem Frete | D85: m³ | E85: 52 | F85: 78.5456 | G85: 37.6495 | H85: =E85*F85 -> 4084.3712 | I85: =E85*G85 -> 1957.774 | J85: =H85+I85 -> 6042.1452 | K85: =J85*(1+25.92%) -> 7608.2692 | L85: =K85*0.869565217269 -> 6615.8863 | M85: =K85*0.13043478274 -> 992.38294 | N85: PENDENTE VALIDAÇÃO SINAPI/RS JUN/2026 | O85: Valor existente preservado apenas para rastreabilidade. Não considerar como SINAPI/RS JUN/2026 até validação na base mensal oficial.
A86: 4.14 | B86: 3322 | C86: Grama Esmeralda Ou Sao Carlos Ou Curitibana, Em Placas, Sem Plantio | D86: m² | E86: 1231.69 | F86: 18.8761 | G86: 0.01 | H86: =E86*F86 -> 23249.504 | I86: =E86*G86 -> 12.3169 | J86: =H86+I86 -> 23261.821 | K86: =J86*(1+25.92%) -> 29291.284 | L86: =K86*0.869565217269 -> 25470.682 | M86: =K86*0.13043478274 -> 3820.6023 | N86: PENDENTE VALIDAÇÃO SINAPI/RS JUN/2026 | O86: Valor existente preservado apenas para rastreabilidade. Não considerar como SINAPI/RS JUN/2026 até validação na base mensal oficial.
A87: 4.15 | B87: 103946 | C87: Plantio De Grama Esmeralda Ou São Carlos Ou Curitibana, Em Placas. Af_07/2024 | D87: m² | E87: 1231.69 | F87: 1.0487 | G87: 24.9132 | H87: =E87*F87 -> 1291.6733 | I87: =E87*G87 -> 30685.339 | J87: =H87+I87 -> 31977.013 | K87: =J87*(1+25.92%) -> 40265.454 | L87: =K87*0.869565217269 -> 35013.438 | M87: =K87*0.13043478274 -> 5252.0158 | N87: PENDENTE VALIDAÇÃO SINAPI/RS JUN/2026 | O87: Valor existente preservado apenas para rastreabilidade. Não considerar como SINAPI/RS JUN/2026 até validação na base mensal oficial.
A88: 4.16 | B88: 104658 | C88: Piso podotátil de alerta ou direcional, de concreto, assentado sobre argamassa. | D88: m² | E88: 132 | F88: 143.43 | G88: 64.95 | H88: =E88*F88 -> 18932.76 | I88: =E88*G88 -> 8573.4 | J88: =H88+I88 -> 27506.16 | K88: =J88*(1+25.92%) -> 34635.757 | L88: =K88*0.869565217269 -> 30118.049 | M88: =K88*0.13043478274 -> 4517.7074
A89: 4.17 | B89: 94275 | C89: Assentamento de guia (meio-fio) em trecho reto, confeccionada em concreto pré-fabricado, dimensões 100x15x13x20 cm (comprimento x base inferior x base superior x altura) | D89: m | E89: 212 | F89: 30.21 | G89: 14.93 | H89: =E89*F89 -> 6404.52 | I89: =E89*G89 -> 3165.16 | J89: =H89+I89 -> 9569.68 | K89: =J89*(1+25.92%) -> 12050.141 | L89: =K89*0.869565217269 -> 10478.384 | M89: =K89*0.13043478274 -> 1571.7575
C90: SUBTOTAL | J90: =SUM(J74:J89) -> 519907.42 | K90: =SUM(K74:K89) -> 654667.43 | L90: =K90*0.869565217269 -> 569276.02 | M90: =K90*0.13043478274 -> 85391.404
A92: 5. VEDAÇÕES, PISOS E REVESTIMENTOS | K92: =J92*0.2592+J92 -> 0 | L92: =K92*0.869565217269 -> 0 | M92: =K92*0.13043478274 -> 0
A93: 5.1 | B93: 103363 | C93: Alvenaria De Vedação De Blocos Cerâmicos Furados Na Horizontal De 19 X19 X 29 Cm, Espessura 19 Cm,E Argamassa De Assentamento Com Preparo Manual | D93: m² | E93: 1722.25 | F93: 95.4293 | G93: 22.57 | H93: =E93*F93 -> 164353.11 | I93: =E93*G93 -> 38871.183 | J93: =H93+I93 -> 203224.29 | K93: =J93*(1+25.92%) -> 255900.03 | L93: =K93*0.869565217269 -> 222521.77 | M93: =K93*0.13043478274 -> 33378.265 | N93: PENDENTE VALIDAÇÃO SINAPI/RS JUN/2026 | O93: Valor existente preservado apenas para rastreabilidade. Não considerar como SINAPI/RS JUN/2026 até validação na base mensal oficial.
A94: 5.2 | B94: 93200 | C94: Fixação (Encunhamento) De Alvenaria De Vedação Com Argamassa Aplicada Com Bisnaga | D94: m | E94: 135.02 | F94: 14.9226 | G94: 40.9196 | H94: =E94*F94 -> 2014.8495 | I94: =E94*G94 -> 5524.9644 | J94: =H94+I94 -> 7539.8138 | K94: =J94*(1+25.92%) -> 9494.1336 | L94: =K94*0.869565217269 -> 8255.7683 | M94: =K94*0.13043478274 -> 1238.3653 | N94: PENDENTE VALIDAÇÃO SINAPI/RS JUN/2026 | O94: Valor existente preservado apenas para rastreabilidade. Não considerar como SINAPI/RS JUN/2026 até validação na base mensal oficial.
A95: 5.3 | B95: 90844 | C95: Kit De Porta De Madeira Para Pintura, Semi-Oca (Leve Ou Média), Padrão Médio, 90x210cm, Espessura De 3,5cm | D95: un | E95: 16 | F95: 1520.5764 | G95: 376.4948 | H95: =E95*F95 -> 24329.222 | I95: =E95*G95 -> 6023.9168 | J95: =H95+I95 -> 30353.139 | K95: =J95*(1+25.92%) -> 38220.673 | L95: =K95*0.869565217269 -> 33235.368 | M95: =K95*0.13043478274 -> 4985.3052 | N95: PENDENTE VALIDAÇÃO SINAPI/RS JUN/2026 | O95: Valor existente preservado apenas para rastreabilidade. Não considerar como SINAPI/RS JUN/2026 até validação na base mensal oficial.
A96: 5.4 | B96: 90845 | C96: Kit De Porta De Madeira Para Pintura (Semi-Oca, Padrão Médio, 80x210cm, Esp 3,5cm - Fornecimento E Instalação | D96: un | E96: 3 | F96: 1415.7091 | G96: 376.4948 | H96: =E96*F96 -> 4247.1273 | I96: =E96*G96 -> 1129.4844 | J96: =H96+I96 -> 5376.6117 | K96: =J96*(1+25.92%) -> 6770.2295 | L96: =K96*0.869565217269 -> 5887.156 | M96: =K96*0.13043478274 -> 883.07341 | N96: PENDENTE VALIDAÇÃO SINAPI/RS JUN/2026 | O96: Valor existente preservado apenas para rastreabilidade. Não considerar como SINAPI/RS JUN/2026 até validação na base mensal oficial.
A97: 5.5 | B97: 102166 | C97: Instalação De Vidro Liso Incolor E=6mm, Em Esquadrias De Aluminio Ou Pvc, Fixado Com Baguete. | D97: m² | E97: 16.8 | F97: 241.2368 | G97: 106.0532 | H97: =E97*F97 -> 4052.7782 | I97: =E97*G97 -> 1781.6938 | J97: =H97+I97 -> 5834.472 | K97: =J97*(1+25.92%) -> 7346.7671 | L97: =K97*0.869565217269 -> 6388.4932 | M97: =K97*0.13043478274 -> 958.27398 | N97: PENDENTE VALIDAÇÃO SINAPI/RS JUN/2026 | O97: Valor existente preservado apenas para rastreabilidade. Não considerar como SINAPI/RS JUN/2026 até validação na base mensal oficial.
A98: 5.6 | B98: 93186 | C98: Verga Moldada In Loco, Para Janelas Com Até 1,5 M De Vão | D98: m | E98: 15.9 | F98: 62.9204 | G98: 37.6495 | H98: =E98*F98 -> 1000.4344 | I98: =E98*G98 -> 598.62705 | J98: =H98+I98 -> 1599.0614 | K98: =J98*(1+25.92%) -> 2013.5381 | L98: =K98*0.869565217269 -> 1750.9027 | M98: =K98*0.13043478274 -> 262.63541 | N98: PENDENTE VALIDAÇÃO SINAPI/RS JUN/2026 | O98: Valor existente preservado apenas para rastreabilidade. Não considerar como SINAPI/RS JUN/2026 até validação na base mensal oficial.
A99: 5.7 | B99: 93187 | C99: Verga Moldada In Loco, Para Janelas Com Mais De 1,5 M De Vão | D99: m | E99: 76.4 | F99: 49.812 | G99: 40.8766 | H99: =E99*F99 -> 3805.6368 | I99: =E99*G99 -> 3122.9722 | J99: =H99+I99 -> 6928.609 | K99: =J99*(1+25.92%) -> 8724.5045 | L99: =K99*0.869565217269 -> 7586.5257 | M99: =K99*0.13043478274 -> 1137.9788 | N99: PENDENTE VALIDAÇÃO SINAPI/RS JUN/2026 | O99: Valor existente preservado apenas para rastreabilidade. Não considerar como SINAPI/RS JUN/2026 até validação na base mensal oficial.
A100: 5.8 | B100: 93196 | C100: Contraverga Moldada In Loco, Para Janela Com Vão De Até 1,5 M | D100: m | E100: 15.9 | F100: 71.3098 | G100: 38.2949 | H100: =E100*F100 -> 1133.8258 | I100: =E100*G100 -> 608.88891 | J100: =H100+I100 -> 1742.7147 | K100: =J100*(1+25.92%) -> 2194.4264 | L100: =K100*0.869565217269 -> 1908.1969 | M100: =K100*0.13043478274 -> 286.22953 | N100: PENDENTE VALIDAÇÃO SINAPI/RS JUN/2026 | O100: Valor existente preservado apenas para rastreabilidade. Não considerar como SINAPI/RS JUN/2026 até validação na base mensal oficial.
A101: 5.9 | B101: 93197 | C101: Contraverga Moldada In Loco, Para Janela Com Vão Maior Que 1,5 M | D101: m | E101: 76.4 | F101: 65.3324 | G101: 64.542 | H101: =E101*F101 -> 4991.3954 | I101: =E101*G101 -> 4931.0088 | J101: =H101+I101 -> 9922.4042 | K101: =J101*(1+25.92%) -> 12494.291 | L101: =K101*0.869565217269 -> 10864.601 | M101: =K101*0.13043478274 -> 1629.6902 | N101: PENDENTE VALIDAÇÃO SINAPI/RS JUN/2026 | O101: Valor existente preservado apenas para rastreabilidade. Não considerar como SINAPI/RS JUN/2026 até validação na base mensal oficial.
A102: 5.10 | B102: 93188 | C102: Verga Moldada In Loco, Para Portas Com Até 1,5 M De Vão | D102: m | E102: 18.5 | F102: 68.1638 | G102: 29.9044 | H102: =E102*F102 -> 1261.0303 | I102: =E102*G102 -> 553.2314 | J102: =H102+I102 -> 1814.2617 | K102: =J102*(1+25.92%) -> 2284.5183 | L102: =K102*0.869565217269 -> 1986.5377 | M102: =K102*0.13043478274 -> 297.98065 | N102: PENDENTE VALIDAÇÃO SINAPI/RS JUN/2026 | O102: Valor existente preservado apenas para rastreabilidade. Não considerar como SINAPI/RS JUN/2026 até validação na base mensal oficial.
A103: 5.11 | B103: 93189 | C103: Verga Moldada In Loco, Para Portas Com Mais De 1,5 M De Vão | D103: m | E103: 33.8 | F103: 78.6505 | G103: 17.1036 | H103: =E103*F103 -> 2658.3869 | I103: =E103*G103 -> 578.10168 | J103: =H103+I103 -> 3236.4886 | K103: =J103*(1+25.92%) -> 4075.3864 | L103: =K103*0.869565217269 -> 3543.8143 | M103: =K103*0.13043478274 -> 531.57214 | N103: PENDENTE VALIDAÇÃO SINAPI/RS JUN/2026 | O103: Valor existente preservado apenas para rastreabilidade. Não considerar como SINAPI/RS JUN/2026 até validação na base mensal oficial.
A104: 5.12 | B104: 94569 | C104: Janela De Alumínio Tipo Maxim-Ar, Batente/ Requadro 3 A 14 Cm, Vidro Incluso, Fixação Com Parafuso, Sem Guarnição/ Alizar, Dimensões 60x80 (A X L) Cm, Sem Acabamento, Vedação Com Silicone, Exclusive Contramarco - Fornecimento E Instalação | D104: m² | E104: 116.75 | F104: 646.45 | G104: 53.89 | H104: =E104*F104 -> 75473.038 | I104: =E104*G104 -> 6291.6575 | J104: =H104+I104 -> 81764.695 | K104: =J104*(1+25.92%) -> 102958.1 | L104: =K104*0.869565217269 -> 89528.786 | M104: =K104*0.13043478274 -> 13429.318 | N104: PENDENTE VALIDAÇÃO SINAPI/RS JUN/2026 | O104: Valor existente preservado apenas para rastreabilidade. Não considerar como SINAPI/RS JUN/2026 até validação na base mensal oficial.
... A123: 5.31 | B123: 99861 | C123: Gradil Em Ferro Fixado Em Vãos De Janelas, Formado Por Barras Chatas De 25x4,8 Mm | D123: m² | E123: 160 | F123: 152.71 | G123: 469.6 | H123: =E123*F123 -> 24433.6 | I123: =E123*G123 -> 75136 | J123: =H123+I123 -> 99569.6 | K123: =J123*(1+25.92%) -> 125378.04 | L123: =K123*0.869565217269 -> 109024.38 | M123: =K123*0.13043478274 -> 16353.657 | N123: PENDENTE VALIDAÇÃO SINAPI/RS JUN/2026 | O123: Valor existente preservado apenas para rastreabilidade. Não considerar como SINAPI/RS JUN/2026 até validação na base mensal oficial.
A124: 5.32 | B124: 105090 | C124: Piso de madeira, sobre vigotas de madeira seção 7,5 x 15 cm – Palco | D124: m² | E124: 110 | F124: 561.13 | G124: 38.45 | H124: =E124*F124 -> 61724.3 | I124: =E124*G124 -> 4229.5 | J124: =H124+I124 -> 65953.8 | K124: =J124*0.2592+J124 -> 83049.025 | L124: =K124*0.869565217269 -> 72216.543 | M124: =K124*0.13043478274 -> 10832.482
A125: 5.33 | B125: 106215 | C125: Corrimão duplo fixado no piso em aço inox de 1.1/2", montantes tubulares 1.1/2" espaçados de 1,00m, fixado com chumbador mecânico. | D125: m | E125: 92 | F125: 635 | G125: 142.72 | H125: =E125*F125 -> 58420 | I125: =E125*G125 -> 13130.24 | J125: =H125+I125 -> 71550.24 | K125: =J125*0.2592+J125 -> 90096.062 | L125: =K125*0.869565217269 -> 78344.402 | M125: =K125*0.13043478274 -> 11751.66
C126: SUBTOTAL | J126: =SUM(J93:J125) -> 1739895.7 | K126: =SUM(K93:K125) -> 2190876.7 | L126: =K126*0.869565217269 -> 1905110.2 | M126: =K126*0.13043478274 -> 285766.53
A128: 6. INSTALAÇÕES ELÉTRICA | K128: =J128*0.2592+J128 -> 0 | L128: =K128*0.869565217269 -> 0 | M128: =K128*0.13043478274 -> 0
A129: 6.1 | B129: CP-EL-001 | C129: Arruela zamak — 1/2" | D129: pç | E129: 1 | F129: 0.47 | G129: 0.08 | H129: =E129*F129 -> 0.47 | I129: =E129*G129 -> 0.08 | J129: =H129+I129 -> 0.55 | K129: =J129*0.2592+J129 -> 0.69256 | L129: =K129*0.869565217269 -> 0.60222609 | M129: =K129*0.13043478274 -> 0.090333913 | N129: COMPOSIÇÃO PRÓPRIA | O129: COMPOSIÇÃO PRÓPRIA detalhada nas abas 'COMPOSIÇÕES PRÓPRIAS' e 'RESUMO COMPOSIÇÕES PRÓPRIAS'. Custo direto sem BDI; BDI 25,92% aplicado no total.
A130: 6.2 | B130: CP-EL-002 | C130: Arruela zamak — 2" | D130: pç | E130: 5 | F130: 0.47 | G130: 0.08 | H130: =E130*F130 -> 2.35 | I130: =E130*G130 -> 0.4 | J130: =H130+I130 -> 2.75 | K130: =J130*0.2592+J130 -> 3.4628 | L130: =K130*0.869565217269 -> 3.0111304 | M130: =K130*0.13043478274 -> 0.45166957 | N130: COMPOSIÇÃO PRÓPRIA | O130: COMPOSIÇÃO PRÓPRIA detalhada nas abas 'COMPOSIÇÕES PRÓPRIAS' e 'RESUMO COMPOSIÇÕES PRÓPRIAS'. Custo direto sem BDI; BDI 25,92% aplicado no total.
A131: 6.3 | B131: CP-EL-003 | C131: Bucha zamak — 1/2" | D131: pç | E131: 1 | F131: 26.74 | G131: 4.72 | H131: =E131*F131 -> 26.74 | I131: =E131*G131 -> 4.72 | J131: =H131+I131 -> 31.46 | K131: =J131*0.2592+J131 -> 39.614432 | L131: =K131*0.869565217269 -> 34.447332 | M131: =K131*0.13043478274 -> 5.1670998 | N131: COMPOSIÇÃO PRÓPRIA | O131: COMPOSIÇÃO PRÓPRIA detalhada nas abas 'COMPOSIÇÕES PRÓPRIAS' e 'RESUMO COMPOSIÇÕES PRÓPRIAS'. Custo direto sem BDI; BDI 25,92% aplicado no total.
A132: 6.4 | B132: CP-EL-004 | C132: Bucha zamak — 2" | D132: pç | E132: 5 | F132: 26.74 | G132: 4.72 | H132: =E132*F132 -> 133.7 | I132: =E132*G132 -> 23.6 | J132: =H132+I132 -> 157.3 | K132: =J132*0.2592+J132 -> 198.07216 | L132: =K132*0.869565217269 -> 172.23666 | M132: =K132*0.13043478274 -> 25.835499 | N132: COMPOSIÇÃO PRÓPRIA | O132: COMPOSIÇÃO PRÓPRIA detalhada nas abas 'COMPOSIÇÕES PRÓPRIAS' e 'RESUMO COMPOSIÇÕES PRÓPRIAS'. Custo direto sem BDI; BDI 25,92% aplicado no total.
A133: 6.5 | B133: 91940 | C133: Caixa PVC — 4x2" | D133: pç | E133: 218 | F133: 2.75 | G133: 23.41 | H133: =E133*F133 -> 599.5 | I133: =E133*G133 -> 5103.38 | J133: =H133+I133 -> 5702.88 | K133: =J133*(1+25.92%) -> 7181.0665 | L133: =K133*0.869565217269 -> 6244.4056 | M133: =K133*0.13043478274 -> 936.66085 | N133: PENDENTE VALIDAÇÃO SINAPI/RS JUN/2026 | O133: Valor existente preservado apenas para rastreabilidade. Não considerar como SINAPI/RS JUN/2026 até validação na base mensal oficial.
A134: 6.6 | B134: CP-EL-006 | C134: Caixa PVC — 4x4" | D134: pç | E134: 5 | F134: 13.6 | G134: 2.4 | H134: =E134*F134 -> 68 | I134: =E134*G134 -> 12 | J134: =H134+I134 -> 80 | K134: =J134*0.2592+J134 -> 100.736 | L134: =K134*0.869565217269 -> 87.596522 | M134: =K134*0.13043478274 -> 13.139478 | N134: COMPOSIÇÃO PRÓPRIA | O134: COMPOSIÇÃO PRÓPRIA detalhada nas abas 'COMPOSIÇÕES PRÓPRIAS' e 'RESUMO COMPOSIÇÕES PRÓPRIAS'. Custo direto sem BDI; BDI 25,92% aplicado no total.
A135: 6.7 | B135: CP-EL-007 | C135: Caixa PVC octogonal — 3x3" | D135: pç | E135: 90 | F135: 13.6 | G135: 2.4 | H135: =E135*F135 -> 1224 | I135: =E135*G135 -> 216 | J135: =H135+I135 -> 1440 | K135: =J135*0.2592+J135 -> 1813.248 | L135: =K135*0.869565217269 -> 1576.7374 | M135: =K135*0.13043478274 -> 236.51061 | N135: COMPOSIÇÃO PRÓPRIA | O135: COMPOSIÇÃO PRÓPRIA detalhada nas abas 'COMPOSIÇÕES PRÓPRIAS' e 'RESUMO COMPOSIÇÕES PRÓPRIAS'. Custo direto sem BDI; BDI 25,92% aplicado no total.
A136: 6.8 | B136: CP-EL-008 | C136: Caixa alumínio 4"x2" — 3x4" | D136: pç | E136: 52 | F136: 28.9 | G136: 5.1 | H136: =E136*F136 -> 1502.8 | I136: =E136*G136 -> 265.2 | J136: =H136+I136 -> 1768 | K136: =J136*0.2592+J136 -> 2226.2656 | L136: =K136*0.869565217269 -> 1935.8831 | M136: =K136*0.13043478274 -> 290.38247 | N136: COMPOSIÇÃO PRÓPRIA | O136: COMPOSIÇÃO PRÓPRIA detalhada nas abas 'COMPOSIÇÕES PRÓPRIAS' e 'RESUMO COMPOSIÇÕES PRÓPRIAS'. Custo direto sem BDI; BDI 25,92% aplicado no total.
A137: 6.9 | B137: CP-EL-009 | C137: Condulete alum. encaixe tipo C — 1" sem tampa | D137: pç | E137: 80 | F137: 23.8 | G137: 4.2 | H137: =E137*F137 -> 1904 | I137: =E137*G137 -> 336 | J137: =H137+I137 -> 2240 | K137: =J137*0.2592+J137 -> 2820.608 | L137: =K137*0.869565217269 -> 2452.7026 | M137: =K137*0.13043478274 -> 367.90539 | N137: COMPOSIÇÃO PRÓPRIA | O137: COMPOSIÇÃO PRÓPRIA detalhada nas abas 'COMPOSIÇÕES PRÓPRIAS' e 'RESUMO COMPOSIÇÕES PRÓPRIAS'. Custo direto sem BDI; BDI 25,92% aplicado no total.
A138: 6.10 | B138: CP-EL-010 | C138: Condulete alum. encaixe tipo C — 1/2" sem tampa | D138: pç | E138: 6 | F138: 23.8 | G138: 4.2 | H138: =E138*F138 -> 142.8 | I138: =E138*G138 -> 25.2 | J138: =H138+I138 -> 168 | K138: =J138*0.2592+J138 -> 211.5456 | L138: =K138*0.869565217269 -> 183.9527 | M138: =K138*0.13043478274 -> 27.592904 | N138: COMPOSIÇÃO PRÓPRIA | O138: COMPOSIÇÃO PRÓPRIA detalhada nas abas 'COMPOSIÇÕES PRÓPRIAS' e 'RESUMO COMPOSIÇÕES PRÓPRIAS'. Custo direto sem BDI; BDI 25,92% aplicado no total.
A139: 6.11 | B139: CP-EL-011 | C139: Curva 180º PVC rosca — 2" | D139: pç | E139: 1 | F139: 12.75 | G139: 2.25 | H139: =E139*F139 -> 12.75 | I139: =E139*G139 -> 2.25 | J139: =H139+I139 -> 15 | K139: =J139*0.2592+J139 -> 18.888 | L139: =K139*0.869565217269 -> 16.424348 | M139: =K139*0.13043478274 -> 2.4636522 | N139: COMPOSIÇÃO PRÓPRIA | O139: COMPOSIÇÃO PRÓPRIA detalhada nas abas 'COMPOSIÇÕES PRÓPRIAS' e 'RESUMO COMPOSIÇÕES PRÓPRIAS'. Custo direto sem BDI; BDI 25,92% aplicado no total.
...

Sheet CURVA ABC
A2: CURVA ABC DO ORÇAMENTO OBRA: REVITALIZAÇÃO CENTRO DE FEIRAS, CANELA RS | M2: ITEM | N2: DESCRIÇÃO RESUMIDA | O2: TOTAL COM BDI
A3: Classificação dos itens pelo valor total com BDI de 25,92%. | M3: =B6 -> 6.175 | N3: =LEFT(D6,42) -> PAINEL SOLAR FOTOVOLTAICO, 2 x 1 m, de 400 | O3: =H6 -> 2214449.6
M4: =B7 -> 10.3 | N4: =LEFT(D7,42) -> Telhamento Com Telha Metálica Termoacústic | O4: =H7 -> 2142908.6
A5: ORDEM | B5: ITEM | C5: CÓDIGO | D5: DESCRIÇÃO | E5: UNID. | F5: QUANT. | G5: PREÇO UNIT. COM BDI | H5: TOTAL COM BDI | I5: % DO TOTAL | J5: % ACUMULADO | K5: CLASSE | M5: =B8 -> 11.9 | N5: =LEFT(D8,42) -> Divisória articulada Acústica, Altura De 3 | O5: =H8 -> 1079877.9
A6: 1 | B6: 6.175 | C6: 103494 | D6: PAINEL SOLAR FOTOVOLTAICO, 2 x 1 m, de 400 a 450 W (fornecimento e instalação) | E6: un | F6: 831 | G6: 2664.801 | H6: 2214449.6 | I6: =H6/$H$406 -> 0.15563085 | J6: =I6 -> 0.15563085 | K6: =IF(J6<=80%,"A",IF(J6<=95%,"B","C")) -> A | M6: =B9 -> 6.174 | N6: =LEFT(D9,42) -> Ar Condicionado Splitão 15 Tr – Fornecimen | O6: =H9 -> 770209.07
A7: 2 | B7: 10.3 | C7: 94216 | D7: Telhamento Com Telha Metálica Termoacústica (Sanduíche) De Aluzinco Com Isolamento Rígido | E7: m² | F7: 7102.5 | G7: 301.71188 | H7: 2142908.6 | I7: =H7/$H$406 -> 0.15060297 | J7: =J6+I7 -> 0.30623382 | K7: =IF(J7<=80%,"A",IF(J7<=95%,"B","C")) -> A | M7: =B10 -> 14.1 | N7: =LEFT(D10,42) -> Composição mínima para administração l | O7: =H10 -> 378200.68
A8: 3 | B8: 11.9 | C8: 102239 | D8: Divisória articulada Acústica, Altura De 310 Cm, Acabamento Em [Mdf/Tecido/Melamínico], Isolamento Mínimo De [40/50] Db, Incluindo Trilhos Superiores E Sistema De Vedação Retrátil | E8: m² | F8: 293 | G8: 3685.5903 | H8: 1079877.9 | I8: =H8/$H$406 -> 0.075893497 | J8: =J7+I8 -> 0.38212732 | K8: =IF(J8<=80%,"A",IF(J8<=95%,"B","C")) -> A | M8: =B11 -> 10.1 | N8: =LEFT(D11,42) -> Trama De Aço Composta Por Ripas, Caibros E | O8: =H11 -> 346068.27
A9: 4 | B9: 6.174 | C9: 103278 | D9: Ar Condicionado Splitão 15 Tr – Fornecimento E Instalação. | E9: un | F9: 20 | G9: 38510.454 | H9: 770209.07 | I9: =H9/$H$406 -> 0.054130061 | J9: =J8+I9 -> 0.43625738 | K9: =IF(J9<=80%,"A",IF(J9<=95%,"B","C")) -> A | M9: =B12 -> 3.2 | N9: =LEFT(D12,42) -> Fabricação e instalação de tesoura (inteir | O9: =H12 -> 341802.8
A10: 5 | B10: 14.1 | C10: CP05 | D10: Composição mínima para administração local, composta por técnico em edificações em tempo integral no canteiro de obras e responsável técnico pelo menos 12 horas semanais | E10: un | F10: 1 | G10: 378200.68 | H10: 378200.68 | I10: =H10/$H$406 -> 0.02657983 | J10: =J9+I10 -> 0.46283721 | K10: =IF(J10<=80%,"A",IF(J10<=95%,"B","C")) -> A | M10: =B13 -> 2.8 | N10: =LEFT(D13,42) -> Concretagem De Radier, Piso De Concreto Ou | O10: =H13 -> 278886.88
A11: 6 | B11: 10.1 | C11: 92580 | D11: Trama De Aço Composta Por Ripas, Caibros E Terças Até 2 Águas Para Telha Ondulada De Fibrocimento, Metálica, Incluso Transporte Vertical. | E11: m² | F11: 2378.15 | G11: 145.51995 | H11: 346068.27 | I11: =H11/$H$406 -> 0.024321574 | J11: =J10+I11 -> 0.48715879 | K11: =IF(J11<=80%,"A",IF(J11<=95%,"B","C")) -> A | M11: =B14 -> 2.10 | N11: =LEFT(D14,42) -> Acabamento Polido Para Piso De Concreto Ar | O11: =H14 -> 269415.05
A12: 7 | B12: 3.2 | C12: 100378 | D12: Fabricação e instalação de tesoura (inteira ou meia) em aço, vãos de 6,0 m a 12,0 m, incluso içamento, exclusive pintura. | E12: kg | F12: 10179 | G12: 33.579212 | H12: 341802.8 | I12: =H12/$H$406 -> 0.024021798 | J12: =J11+I12 -> 0.51118058 | K12: =IF(J12<=80%,"A",IF(J12<=95%,"B","C")) -> A | M12: =B15 -> 6.195 | N12: =LEFT(D15,42) -> Eletrocalha perfurada tipo C — 200x50mm ch | O12: =H15 -> 268913.99
A13: 8 | B13: 2.8 | C13: 97096 | D13: Concretagem De Radier, Piso De Concreto Ou Laje Sobre Solo, Fck 30 Mpa - Lançamento, Adensamento E Acabamento (Af_09/2021 Ou Similar) | E13: m³ | F13: 343.72 | G13: 811.37811 | H13: 278886.88 | I13: =H13/$H$406 -> 0.019600086 | J13: =J12+I13 -> 0.53078067 | K13: =IF(J13<=80%,"A",IF(J13<=95%,"B","C")) -> A | M13: =B16 -> 5.1 | N13: =LEFT(D16,42) -> Alvenaria De Vedação De Blocos Cerâmicos F | O13: =H16 -> 255900.03
A14: 9 | B14: 2.10 | C14: 97097 | D14: Acabamento Polido Para Piso De Concreto Armado Ou Laje Sobre Solo De Alta Resistência | E14: m³ | F14: 5679.78 | G14: 47.434064 | H14: 269415.05 | I14: =H14/$H$406 -> 0.018934408 | J14: =J13+I14 -> 0.54971508 | K14: =IF(J14<=80%,"A",IF(J14<=95%,"B","C")) -> A | M14: =B17 -> 5.23 | N14: =LEFT(D17,42) -> Carpete De Nylon Em Placas 50 X 50 Cm Para | O14: =H17 -> 249617.29
A15: 10 | B15: 6.195 | C15: 97241 | D15: Eletrocalha perfurada tipo C — 200x50mm chapa 18 | E15: m | F15: 1833.6 | G15: 146.65902 | H15: 268913.99 | I15: =H15/$H$406 -> 0.018899194 | J15: =J14+I15 -> 0.56861427 | K15: =IF(J15<=80%,"A",IF(J15<=95%,"B","C")) -> A | M15: =B18 -> 11.7 | N15: =LEFT(D18,42) -> Longarina confort encosto médio 4 lugares | O15: =H18 -> 230181.82
A16: 11 | B16: 5.1 | C16: 103363 | D16: Alvenaria De Vedação De Blocos Cerâmicos Furados Na Horizontal De 19 X19 X 29 Cm, Espessura 19 Cm,E Argamassa De Assentamento Com Preparo Manual | E16: m² | F16: 1722.25 | G16: 148.58472 | H16: 255900.03 | I16: =H16/$H$406 -> 0.017984577 | J16: =J15+I16 -> 0.58659885 | K16: =IF(J16<=80%,"A",IF(J16<=95%,"B","C")) -> A | M16: =B19 -> 5.25 | N16: =LEFT(D19,42) -> Instalação De Vidro Temperado, E=10mm, Em | O16: =H19 -> 219125.62
A17: 12 | B17: 5.23 | C17: 39636 | D17: Carpete De Nylon Em Placas 50 X 50 Cm Para Trafego Comercial Pesado, E = 6,5 Mm (Instalado) | E17: m² | F17: 715 | G17: 349.11509 | H17: 249617.29 | I17: =H17/$H$406 -> 0.017543028 | J17: =J16+I17 -> 0.60414188 | K17: =IF(J17<=80%,"A",IF(J17<=95%,"B","C")) -> A | M17: =B20 -> 10.2 | N17: =LEFT(D20,42) -> Fabricação E Instalação De Tesoura Inteira | O17: =H20 -> 200366.54
A18: 13 | B18: 11.7 | C18: CP04 | D18: Longarina confort encosto médio 4 lugares courino ou tecido cor inza grafite | E18: un | F18: 145 | G18: 1587.4608 | H18: 230181.82 | I18: =H18/$H$406 -> 0.016177109 | J18: =J17+I18 -> 0.62031899 | K18: =IF(J18<=80%,"A",IF(J18<=95%,"B","C")) -> A
A19: 14 | B19: 5.25 | C19: 102181 | D19: Instalação De Vidro Temperado, E=10mm, Em Perfil U | E19: m² | F19: 291.31 | G19: 752.20767 | H19: 219125.62 | I19: =H19/$H$406 -> 0.015400082 | J19: =J18+I19 -> 0.63571907 | K19: =IF(J19<=80%,"A",IF(J19<=95%,"B","C")) -> A
A20: 15 | B20: 10.2 | C20: 92620 | D20: Fabricação E Instalação De Tesoura Inteira Em Aço Para Vãos Iguais A 20,00 M Até 23,00m Para Telha Ondulada Metalica, Inclusive Içamento | E20: un | F20: 20 | G20: 10018.327 | H20: 200366.54 | I20: =H20/$H$406 -> 0.0140817 | J20: =J19+I20 -> 0.64980077 | K20: =IF(J20<=80%,"A",IF(J20<=95%,"B","C")) -> A
A21: 16 | B21: 4.7 | C21: CP02 | D21: Fornecimento E Assentamento De Passeio Em Pedra Basalto Recortada, 45x45cm, Superfície Lisa E Uniforme Em Tons De Cinza, C/ Rejunte E Argamassa De Assentamento | E21: m² | F21: 750 | G21: 261.40992 | H21: 196057.44 | I21: =H21/$H$406 -> 0.013778858 | J21: =J20+I21 -> 0.66357963 | K21: =IF(J21<=80%,"A",IF(J21<=95%,"B","C")) -> A
A22: 17 | B22: 4.8 | C22: 92398 | D22: Execução de pavimento em piso intertravado, com bloco retangular cor natural de 20 x 10 cm, espessura 8 cm. | E22: m² | F22: 1176 | G22: 147.27603 | H22: 173196.61 | I22: =H22/$H$406 -> 0.012172206 | J22: =J21+I22 -> 0.67575183 | K22: =IF(J22<=80%,"A",IF(J22<=95%,"B","C")) -> A
A23: 18 | B23: 5.15 | C23: 87775 | D23: Massa Única Para Panos De Fachadas - Espessura 2,5 Cm | E23: m² | F23: 1722.25 | G23: 96.981192 | H23: 167025.86 | I23: =H23/$H$406 -> 0.011738527 | J23: =J22+I23 -> 0.68749036 | K23: =IF(J23<=80%,"A",IF(J23<=95%,"B","C")) -> A
A24: 19 | B24: 2.3 | C24: 96558 | D24: Concretagem De Sapata, Fck 30 Mpa, Com Uso De Bomba - Lançamento, Adensamento E Acabamento (Af_01/2024) | E24: m³ | F24: 173.66 | G24: 942.53638 | H24: 163680.87 | I24: =H24/$H$406 -> 0.011503442 | J24: =J23+I24 -> 0.6989938 | K24: =IF(J24<=80%,"A",IF(J24<=95%,"B","C")) -> A
A25: 20 | B25: 6.198 | C25: CP-EL-175 | D25: Suporte vertical para eletrocalha — 200x50mm | E25: pç | F25: 1370 | G25: 103.2544 | H25: 141458.53 | I25: =H25/$H$406 -> 0.0099416627 | J25: =J24+I25 -> 0.70893546 | K25: =IF(J25<=80%,"A",IF(J25<=95%,"B","C")) -> A
A26: 21 | B26: 5.31 | C26: 99861 | D26: Gradil Em Ferro Fixado Em Vãos De Janelas, Formado Por Barras Chatas De 25x4,8 Mm | E26: m² | F26: 160 | G26: 783.61275 | H26: 125378.04 | I26: =H26/$H$406 -> 0.0088115309 | J26: =J25+I26 -> 0.717747 | K26: =IF(J26<=80%,"A",IF(J26<=95%,"B","C")) -> A
A27: 22 | B27: 5.27 | C27: 102259 | D27: Divisória Sanitária, Tipo Cabine, Em Painéis Estruturais Ts, Inclusive Estrutura, Porta E Ferragens. Af_10/2025 | E27: m² | F27: 177.54 | G27: 652.98334 | H27: 115930.66 | I27: =H27/$H$406 -> 0.0081475721 | J27: =J26+I27 -> 0.72589457 | K27: =IF(J27<=80%,"A",IF(J27<=95%,"B","C")) -> A
A28: 23 | B28: 5.16 | C28: 87529 | D28: Massa Única Para Paredes Internas - Espessura 2,0 Cm | E28: m² | F28: 1722.25 | G28: 63.833633 | H28: 109937.47 | I28: =H28/$H$406 -> 0.0077263726 | J28: =J27+I28 -> 0.73362094 | K28: =IF(J28<=80%,"A",IF(J28<=95%,"B","C")) -> A
A29: 24 | B29: 5.12 | C29: 94569 | D29: Janela De Alumínio Tipo Maxim-Ar, Batente/ Requadro 3 A 14 Cm, Vidro Incluso, Fixação Com Parafuso, Sem Guarnição/ Alizar, Dimensões 60x80 (A X L) Cm, Sem Acabamento, Vedação Com Silicone, Exclusive Contramarco - Fornecimento E Instalação | E29: m² | F29: 116.75 | G29: 881.86813 | H29: 102958.1 | I29: =H29/$H$406 -> 0.0072358645 | J29: =J28+I29 -> 0.7408568 | K29: =IF(J29<=80%,"A",IF(J29<=95%,"B","C")) -> A
A30: 25 | B30: 12.1 | C30: 39511 | D30: Forro De Fibra Mineral Em Placas De 625 X 625 Mm, E = 15 Mm, Borda Reta, Com Pintura Antimofo, Apoiado Em Perfil De Aco Galvanizado Com 24 Mm De Base - Instalado | E30: m² | F30: 700 | G30: 144.808 | H30: 101365.6 | I30: =H30/$H$406 -> 0.0071239438 | J30: =J29+I30 -> 0.74798075 | K30: =IF(J30<=80%,"A",IF(J30<=95%,"B","C")) -> A
A31: 26 | B31: 5.20 | C31: 87263 | D31: Revestimento Cerâmico Para Pisos Com Placas Tipo Porcelanato Dimensões 60x60cm | E31: m² | F31: 474.61 | G31: 212.92505 | H31: 101056.36 | I31: =H31/$H$406 -> 0.0071022105 | J31: =J30+I31 -> 0.75508296 | K31: =IF(J31<=80%,"A",IF(J31<=95%,"B","C")) -> A
A32: 27 | B32: 5.33 | C32: 106215 | D32: Corrimão duplo fixado no piso em aço inox de 1.1/2", montantes tubulares 1.1/2" espaçados de 1,00m, fixado com chumbador mecânico. | E32: m | F32: 92 | G32: 979.30502 | H32: 90096.062 | I32: =H32/$H$406 -> 0.0063319241 | J32: =J31+I32 -> 0.76141488 | K32: =IF(J32<=80%,"A",IF(J32<=95%,"B","C")) -> A
A33: 28 | B33: 2.2 | C33: 96529 | D33: Fabricação, Montagem E Desmontagem De Fôrma Para Sapata, Em Madeira Serrada, E=25 Mm, 1 Utilização | E33: m² | F33: 225 | G33: 392.61856 | H33: 88339.176 | I33: =H33/$H$406 -> 0.0062084507 | J33: =J32+I33 -> 0.76762333 | K33: =IF(J33<=80%,"A",IF(J33<=95%,"B","C")) -> A
A34: 29 | B34: 6.32 | C34: CP-EL-032 | D34: Suporte para cabo de aço — 38x90mm | E34: pç | F34: 1393 | G34: 62.96 | H34: 87703.28 | I34: =H34/$H$406 -> 0.0061637601 | J34: =J33+I34 -> 0.77378709 | K34: =IF(J34<=80%,"A",IF(J34<=95%,"B","C")) -> A
A35: 30 | B35: 5.32 | C35: 105090 | D35: Piso de madeira, sobre vigotas de madeira seção 7,5 x 15 cm – Palco | E35: m² | F35: 110 | G35: 754.99114 | H35: 83049.025 | I35: =H35/$H$406 -> 0.0058366605 | J35: =J34+I35 -> 0.77962375 | K35: =IF(J35<=80%,"A",IF(J35<=95%,"B","C")) -> A
A36: 31 | B36: 5.19 | C36: 88489 | D36: Pintura Acrílica De 1ª, Duas Demãos, Em Paredes, Cores De Projeto | E36: m² | F36: 4215 | G36: 17.742128 | H36: 74783.07 | I36: =H36/$H$406 -> 0.0052557316 | J36: =J35+I36 -> 0.78487949 | K36: =IF(J36<=80%,"A",IF(J36<=95%,"B","C")) -> A
A37: 32 | B37: 5.30 | C37: 100353 | D37: Muro De Arrimo Com Blocos De Concreto Estrutural E Pilares Intermediários, Com Altura Maior Que 2,8 M E Menor Ou Igual A 4,0 M (Exceto Fundação). Af_11/2024 Altura 1,5m | E37: m² | F37: 85 | G37: 799.81866 | H37: 67984.586 | I37: =H37/$H$406 -> 0.0047779362 | J37: =J36+I37 -> 0.78965742 | K37: =IF(J37<=80%,"A",IF(J37<=95%,"B","C")) -> A
A38: 33 | B38: 5.14 | C38: 87905 | D38: Chapisco Aplicado Em Alvenaria (Com Vãos) E Estruturas De Concreto De Fachada, Com Colher De Pedreiro, Preparo Em Betoneira. | E38: m² | F38: 4444.5 | G38: 14.437861 | H38: 64169.074 | I38: =H38/$H$406 -> 0.0045097832 | J38: =J37+I38 -> 0.79416721 | K38: =IF(J38<=80%,"A",IF(J38<=95%,"B","C")) -> A
A39: 34 | B39: 1.10 | C39: 99059 | D39: Locação Convencional De Obra, Utilizando Gabarito De Tábuas Corridas Pontaletadas A Cada 2,00m - 2 Utilizações | E39: m | F39: 597.58 | G39: 103.4181 | H39: 61800.586 | I39: =H39/$H$406 -> 0.0043433266 | J39: =J38+I39 -> 0.79851053 | K39: =IF(J39<=80%,"A",IF(J39<=95%,"B","C")) -> A
A40: 35 | B40: 2.14 | C40: 94316 | D40: Aterro mecanizado de vala com retroescavadeira (capacidade da caçamba da retro: 0,26 m³ / potência: 88 hp), largura até 1,5 m, profundidade até 1,5 m, com solo argilo-arenoso | E40: m³ | F40: 588.85 | G40: 98.053904 | H40: 57739.041 | I40: =H40/$H$406 -> 0.0040578824 | J40: =J39+I40 -> 0.80256841 | K40: =IF(J40<=80%,"A",IF(J40<=95%,"B","C")) -> B
A41: 36 | B41: 5.17 | C41: 87269 | D41: Revestimento Cerâmico Para Paredes Internas Com Placas Tipo Esmaltada Dimensões 25x35cm | E41: m² | F41: 483 | G41: 116.2632 | H41: 56155.123 | I41: =H41/$H$406 -> 0.0039465651 | J41: =J40+I41 -> 0.80651498 | K41: =IF(J41<=80%,"A",IF(J41<=95%,"B","C")) -> B
A42: 37 | B42: 5.24 | C42: 37389 | D42: Painel Acústico Rígido Em Lã De Vidro/Rocha (Para Tratamento) | E42: m² | F42: 285 | G42: 181.7591 | H42: 51801.343 | I42: =H42/$H$406 -> 0.0036405828 | J42: =J41+I42 -> 0.81015556 | K42: =IF(J42<=80%,"A",IF(J42<=95%,"B","C")) -> B
A43: 38 | B43: 5.22 | C43: 68054 | D43: Portão De Ferro Em Chapa Galvanizada Plana 14 Gsg, Fornecimento E Instalação | E43: m² | F43: 79 | G43: 639.96057 | H43: 50556.885 | I43: =H43/$H$406 -> 0.0035531227 | J43: =J42+I43 -> 0.81370869 | K43: =IF(J43<=80%,"A",IF(J43<=95%,"B","C")) -> B
A44: 39 | B44: 7.15 | C44: 89512 | D44: Tubo Pvc, Série R , Água Pluvial, Dn 100 Mm, Fornecido E Instalado Em Ramal De Encaminhamento | E44: m | F44: 530 | G44: 92.616678 | H44: 49086.84 | I44: =H44/$H$406 -> 0.0034498083 | J44: =J43+I44 -> 0.81715849 | K44: =IF(J44<=80%,"A",IF(J44<=95%,"B","C")) -> B
A45: 40 | B45: 10.4 | C45: 100327 | D45: Rufo Em Chapa De Aço Galvanizado Nº26, Corte De 33 Cm, Incluso Transporte Vertical | E45: m | F45: 425.35 | G45: 114.6528 | H45: 48767.57 | I45: =H45/$H$406 -> 0.0034273701 | J45: =J44+I45 -> 0.82058586 | K45: =IF(J45<=80%,"A",IF(J45<=95%,"B","C")) -> B
A46: 41 | B46: 1.15 | C46: 96525 | D46: Escavação Mecanizada Para Viga Baldrame Ou Sapata Corrida Com Mini-Escavadeira (Incluindo Escavação Para Colocação De Fôrmas) | E46: m³ | F46: 527.22 | G46: 86.784064 | H46: 45754.294 | I46: =H46/$H$406 -> 0.003215598 | J46: =J45+I46 -> 0.82380146 | K46: =IF(J46<=80%,"A",IF(J46<=95%,"B","C")) -> B
... A50: 45 | B50: 12.2 | C50: 96486 | D50: Forro De Pvc, Liso, Para Ambientes Comerciais, Inclusive Estrutura De Fixação | E50: m² | F50: 337 | G50: 120.8832 | H50: 40737.638 | I50: =H50/$H$406 -> 0.002863029 | J50: =J49+I50 -> 0.83603076 | K50: =IF(J50<=80%,"A",IF(J50<=95%,"B","C")) -> B
A51: 46 | B51: 8.12 | C51: CP-SPDA-012 | D51: Barra chata em alumínio - com furos — 7/8" x 1/8" | E51: m | F51: 1336.57 | G51: 30.2208 | H51: 40392.215 | I51: =H51/$H$406 -> 0.0028387527 | J51: =J50+I51 -> 0.83886951 | K51: =IF(J51<=80%,"A",IF(J51<=95%,"B","C")) -> B
A52: 47 | B52: 4.15 | C52: 103946 | D52: Plantio De Grama Esmeralda Ou São Carlos Ou Curitibana, Em Placas. Af_07/2024 | E52: m² | F52: 1231.69 | G52: 32.691224 | H52: 40265.454 | I52: =H52/$H$406 -> 0.002829844 | J52: =J51+I52 -> 0.84169936 | K52: =IF(J52<=80%,"A",IF(J52<=95%,"B","C")) -> B
A53: 48 | B53: 3.1 | C53: 100765 | D53: Pilar metálico perfil laminado/soldado em aço estrutural, com conexões parafusadas, inclusos mão de obra, transporte e içamento utilizando guindaste - fornecimento e instalação | E53: Kg | F53: 10240.23 | G53: 3.827968 | H53: 39199.273 | I53: =H53/$H$406 -> 0.0027549131 | J53: =J52+I53 -> 0.84445427 | K53: =IF(J53<=80%,"A",IF(J53<=95%,"B","C")) -> B
A54: 49 | B54: 2.6 | C54: 96547 | D54: Armação De Bloco, Viga Baldrame Ou Sapata Utilizando Aço Ca-50 De 12,5 Mm - Montagem. Af_06/2017 | E54: Kg | F54: 2800.51 | G54: 13.901568 | H54: 38931.48 | I54: =H54/$H$406 -> 0.0027360927 | J54: =J53+I54 -> 0.84719036 | K54: =IF(J54<=80%,"A",IF(J54<=95%,"B","C")) -> B
A55: 50 | B55: 6.33 | C55: CP-EL-033 | D55: Vergalhão galvan. rosca total — 1/4"x(comp. p/ proj.) | E55: pç | F55: 1393 | G55: 27.7024 | H55: 38589.443 | I55: =H55/$H$406 -> 0.0027120544 | J55: =J54+I55 -> 0.84990242 | K55: =IF(J55<=80%,"A",IF(J55<=95%,"B","C")) -> B
A56: 51 | B56: 4.4 | C56: 97914 | D56: Transporte Em Caminhão Basculante 6m³, Em Rodovia Pavimentada (Distâncias Até 30 Km) | E56: m³xKm | F56: 8830 | G56: 4.356832 | H56: 38470.827 | I56: =H56/$H$406 -> 0.0027037181 | J56: =J55+I56 -> 0.85260614 | K56: =IF(J56<=80%,"A",IF(J56<=95%,"B","C")) -> B
A57: 52 | B57: 3.9 | C57: 103683 | D57: Concretagem De Vigas E Lajes, Fck=25 Mpa, Para Qualquer Tipo De Laje Com Baldes Em Edificação De Multipavimentos Até 04 Andares - Lançamento, Adensamento E Acabamento. Af_02/2022 | E57: m³ | F57: 37.9 | G57: 1014.9389 | H57: 38466.183 | I57: =H57/$H$406 -> 0.0027033918 | J57: =J56+I57 -> 0.85530953 | K57: =IF(J57<=80%,"A",IF(J57<=95%,"B","C")) -> B
A58: 53 | B58: 5.3 | C58: 90844 | D58: Kit De Porta De Madeira Para Pintura, Semi-Oca (Leve Ou Média), Padrão Médio, 90x210cm, Espessura De 3,5cm | E58: un | F58: 16 | G58: 2388.7921 | H58: 38220.673 | I58: =H58/$H$406 -> 0.0026861374 | J58: =J57+I58 -> 0.85799566 | K58: =IF(J58<=80%,"A",IF(J58<=95%,"B","C")) -> B
A59: 54 | B59: 6.47 | C59: CP-EL-047 | D59: Isol.PVC - 450/750V — 10 mm² - Azul claro | E59: m | F59: 3457.15 | G59: 10.57728 | H59: 36567.244 | I59: =H59/$H$406 -> 0.0025699349 | J59: =J58+I59 -> 0.8605656 | K59: =IF(J59<=80%,"A",IF(J59<=95%,"B","C")) -> B
A60: 55 | B60: 3.6 | C60: 92447 | D60: Montagem E Desmontagem De Fôrma De Viga, Escoramento Com Pontalete De Madeira, Pé-Direito Simples, Em Madeira Serrada, 2 Utilizações. Af_09/2020 | E60: m² | F60: 109 | G60: 327.32904 | H60: 35678.865 | I60: =H60/$H$406 -> 0.0025074999 | J60: =J59+I60 -> 0.8630731 | K60: =IF(J60<=80%,"A",IF(J60<=95%,"B","C")) -> B
A61: 56 | B61: 4.16 | C61: 104658 | D61: Piso podotátil de alerta ou direcional, de concreto, assentado sobre argamassa. | E61: m² | F61: 132 | G61: 262.3921 | H61: 34635.757 | I61: =H61/$H$406 -> 0.0024341905 | J61: =J60+I61 -> 0.86550729 | K61: =IF(J61<=80%,"A",IF(J61<=95%,"B","C")) -> B
A62: 57 | B62: 3.14 | C62: 92270 | D62: Fabricação De Fôrma Para Escadas, Em Madeira Serrada, Reaproveitamento De 2 Vezes. | E62: m² | F62: 125.5 | G62: 268.53699 | H62: 33701.392 | I62: =H62/$H$406 -> 0.0023685237 | J62: =J61+I62 -> 0.86787581 | K62: =IF(J62<=80%,"A",IF(J62<=95%,"B","C")) -> B
A63: 58 | B63: 2.9 | C63: 97092 | D63: Armação Para Execução De Radier, Piso De Concreto Ou Laje Sobre Solo, Com Uso De Tela Q-196. Af_09/2021. | E63: Kg | F63: 2143.36 | G63: 15.576304 | H63: 33385.627 | I63: =H63/$H$406 -> 0.0023463318 | J63: =J62+I63 -> 0.87022215 | K63: =IF(J63<=80%,"A",IF(J63<=95%,"B","C")) -> B
A64: 59 | B64: 6.170 | C64: 2436 | D64: Eletricista | E64: h | F64: 800 | G64: 40.635643 | H64: 32508.515 | I64: =H64/$H$406 -> 0.0022846886 | J64: =J63+I64 -> 0.87250683 | K64: =IF(J64<=80%,"A",IF(J64<=95%,"B","C")) -> B
A65: 60 | B65: 6.168 | C65: 97947 | D65: Caixa Com Grelha Simples Retangular, Em Alvenaria Com Tijolos Cerâmicos Maciços, Dimensões Internas : 0,5 X 1 X 1 | E65: un | F65: 10 | G65: 2939.6738 | H65: 29396.738 | I65: =H65/$H$406 -> 0.0020659939 | J65: =J64+I65 -> 0.87457283 | K65: =IF(J65<=80%,"A",IF(J65<=95%,"B","C")) -> B
A66: 61 | B66: 4.14 | C66: 3322 | D66: Grama Esmeralda Ou Sao Carlos Ou Curitibana, Em Placas, Sem Plantio | E66: m² | F66: 1231.69 | G66: 23.781377 | H66: 29291.284 | I66: =H66/$H$406 -> 0.0020585826 | J66: =J65+I66 -> 0.87663141 | K66: =IF(J66<=80%,"A",IF(J66<=95%,"B","C")) -> B
A67: 62 | B67: 6.63 | C67: CP-EL-063 | D67: Isol.PVC - 450/750V — 35 mm² - Azul claro | E67: m | F67: 1028.63 | G67: 26.94688 | H67: 27718.369 | I67: =H67/$H$406 -> 0.0019480386 | J67: =J66+I67 -> 0.87857945 | K67: =IF(J67<=80%,"A",IF(J67<=95%,"B","C")) -> B
A68: 63 | B68: 6.193 | C68: 101736 | D68: Piso de borracha pastilhado, espessura 3,5mm, fixado com adesivo acrílico (Placas 50x50cm, 3,5mm) para rampas externa e interna, escada e central técnica AV | E68: m² | F68: 168.5 | G68: 155.2751 | H68: 26163.854 | I68: =H68/$H$406 -> 0.0018387878 | J68: =J67+I68 -> 0.88041824 | K68: =IF(J68<=80%,"A",IF(J68<=95%,"B","C")) -> B
A69: 64 | B69: 1.7 | C69: 97914 | D69: Transporte Com Caminhão Basculante De 6 M³, Em Via Urbana Pavimentada, Dmt Até 30 Km | E69: m³ Km | F69: 6000 | G69: 4.356832 | H69: 26140.992 | I69: =H69/$H$406 -> 0.001837181 | J69: =J68+I69 -> 0.88225542 | K69: =IF(J69<=80%,"A",IF(J69<=95%,"B","C")) -> B
A70: 65 | B70: 3.25 | C70: 101951 | D70: Laje Pré-Moldada Unidirecional, Biapoiada, Para Piso, Com Enchimento Em Eps, Vigota Treliçada, Altura Total De 12 Cm (rampa externa) | E70: m² | F70: 95 | G70: 269.924 | H70: 25642.78 | I70: =H70/$H$406 -> 0.0018021669 | J70: =J69+I70 -> 0.88405759 | K70: =IF(J70<=80%,"A",IF(J70<=95%,"B","C")) -> B
A71: 66 | B71: 6.68 | C71: 91928 | D71: Isol.PVC - 450/750V — 4 mm² - Azul claro | E71: m | F71: 2248.06 | G71: 11.118736 | H71: 24995.586 | I71: =H71/$H$406 -> 0.0017566822 | J71: =J70+I71 -> 0.88581427 | K71: =IF(J71<=80%,"A",IF(J71<=95%,"B","C")) -> B
A72: 67 | B72: 3.24 | C72: 103674 | D72: Concretagem de vigas e lajes, fck=25 mpa, para lajes premoldadas com uso de bomba - lançamento, adensamento e acabamento (AF_02/2022_PS) rampa interna | E72: m³ | F72: 26 | G72: 931.80913 | H72: 24227.037 | I72: =H72/$H$406 -> 0.0017026689 | J72: =J71+I72 -> 0.88751694 | K72: =IF(J72<=80%,"A",IF(J72<=95%,"B","C")) -> B
A73: 68 | B73: 7.22 | C73: 102126 | D73: Bomba Submersível, Trifásica, 3,80cv Ou 3,75 Hp , Hm 5 A 25,5 M, Q 3,6 A 61,2 M³/H - Fornecimento E Instalação | E73: un | F73: 1 | G73: 23963.253 | H73: 23963.253 | I73: =H73/$H$406 -> 0.0016841302 | J73: =J72+I73 -> 0.88920107 | K73: =IF(J73<=80%,"A",IF(J73<=95%,"B","C")) -> B
A74: 69 | B74: 9.1 | C74: 86932 | D74: Vaso Sanitário Sifonado Com Caixa Acoplada Louça Branca, Inclusas Fixações | E74: un | F74: 31 | G74: 771.8896 | H74: 23928.578 | I74: =H74/$H$406 -> 0.0016816932 | J74: =J73+I74 -> 0.89088276 | K74: =IF(J74<=80%,"A",IF(J74<=95%,"B","C")) -> B
A75: 70 | B75: 1.14 | C75: 96622 | D75: Lastro Com Material Granular, Aplicado Em Pisos Ou Lajes Sobre Solo, Espessura De 5 Cm | E75: m³ | F75: 85.93 | G75: 274.69448 | H75: 23604.497 | I75: =H75/$H$406 -> 0.0016589169 | J75: =J74+I75 -> 0.89254168 | K75: =IF(J75<=80%,"A",IF(J75<=95%,"B","C")) -> B
A76: 71 | B76: 6.38 | C76: CP-EL-038 | D76: Isol. EPR - 0,6/1kV — 240 mm² - Azul claro | E76: m | F76: 145.65 | G76: 161.1776 | H76: 23475.517 | I76: =H76/$H$406 -> 0.0016498523 | J76: =J75+I76 -> 0.89419153 | K76: =IF(J76<=80%,"A",IF(J76<=95%,"B","C")) -> B
A77: 72 | B77: 6.39 | C77: CP-EL-039 | D77: Isol. EPR - 0,6/1kV — 240 mm² - Branco | E77: m | F77: 145.65 | G77: 161.1776 | H77: 23475.517 | I77: =H77/$H$406 -> 0.0016498523 | J77: =J76+I77 -> 0.89584138 | K77: =IF(J77<=80%,"A",IF(J77<=95%,"B","C")) -> B
A78: 73 | B78: 6.40 | C78: CP-EL-040 | D78: Isol. EPR - 0,6/1kV — 240 mm² - Preto | E78: m | F78: 145.65 | G78: 161.1776 | H78: 23475.517 | I78: =H78/$H$406 -> 0.0016498523 | J78: =J77+I78 -> 0.89749123 | K78: =IF(J78<=80%,"A",IF(J78<=95%,"B","C")) -> B
A79: 74 | B79: 6.41 | C79: CP-EL-041 | D79: Isol. EPR - 0,6/1kV — 240 mm² - Vermelho | E79: m | F79: 145.65 | G79: 161.1776 | H79: 23475.517 | I79: =H79/$H$406 -> 0.0016498523 | J79: =J78+I79 -> 0.89914109 | K79: =IF(J79<=80%,"A",IF(J79<=95%,"B","C")) -> B
A80: 75 | B80: 3.23 | C80: 101951 | D80: Laje Pré-Moldada Unidirecional, Biapoiada, Para Piso, Com Enchimento Em Eps, Vigota Treliçada, Altura Total De 12 Cm (rampa interna) | E80: m² | F80: 84.49 | G80: 269.924 | H80: 22805.879 | I80: =H80/$H$406 -> 0.0016027903 | J80: =J79+I80 -> 0.90074388 | K80: =IF(J80<=80%,"A",IF(J80<=95%,"B","C")) -> B
A81: 76 | B81: 3.26 | C81: 92268 | D81: Fabricação De Fôrma Para Lajes, Em Chapa De Madeira Compensada Plastificada, E = 18 Mm. Af_09/2020 (rampa interna e externa) | E81: m² | F81: 183.13 | G81: 124.51788 | H81: 22802.96 | I81: =H81/$H$406 -> 0.0016025851 | J81: =J80+I81 -> 0.90234646 | K81: =IF(J81<=80%,"A",IF(J81<=95%,"B","C")) -> B
A82: 77 | B82: 6.171 | C82: 247 | D82: Ajudante De Eletricista | E82: h | F82: 800 | G82: 28.44495 | H82: 22755.96 | I82: =H82/$H$406 -> 0.001599282 | J82: =J81+I82 -> 0.90394574 | K82: =IF(J82<=80%,"A",IF(J82<=95%,"B","C")) -> B
A83: 78 | B83: 7.18 | C83: 104085 | D83: Tubo Pvc Ocre Esgoto Ø 100mm,Junta Elástica, Coletor Predial De Esgoto | E83: m | F83: 230 | G83: 94.213596 | H83: 21669.127 | I83: =H83/$H$406 -> 0.0015228997 | J83: =J82+I83 -> 0.90546864 | K83: =IF(J83<=80%,"A",IF(J83<=95%,"B","C")) -> B
A84: 79 | B84: 5.18 | C84: 88485 | D84: Aplicação Manual De Fundo Selador Acrílico Em Paredes | E84: m² | F84: 4215 | G84: 5.074576 | H84: 21389.338 | I84: =H84/$H$406 -> 0.0015032362 | J84: =J83+I84 -> 0.90697188 | K84: =IF(J84<=80%,"A",IF(J84<=95%,"B","C")) -> B
A85: 80 | B85: 4.11 | C85: 4741 | D85: Pó De Pedra (Posto Pedreira/Fornecedor, Sem Frete) | E85: m³ | F85: 141 | G85: 149.75678 | H85: 21115.706 | I85: =H85/$H$406 -> 0.0014840055 | J85: =J84+I85 -> 0.90845588 | K85: =IF(J85<=80%,"A",IF(J85<=95%,"B","C")) -> B
A86: 81 | B86: 11.1 | C86: CP01 | D86: Conjunto De Construções E Instalações Provisórias Para Canteiro De Obras. Incluso Bebedouro, Local Para Conservação E Aquecimento De Refeições, Demais Mobiliários, Limpeza Permanente, Sinalização E Manutenção Do Canteiro, Para 10 Funcionários | E86: un | F86: 1 | G86: 20763.73 | H86: 20763.73 | I86: =H86/$H$406 -> 0.0014592687 | J86: =J85+I86 -> 0.90991515 | K86: =IF(J86<=80%,"A",IF(J86<=95%,"B","C")) -> B
A87: 82 | B87: 5.13 | C87: 101965 | D87: Peitoril Linear Em Granito Ou Mármore, L=15cm, Assentado Com Argamassa 1:6 Com Aditivo. | E87: m | F87: 80 | G87: 252.68656 | H87: 20214.925 | I87: =H87/$H$406 -> 0.0014206988 | J87: =J86+I87 -> 0.91133585 | K87: =IF(J87<=80%,"A",IF(J87<=95%,"B","C")) -> B
A88: 83 | B88: 3.5 | C88: 92409 | D88: Montagem E Desmontagem De Fôrma De Pilares Retangulares E Estruturas Similares, Pé-Direito Simples, Em Madeira Serrada, 1 Utilização. Af_09/2020 | E88: m² | F88: 35 | G88: 577.34358 | H88: 20207.025 | I88: =H88/$H$406 -> 0.0014201436 | J88: =J87+I88 -> 0.912756 | K88: =IF(J88<=80%,"A",IF(J88<=95%,"B","C")) -> B
A89: 84 | B89: 4.10 | C89: 370 | D89: Areia Media - Posto Jazida/Fornecedor (Retirado Na Jazida, Sem Transporte) | E89: m³ | F89: 112.8 | G89: 173.3698 | H89: 19556.114 | I89: =H89/$H$406 -> 0.0013743978 | J89: =J88+I89 -> 0.91413039 | K89: =IF(J89<=80%,"A",IF(J89<=95%,"B","C")) -> B
A90: 85 | B90: 4.3 | C90: 100973 | D90: Carga, Manobras E Descarga De Misturas De Solos E Agregados, Com Caminhão Basculante 6m³ | E90: m³ | F90: 1100 | G90: 17.3893 | H90: 19128.23 | I90: =H90/$H$406 -> 0.0013443263 | J90: =J89+I90 -> 0.91547472 | K90: =IF(J90<=80%,"A",IF(J90<=95%,"B","C")) -> B
A91: 86 | B91: 6.42 | C91: CP-EL-042 | D91: Isol. EPR - 0,6/1kV — 300 mm² - Azul claro | E91: m | F91: 95.03 | G91: 200.46464 | H91: 19050.155 | I91: =H91/$H$406 -> 0.0013388391 | J91: =J90+I91 -> 0.91681356 | K91: =IF(J91<=80%,"A",IF(J91<=95%,"B","C")) -> B
A92: 87 | B92: 6.43 | C92: CP-EL-043 | D92: Isol. EPR - 0,6/1kV — 300 mm² - Branco | E92: m | F92: 95.03 | G92: 200.46464 | H92: 19050.155 | I92: =H92/$H$406 -> 0.0013388391 | J92: =J91+I92 -> 0.9181524 | K92: =IF(J92<=80%,"A",IF(J92<=95%,"B","C")) -> B
A93: 88 | B93: 6.44 | C93: CP-EL-044 | D93: Isol. EPR - 0,6/1kV — 300 mm² - Preto | E93: m | F93: 95.03 | G93: 200.46464 | H93: 19050.155 | I93: =H93/$H$406 -> 0.0013388391 | J93: =J92+I93 -> 0.91949124 | K93: =IF(J93<=80%,"A",IF(J93<=95%,"B","C")) -> B
A94: 89 | B94: 6.45 | C94: CP-EL-045 | D94: Isol. EPR - 0,6/1kV — 300 mm² - Vermelho | E94: m | F94: 95.03 | G94: 200.46464 | H94: 19050.155 | I94: =H94/$H$406 -> 0.0013388391 | J94: =J93+I94 -> 0.92083008 | K94: =IF(J94<=80%,"A",IF(J94<=95%,"B","C")) -> B
A95: 90 | B95: 6.34 | C95: CP-EL-034 | D95: Isol. EPR - 0,6/1kV — 185 mm² - Azul claro | E95: m | F95: 145.65 | G95: 125.16448 | H95: 18230.207 | I95: =H95/$H$406 -> 0.0012812134 | J95: =J94+I95 -> 0.92211129 | K95: =IF(J95<=80%,"A",IF(J95<=95%,"B","C")) -> B
A96: 91 | B96: 6.35 | C96: CP-EL-035 | D96: Isol. EPR - 0,6/1kV — 185 mm² - Branco | E96: m | F96: 145.65 | G96: 125.16448 | H96: 18230.207 | I96: =H96/$H$406 -> 0.0012812134 | J96: =J95+I96 -> 0.9233925 | K96: =IF(J96<=80%,"A",IF(J96<=95%,"B","C")) -> B
A97: 92 | B97: 6.36 | C97: CP-EL-036 | D97: Isol. EPR - 0,6/1kV — 185 mm² - Preto | E97: m | F97: 145.65 | G97: 125.16448 | H97: 18230.207 | I97: =H97/$H$406 -> 0.0012812134 | J97: =J96+I97 -> 0.92467372 | K97: =IF(J97<=80%,"A",IF(J97<=95%,"B","C")) -> B
A98: 93 | B98: 6.37 | C98: CP-EL-037 | D98: Isol. EPR - 0,6/1kV — 185 mm² - Vermelho | E98: m | F98: 145.65 | G98: 125.16448 | H98: 18230.207 | I98: =H98/$H$406 -> 0.0012812134 | J98: =J97+I98 -> 0.92595493 | K98: =IF(J98<=80%,"A",IF(J98<=95%,"B","C")) -> B
A99: 94 | B99: 3.3 | C99: 92762 | D99: Armação De Pilar Ou Viga De Estrutura Convencional De Concreto Armado, Aço Ca-50, 10,0 Mm - Montagem | E99: Kg | F99: 1428.97 | G99: 12.705328 | H99: 18155.533 | I99: =H99/$H$406 -> 0.0012759654 | J99: =J98+I99 -> 0.9272309 | K99: =IF(J99<=80%,"A",IF(J99<=95%,"B","C")) -> B
A100: 95 | B100: 11.6 | C100: CP-EL-160 | D100: Braçadeira galvan. tipo cunha — 3/4" | E100: pç | F100: 455 | G100: 39.614432 | H100: 18024.567 | I100: =H100/$H$406 -> 0.0012667611 | J100: =J99+I100 -> 0.92849766 | K100: =IF(J100<=80%,"A",IF(J100<=95%,"B","C")) -> B
A101: 96 | B101: 6.176 | C101: 100066 | D101: Armação Do Sistema De Paredes De Concreto, Executada Como Armadura Positiva De Lajes, Tela Q-196 | E101: Kg | F101: 728.5 | G101: 24.577443 | H101: 17904.667 | I101: =H101/$H$406 -> 0.0012583346 | J101: =J100+I101 -> 0.92975599 | K101: =IF(J101<=80%,"A",IF(J101<=95%,"B","C")) -> B
A102: 97 | B102: 6.64 | C102: CP-EL-064 | D102: Isol.PVC - 450/750V — 35 mm² - Branco | E102: m | F102: 663.75 | G102: 26.94688 | H102: 17885.992 | I102: =H102/$H$406 -> 0.0012570221 | J102: =J101+I102 -> 0.93101301 | K102: =IF(J102<=80%,"A",IF(J102<=95%,"B","C")) -> B
A103: 98 | B103: 6.65 | C103: CP-EL-065 | D103: Isol.PVC - 450/750V — 35 mm² - Preto | E103: m | F103: 656.33 | G103: 26.94688 | H103: 17686.046 | I103: =H103/$H$406 -> 0.00124297 | J103: =J102+I103 -> 0.93225598 | K103: =IF(J103<=80%,"A",IF(J103<=95%,"B","C")) -> B
A104: 99 | B104: 3.11 | C104: 92452 | D104: Montagem E Desmontagem De Fôrma De Viga, Escoramento Metálico, Pé-Direito Simples, Em Chapa De Madeira Resinada, 2 Utilizações. Af_09/2020 | E104: un | F104: 75.46 | G104: 226.83128 | H104: 17116.688 | I104: =H104/$H$406 -> 0.0012029557 | J104: =J103+I104 -> 0.93345894 | K104: =IF(J104<=80%,"A",IF(J104<=95%,"B","C")) -> B
...

Sheet CRONOGRAMA 12 MESES
A2: CRONOGRAMA FÍSICO-FINANCEIRO — 12 MESES OBRA: REVITALIZAÇÃO CENTRO DE FEIRAS, CANELA RS
A3: Distribuição referencial por etapa. Os percentuais amarelos podem ser ajustados, mantendo 100% por etapa.
A5: ETAPA | B5: TOTAL COM BDI | C5: MÊS 1 | D5: MÊS 2 | E5: MÊS 3 | F5: MÊS 4 | G5: MÊS 5 | H5: MÊS 6 | I5: MÊS 7 | J5: MÊS 8 | K5: MÊS 9 | L5: MÊS 10 | M5: MÊS 11 | N5: MÊS 12 | O5: TOTAL FÍSICO | P5: VERIFICAÇÃO
A6: 1. SERVIÇOS PRELIMINARES | B6: =SUM('ORÇAMENTO POR ETAPAS'!K8:K24) -> 265931.02 | C6: 0.5 | D6: 0.3 | E6: 0.2 | F6: 0 | G6: 0 | H6: 0 | I6: 0 | J6: 0 | K6: 0 | L6: 0 | M6: 0 | N6: 0 | O6: =SUM(C6:N6) -> 1 | P6: =IF(ABS(O6-100%)<0.000001,"OK","REVISAR") -> OK
A7: 2. FUNDAÇÃO | B7: =SUM('ORÇAMENTO POR ETAPAS'!K28:K41) -> 961512.64 | C7: 0.1 | D7: 0.35 | E7: 0.35 | F7: 0.2 | G7: 0 | H7: 0 | I7: 0 | J7: 0 | K7: 0 | L7: 0 | M7: 0 | N7: 0 | O7: =SUM(C7:N7) -> 1 | P7: =IF(ABS(O7-100%)<0.000001,"OK","REVISAR") -> OK
A8: 3. ESTRUTURAS | B8: =SUM('ORÇAMENTO POR ETAPAS'!K45:K70) -> 675400.79 | C8: 0 | D8: 0 | E8: 0.1 | F8: 0.25 | G8: 0.3 | H8: 0.25 | I8: 0.1 | J8: 0 | K8: 0 | L8: 0 | M8: 0 | N8: 0 | O8: =SUM(C8:N8) -> 1 | P8: =IF(ABS(O8-100%)<0.000001,"OK","REVISAR") -> OK
A9: 4. PASSEIOS E CANTEIROS | B9: =SUM('ORÇAMENTO POR ETAPAS'!K74:K89) -> 654667.43 | C9: 0 | D9: 0 | E9: 0 | F9: 0 | G9: 0 | H9: 0 | I9: 0 | J9: 0.15 | K9: 0.35 | L9: 0.35 | M9: 0.15 | N9: 0 | O9: =SUM(C9:N9) -> 1 | P9: =IF(ABS(O9-100%)<0.000001,"OK","REVISAR") -> OK
A10: 5. VEDAÇÕES, PISOS E REVESTIMENTOS | B10: =SUM('ORÇAMENTO POR ETAPAS'!K93:K125) -> 2190876.7 | C10: 0 | D10: 0 | E10: 0 | F10: 0 | G10: 0.1 | H10: 0.15 | I10: 0.25 | J10: 0.25 | K10: 0.15 | L10: 0.1 | M10: 0 | N10: 0 | O10: =SUM(C10:N10) -> 1 | P10: =IF(ABS(O10-100%)<0.000001,"OK","REVISAR") -> OK
A11: 6. INSTALAÇÕES ELÉTRICA | B11: =SUM('ORÇAMENTO POR ETAPAS'!K129:K327) -> 4469978.4 | C11: 0 | D11: 0 | E11: 0 | F11: 0 | G11: 0 | H11: 0.1 | I11: 0.15 | J11: 0.2 | K11: 0.25 | L11: 0.2 | M11: 0.1 | N11: 0 | O11: =SUM(C11:N11) -> 1 | P11: =IF(ABS(O11-100%)<0.000001,"OK","REVISAR") -> OK
A12: 7. INSTALAÇÕES HIDRÁULICA E SANITÁRIAS | B12: =SUM('ORÇAMENTO POR ETAPAS'!K331:K354) -> 146566.69 | C12: 0 | D12: 0 | E12: 0 | F12: 0.1 | G12: 0.2 | H12: 0.25 | I12: 0.25 | J12: 0.15 | K12: 0.05 | L12: 0 | M12: 0 | N12: 0 | O12: =SUM(C12:N12) -> 1 | P12: =IF(ABS(O12-100%)<0.000001,"OK","REVISAR") -> OK
A13: 8. SPDA | B13: =SUM('ORÇAMENTO POR ETAPAS'!K358:K383) -> 112380.26 | C13: 0 | D13: 0 | E13: 0 | F13: 0 | G13: 0 | H13: 0 | I13: 0 | J13: 0.25 | K13: 0.5 | L13: 0.25 | M13: 0 | N13: 0 | O13: =SUM(C13:N13) -> 1 | P13: =IF(ABS(O13-100%)<0.000001,"OK","REVISAR") -> OK
A14: 9. LOUÇAS E METAIS | B14: =SUM('ORÇAMENTO POR ETAPAS'!K387:K402) -> 89787.86 | C14: 0 | D14: 0 | E14: 0 | F14: 0 | G14: 0 | H14: 0 | I14: 0 | J14: 0 | K14: 0.2 | L14: 0.5 | M14: 0.3 | N14: 0 | O14: =SUM(C14:N14) -> 1 | P14: =IF(ABS(O14-100%)<0.000001,"OK","REVISAR") -> OK
A15: 10. COBERTURA | B15: =SUM('ORÇAMENTO POR ETAPAS'!K406:K411) -> 2748356.2 | C15: 0 | D15: 0 | E15: 0.1 | F15: 0.3 | G15: 0.3 | H15: 0.2 | I15: 0.1 | J15: 0 | K15: 0 | L15: 0 | M15: 0 | N15: 0 | O15: =SUM(C15:N15) -> 1 | P15: =IF(ABS(O15-100%)<0.000001,"OK","REVISAR") -> OK
A16: 11. MOBILIÁRIOS | B16: =SUM('ORÇAMENTO POR ETAPAS'!K415:K423) -> 1360881 | C16: 0 | D16: 0 | E16: 0 | F16: 0 | G16: 0 | H16: 0 | I16: 0 | J16: 0 | K16: 0.15 | L16: 0.35 | M16: 0.35 | N16: 0.15 | O16: =SUM(C16:N16) -> 1 | P16: =IF(ABS(O16-100%)<0.000001,"OK","REVISAR") -> OK
A17: 12. FORROS | B17: =SUM('ORÇAMENTO POR ETAPAS'!K427:K430) -> 154982.34 | C17: 0 | D17: 0 | E17: 0 | F17: 0 | G17: 0 | H17: 0 | I17: 0.15 | J17: 0.3 | K17: 0.35 | L17: 0.2 | M17: 0 | N17: 0 | O17: =SUM(C17:N17) -> 1 | P17: =IF(ABS(O17-100%)<0.000001,"OK","REVISAR") -> OK
A18: 13. SERVIÇOS COMPLEMENTARES | B18: =SUM('ORÇAMENTO POR ETAPAS'!K434:K442) -> 19338.099 | C18: 0 | D18: 0 | E18: 0 | F18: 0 | G18: 0 | H18: 0 | I18: 0 | J18: 0 | K18: 0 | L18: 0 | M18: 0.4 | N18: 0.6 | O18: =SUM(C18:N18) -> 1 | P18: =IF(ABS(O18-100%)<0.000001,"OK","REVISAR") -> OK
A19: 14. ADMINISTRAÇÃO LOCAL | B19: =SUM('ORÇAMENTO POR ETAPAS'!K446:K446) -> 378200.68 | C19: 0.083333333 | D19: 0.083333333 | E19: 0.083333333 | F19: 0.083333333 | G19: 0.083333333 | H19: 0.083333333 | I19: 0.083333333 | J19: 0.083333333 | K19: 0.083333333 | L19: 0.083333333 | M19: 0.083333333 | N19: 0.083333333 | O19: =SUM(C19:N19) -> 1 | P19: =IF(ABS(O19-100%)<0.000001,"OK","REVISAR") -> OK
A20: TOTAL | B20: =SUM(B6:B19) -> 14228860 | C20: =SUMPRODUCT($B$6:$B$19,C$6:C$19)/$B$20 -> 0.018317244 | D20: =SUMPRODUCT($B$6:$B$19,D$6:D$19)/$B$20 -> 0.031473038 | E20: =SUMPRODUCT($B$6:$B$19,E$6:E$19)/$B$20 -> 0.053666144 | F20: =SUMPRODUCT($B$6:$B$19,F$6:F$19)/$B$20 -> 0.08657285 | G20: =SUMPRODUCT($B$6:$B$19,G$6:G$19)/$B$20 -> 0.091858717 | H20: =SUMPRODUCT($B$6:$B$19,H$6:H$19)/$B$20 -> 0.10979862 | I20: =SUMPRODUCT($B$6:$B$19,I$6:I$19)/$B$20 -> 0.11610188 | J20: =SUMPRODUCT($B$6:$B$19,J$6:J$19)/$B$20 -> 0.11722699 | ... N20: =SUMPRODUCT($B$6:$B$19,N$6:N$19)/$B$20 -> 0.017376777 | O20: =SUM(C20:N20) -> 1 | P20: =IF(ABS(O20-100%)<0.000001,"OK","REVISAR") -> OK
A23: ETAPA | B23: TOTAL COM BDI | C23: MÊS 1 | D23: MÊS 2 | E23: MÊS 3 | F23: MÊS 4 | G23: MÊS 5 | H23: MÊS 6 | I23: MÊS 7 | J23: MÊS 8 | K23: MÊS 9 | L23: MÊS 10 | M23: MÊS 11 | N23: MÊS 12 | O23: TOTAL DISTRIBUÍDO | P23: DIFERENÇA
A24: =A6 -> 1. SERVIÇOS PRELIMINARES | B24: =B6 -> 265931.02 | C24: =$B24*C$6 -> 132965.51 | D24: =$B24*D$6 -> 79779.305 | E24: =$B24*E$6 -> 53186.203 | F24: =$B24*F$6 -> 0 | G24: =$B24*G$6 -> 0 | H24: =$B24*H$6 -> 0 | I24: =$B24*I$6 -> 0 | J24: =$B24*J$6 -> 0 | ... N24: =$B24*N$6 -> 0 | O24: =SUM(C24:N24) -> 265931.02 | P24: =ROUND(O24-B24,2) -> 0
A25: =A7 -> 2. FUNDAÇÃO | B25: =B7 -> 961512.64 | C25: =$B25*C$7 -> 96151.264 | D25: =$B25*D$7 -> 336529.42 | E25: =$B25*E$7 -> 336529.42 | F25: =$B25*F$7 -> 192302.53 | G25: =$B25*G$7 -> 0 | H25: =$B25*H$7 -> 0 | I25: =$B25*I$7 -> 0 | J25: =$B25*J$7 -> 0 | ... N25: =$B25*N$7 -> 0 | O25: =SUM(C25:N25) -> 961512.64 | P25: =ROUND(O25-B25,2) -> 0
A26: =A8 -> 3. ESTRUTURAS | B26: =B8 -> 675400.79 | C26: =$B26*C$8 -> 0 | D26: =$B26*D$8 -> 0 | E26: =$B26*E$8 -> 67540.079 | F26: =$B26*F$8 -> 168850.2 | G26: =$B26*G$8 -> 202620.24 | H26: =$B26*H$8 -> 168850.2 | I26: =$B26*I$8 -> 67540.079 | J26: =$B26*J$8 -> 0 | ... N26: =$B26*N$8 -> 0 | O26: =SUM(C26:N26) -> 675400.79 | P26: =ROUND(O26-B26,2) -> 0
A27: =A9 -> 4. PASSEIOS E CANTEIROS | B27: =B9 -> 654667.43 | C27: =$B27*C$9 -> 0 | D27: =$B27*D$9 -> 0 | E27: =$B27*E$9 -> 0 | F27: =$B27*F$9 -> 0 | G27: =$B27*G$9 -> 0 | H27: =$B27*H$9 -> 0 | I27: =$B27*I$9 -> 0 | J27: =$B27*J$9 -> 98200.114 | ... N27: =$B27*N$9 -> 0 | O27: =SUM(C27:N27) -> 654667.43 | P27: =ROUND(O27-B27,2) -> 0
A28: =A10 -> 5. VEDAÇÕES, PISOS E REVESTIMENTOS | B28: =B10 -> 2190876.7 | C28: =$B28*C$10 -> 0 | D28: =$B28*D$10 -> 0 | E28: =$B28*E$10 -> 0 | F28: =$B28*F$10 -> 0 | G28: =$B28*G$10 -> 219087.67 | H28: =$B28*H$10 -> 328631.51 | I28: =$B28*I$10 -> 547719.18 | J28: =$B28*J$10 -> 547719.18 | ... N28: =$B28*N$10 -> 0 | O28: =SUM(C28:N28) -> 2190876.7 | P28: =ROUND(O28-B28,2) -> 0
A29: =A11 -> 6. INSTALAÇÕES ELÉTRICA | B29: =B11 -> 4469978.4 | C29: =$B29*C$11 -> 0 | D29: =$B29*D$11 -> 0 | E29: =$B29*E$11 -> 0 | F29: =$B29*F$11 -> 0 | G29: =$B29*G$11 -> 0 | H29: =$B29*H$11 -> 446997.84 | I29: =$B29*I$11 -> 670496.76 | J29: =$B29*J$11 -> 893995.68 | ... N29: =$B29*N$11 -> 0 | O29: =SUM(C29:N29) -> 4469978.4 | P29: =ROUND(O29-B29,2) -> 0
A30: =A12 -> 7. INSTALAÇÕES HIDRÁULICA E SANITÁRIAS | B30: =B12 -> 146566.69 | C30: =$B30*C$12 -> 0 | D30: =$B30*D$12 -> 0 | E30: =$B30*E$12 -> 0 | F30: =$B30*F$12 -> 14656.669 | G30: =$B30*G$12 -> 29313.338 | H30: =$B30*H$12 -> 36641.673 | I30: =$B30*I$12 -> 36641.673 | J30: =$B30*J$12 -> 21985.004 | ... N30: =$B30*N$12 -> 0 | O30: =SUM(C30:N30) -> 146566.69 | P30: =ROUND(O30-B30,2) -> 0
A31: =A13 -> 8. SPDA | B31: =B13 -> 112380.26 | C31: =$B31*C$13 -> 0 | D31: =$B31*D$13 -> 0 | E31: =$B31*E$13 -> 0 | F31: =$B31*F$13 -> 0 | G31: =$B31*G$13 -> 0 | H31: =$B31*H$13 -> 0 | I31: =$B31*I$13 -> 0 | J31: =$B31*J$13 -> 28095.066 | ... N31: =$B31*N$13 -> 0 | O31: =SUM(C31:N31) -> 112380.26 | P31: =ROUND(O31-B31,2) -> 0
A32: =A14 -> 9. LOUÇAS E METAIS | B32: =B14 -> 89787.86 | C32: =$B32*C$14 -> 0 | D32: =$B32*D$14 -> 0 | E32: =$B32*E$14 -> 0 | F32: =$B32*F$14 -> 0 | G32: =$B32*G$14 -> 0 | H32: =$B32*H$14 -> 0 | I32: =$B32*I$14 -> 0 | J32: =$B32*J$14 -> 0 | ... N32: =$B32*N$14 -> 0 | O32: =SUM(C32:N32) -> 89787.86 | P32: =ROUND(O32-B32,2) -> 0
A33: =A15 -> 10. COBERTURA | B33: =B15 -> 2748356.2 | C33: =$B33*C$15 -> 0 | D33: =$B33*D$15 -> 0 | E33: =$B33*E$15 -> 274835.62 | F33: =$B33*F$15 -> 824506.86 | G33: =$B33*G$15 -> 824506.86 | H33: =$B33*H$15 -> 549671.24 | I33: =$B33*I$15 -> 274835.62 | J33: =$B33*J$15 -> 0 | ... N33: =$B33*N$15 -> 0 | O33: =SUM(C33:N33) -> 2748356.2 | P33: =ROUND(O33-B33,2) -> 0
A34: =A16 -> 11. MOBILIÁRIOS | B34: =B16 -> 1360881 | C34: =$B34*C$16 -> 0 | D34: =$B34*D$16 -> 0 | E34: =$B34*E$16 -> 0 | F34: =$B34*F$16 -> 0 | G34: =$B34*G$16 -> 0 | H34: =$B34*H$16 -> 0 | I34: =$B34*I$16 -> 0 | J34: =$B34*J$16 -> 0 | ... N34: =$B34*N$16 -> 204132.15 | O34: =SUM(C34:N34) -> 1360881 | P34: =ROUND(O34-B34,2) -> 0
A35: =A17 -> 12. FORROS | B35: =B17 -> 154982.34 | C35: =$B35*C$17 -> 0 | D35: =$B35*D$17 -> 0 | E35: =$B35*E$17 -> 0 | F35: =$B35*F$17 -> 0 | G35: =$B35*G$17 -> 0 | H35: =$B35*H$17 -> 0 | I35: =$B35*I$17 -> 23247.35 | J35: =$B35*J$17 -> 46494.701 | ... N35: =$B35*N$17 -> 0 | O35: =SUM(C35:N35) -> 154982.34 | P35: =ROUND(O35-B35,2) -> 0
A36: =A18 -> 13. SERVIÇOS COMPLEMENTARES | B36: =B18 -> 19338.099 | C36: =$B36*C$18 -> 0 | D36: =$B36*D$18 -> 0 | E36: =$B36*E$18 -> 0 | F36: =$B36*F$18 -> 0 | G36: =$B36*G$18 -> 0 | H36: =$B36*H$18 -> 0 | I36: =$B36*I$18 -> 0 | J36: =$B36*J$18 -> 0 | ... N36: =$B36*N$18 -> 11602.859 | O36: =SUM(C36:N36) -> 19338.099 | P36: =ROUND(O36-B36,2) -> 0
A37: =A19 -> 14. ADMINISTRAÇÃO LOCAL | B37: =B19 -> 378200.68 | C37: =$B37*C$19 -> 31516.724 | D37: =$B37*D$19 -> 31516.724 | E37: =$B37*E$19 -> 31516.724 | F37: =$B37*F$19 -> 31516.724 | G37: =$B37*G$19 -> 31516.724 | H37: =$B37*H$19 -> 31516.724 | I37: =$B37*I$19 -> 31516.724 | J37: =$B37*J$19 -> 31516.724 | ... N37: =$B37*N$19 -> 31516.724 | O37: =SUM(C37:N37) -> 378200.68 | P37: =ROUND(O37-B37,2) -> 0
A38: TOTAL MENSAL | B38: =SUM(B24:B37) -> 14228860 | C38: =SUM(C24:C37) -> 260633.5 | D38: =SUM(D24:D37) -> 447825.45 | E38: =SUM(E24:E37) -> 763608.05 | F38: =SUM(F24:F37) -> 1231833 | G38: =SUM(G24:G37) -> 1307044.8 | H38: =SUM(H24:H37) -> 1562309.2 | I38: =SUM(I24:I37) -> 1651997.4 | ... N38: =SUM(N24:N37) -> 247251.73 | O38: =SUM(C38:N38) -> 14228860 | P38: =ROUND(O38-B38,2) -> 0
A39: ACUMULADO | C39: =C38 -> 260633.5 | D39: =C39+D38 -> 708458.95 | E39: =D39+E38 -> 1472067 | F39: =E39+F38 -> 2703900 | G39: =F39+G38 -> 4010944.8 | H39: =G39+H38 -> 5573254 | I39: =H39+I38 -> 7225251.4 | J39: =I39+J38 -> 8893257.8 | K39: =J39+K38 -> 10939886 | ... N39: =M39+N38 -> 14228860 | O39: =N39 -> 14228860 | P39: =ROUND(O39-B38,2) -> 0

Sheet RESUMO COMPOSIÇÕES PRÓPRIAS
A2: RESUMO DAS COMPOSIÇÕES PRÓPRIAS – OBRA: REVITALIZAÇÃO CENTRO DE FEIRAS, CANELA RS
A3: BDI aplicado | B3: 0.2592
A5: ITEM | B5: CÓDIGO | C5: DESCRIÇÃO | D5: UNID. | E5: QUANT. | F5: MATERIAL UNIT. | G5: M.O. UNIT. | H5: CUSTO DIRETO UNIT. | I5: CUSTO DETALHADO | J5: DIFERENÇA | K5: PREÇO UNIT. COM BDI | L5: TOTAL SEM BDI | M5: TOTAL COM BDI | N5: LINHA FONTE
A6: ='ORÇAMENTO POR ETAPAS'!A80 -> 4.7 | B6: ='ORÇAMENTO POR ETAPAS'!B80 -> CP02 | C6: ='ORÇAMENTO POR ETAPAS'!C80 -> Fornecimento E Assentamento De Passeio Em Pedra Basalto Recortada, 45x45cm, Superfície Lisa E Uniforme Em Tons De Cinza, C/ Rejunte E Argamassa De Assentamento | D6: ='ORÇAMENTO POR ETAPAS'!D80 -> m² | E6: ='ORÇAMENTO POR ETAPAS'!E80 -> 750 | F6: ='ORÇAMENTO POR ETAPAS'!F80 -> 155.6 | G6: ='ORÇAMENTO POR ETAPAS'!G80 -> 52 | H6: =F6+G6 -> 207.6 | I6: ='COMPOSIÇÕES PRÓPRIAS'!J11 -> 207.6 | J6: =I6-H6 -> 0 | K6: =H6*(1+$B$3) -> 261.40992 | L6: =E6*H6 -> 155700 | M6: =E6*K6 -> 196057.44 | N6: 80
A7: ='ORÇAMENTO POR ETAPAS'!A129 -> 6.1 | B7: ='ORÇAMENTO POR ETAPAS'!B129 -> CP-EL-001 | C7: ='ORÇAMENTO POR ETAPAS'!C129 -> Arruela zamak — 1/2" | D7: ='ORÇAMENTO POR ETAPAS'!D129 -> pç | E7: ='ORÇAMENTO POR ETAPAS'!E129 -> 1 | F7: ='ORÇAMENTO POR ETAPAS'!F129 -> 0.47 | G7: ='ORÇAMENTO POR ETAPAS'!G129 -> 0.08 | H7: =F7+G7 -> 0.55 | I7: ='COMPOSIÇÕES PRÓPRIAS'!J14 -> 0.55 | J7: =I7-H7 -> 0 | K7: =H7*(1+$B$3) -> 0.69256 | L7: =E7*H7 -> 0.55 | M7: =E7*K7 -> 0.69256 | N7: 129
A8: ='ORÇAMENTO POR ETAPAS'!A130 -> 6.2 | B8: ='ORÇAMENTO POR ETAPAS'!B130 -> CP-EL-002 | C8: ='ORÇAMENTO POR ETAPAS'!C130 -> Arruela zamak — 2" | D8: ='ORÇAMENTO POR ETAPAS'!D130 -> pç | E8: ='ORÇAMENTO POR ETAPAS'!E130 -> 5 | F8: ='ORÇAMENTO POR ETAPAS'!F130 -> 0.47 | G8: ='ORÇAMENTO POR ETAPAS'!G130 -> 0.08 | H8: =F8+G8 -> 0.55 | I8: ='COMPOSIÇÕES PRÓPRIAS'!J17 -> 0.55 | J8: =I8-H8 -> 0 | K8: =H8*(1+$B$3) -> 0.69256 | L8: =E8*H8 -> 2.75 | M8: =E8*K8 -> 3.4628 | N8: 130
A9: ='ORÇAMENTO POR ETAPAS'!A131 -> 6.3 | B9: ='ORÇAMENTO POR ETAPAS'!B131 -> CP-EL-003 | C9: ='ORÇAMENTO POR ETAPAS'!C131 -> Bucha zamak — 1/2" | D9: ='ORÇAMENTO POR ETAPAS'!D131 -> pç | E9: ='ORÇAMENTO POR ETAPAS'!E131 -> 1 | F9: ='ORÇAMENTO POR ETAPAS'!F131 -> 26.74 | G9: ='ORÇAMENTO POR ETAPAS'!G131 -> 4.72 | H9: =F9+G9 -> 31.46 | I9: ='COMPOSIÇÕES PRÓPRIAS'!J20 -> 31.46 | J9: =I9-H9 -> 0 | K9: =H9*(1+$B$3) -> 39.614432 | L9: =E9*H9 -> 31.46 | M9: =E9*K9 -> 39.614432 | N9: 131
A10: ='ORÇAMENTO POR ETAPAS'!A132 -> 6.4 | B10: ='ORÇAMENTO POR ETAPAS'!B132 -> CP-EL-004 | C10: ='ORÇAMENTO POR ETAPAS'!C132 -> Bucha zamak — 2" | D10: ='ORÇAMENTO POR ETAPAS'!D132 -> pç | E10: ='ORÇAMENTO POR ETAPAS'!E132 -> 5 | F10: ='ORÇAMENTO POR ETAPAS'!F132 -> 26.74 | G10: ='ORÇAMENTO POR ETAPAS'!G132 -> 4.72 | H10: =F10+G10 -> 31.46 | I10: ='COMPOSIÇÕES PRÓPRIAS'!J23 -> 31.46 | J10: =I10-H10 -> 0 | K10: =H10*(1+$B$3) -> 39.614432 | L10: =E10*H10 -> 157.3 | M10: =E10*K10 -> 198.07216 | N10: 132
A11: ='ORÇAMENTO POR ETAPAS'!A134 -> 6.6 | B11: ='ORÇAMENTO POR ETAPAS'!B134 -> CP-EL-006 | C11: ='ORÇAMENTO POR ETAPAS'!C134 -> Caixa PVC — 4x4" | D11: ='ORÇAMENTO POR ETAPAS'!D134 -> pç | E11: ='ORÇAMENTO POR ETAPAS'!E134 -> 5 | F11: ='ORÇAMENTO POR ETAPAS'!F134 -> 13.6 | G11: ='ORÇAMENTO POR ETAPAS'!G134 -> 2.4 | H11: =F11+G11 -> 16 | I11: ='COMPOSIÇÕES PRÓPRIAS'!J26 -> 16 | J11: =I11-H11 -> 0 | K11: =H11*(1+$B$3) -> 20.1472 | L11: =E11*H11 -> 80 | M11: =E11*K11 -> 100.736 | N11: 134
A12: ='ORÇAMENTO POR ETAPAS'!A135 -> 6.7 | B12: ='ORÇAMENTO POR ETAPAS'!B135 -> CP-EL-007 | C12: ='ORÇAMENTO POR ETAPAS'!C135 -> Caixa PVC octogonal — 3x3" | D12: ='ORÇAMENTO POR ETAPAS'!D135 -> pç | E12: ='ORÇAMENTO POR ETAPAS'!E135 -> 90 | F12: ='ORÇAMENTO POR ETAPAS'!F135 -> 13.6 | G12: ='ORÇAMENTO POR ETAPAS'!G135 -> 2.4 | H12: =F12+G12 -> 16 | I12: ='COMPOSIÇÕES PRÓPRIAS'!J29 -> 16 | J12: =I12-H12 -> 0 | K12: =H12*(1+$B$3) -> 20.1472 | L12: =E12*H12 -> 1440 | M12: =E12*K12 -> 1813.248 | N12: 135
A13: ='ORÇAMENTO POR ETAPAS'!A136 -> 6.8 | B13: ='ORÇAMENTO POR ETAPAS'!B136 -> CP-EL-008 | C13: ='ORÇAMENTO POR ETAPAS'!C136 -> Caixa alumínio 4"x2" — 3x4" | D13: ='ORÇAMENTO POR ETAPAS'!D136 -> pç | E13: ='ORÇAMENTO POR ETAPAS'!E136 -> 52 | F13: ='ORÇAMENTO POR ETAPAS'!F136 -> 28.9 | G13: ='ORÇAMENTO POR ETAPAS'!G136 -> 5.1 | H13: =F13+G13 -> 34 | I13: ='COMPOSIÇÕES PRÓPRIAS'!J32 -> 34 | J13: =I13-H13 -> 0 | K13: =H13*(1+$B$3) -> 42.8128 | L13: =E13*H13 -> 1768 | M13: =E13*K13 -> 2226.2656 | N13: 136
A14: ='ORÇAMENTO POR ETAPAS'!A137 -> 6.9 | B14: ='ORÇAMENTO POR ETAPAS'!B137 -> CP-EL-009 | C14: ='ORÇAMENTO POR ETAPAS'!C137 -> Condulete alum. encaixe tipo C — 1" sem tampa | D14: ='ORÇAMENTO POR ETAPAS'!D137 -> pç | E14: ='ORÇAMENTO POR ETAPAS'!E137 -> 80 | F14: ='ORÇAMENTO POR ETAPAS'!F137 -> 23.8 | G14: ='ORÇAMENTO POR ETAPAS'!G137 -> 4.2 | H14: =F14+G14 -> 28 | I14: ='COMPOSIÇÕES PRÓPRIAS'!J35 -> 28 | J14: =I14-H14 -> 0 | K14: =H14*(1+$B$3) -> 35.2576 | L14: =E14*H14 -> 2240 | M14: =E14*K14 -> 2820.608 | N14: 137
A15: ='ORÇAMENTO POR ETAPAS'!A138 -> 6.10 | B15: ='ORÇAMENTO POR ETAPAS'!B138 -> CP-EL-010 | C15: ='ORÇAMENTO POR ETAPAS'!C138 -> Condulete alum. encaixe tipo C — 1/2" sem tampa | D15: ='ORÇAMENTO POR ETAPAS'!D138 -> pç | E15: ='ORÇAMENTO POR ETAPAS'!E138 -> 6 | F15: ='ORÇAMENTO POR ETAPAS'!F138 -> 23.8 | G15: ='ORÇAMENTO POR ETAPAS'!G138 -> 4.2 | H15: =F15+G15 -> 28 | I15: ='COMPOSIÇÕES PRÓPRIAS'!J38 -> 28 | J15: =I15-H15 -> 0 | K15: =H15*(1+$B$3) -> 35.2576 | L15: =E15*H15 -> 168 | M15: =E15*K15 -> 211.5456 | N15: 138
A16: ='ORÇAMENTO POR ETAPAS'!A139 -> 6.11 | B16: ='ORÇAMENTO POR ETAPAS'!B139 -> CP-EL-011 | C16: ='ORÇAMENTO POR ETAPAS'!C139 -> Curva 180º PVC rosca — 2" | D16: ='ORÇAMENTO POR ETAPAS'!D139 -> pç | E16: ='ORÇAMENTO POR ETAPAS'!E139 -> 1 | F16: ='ORÇAMENTO POR ETAPAS'!F139 -> 12.75 | G16: ='ORÇAMENTO POR ETAPAS'!G139 -> 2.25 | H16: =F16+G16 -> 15 | I16: ='COMPOSIÇÕES PRÓPRIAS'!J41 -> 15 | J16: =I16-H16 -> 0 | K16: =H16*(1+$B$3) -> 18.888 | L16: =E16*H16 -> 15 | M16: =E16*K16 -> 18.888 | N16: 139
A17: ='ORÇAMENTO POR ETAPAS'!A140 -> 6.12 | B17: ='ORÇAMENTO POR ETAPAS'!B140 -> CP-EL-012 | C17: ='ORÇAMENTO POR ETAPAS'!C140 -> Curva 90º PVC longa rosca — 1/2" | D17: ='ORÇAMENTO POR ETAPAS'!D140 -> pç | E17: ='ORÇAMENTO POR ETAPAS'!E140 -> 1 | F17: ='ORÇAMENTO POR ETAPAS'!F140 -> 12.75 | G17: ='ORÇAMENTO POR ETAPAS'!G140 -> 2.25 | H17: =F17+G17 -> 15 | I17: ='COMPOSIÇÕES PRÓPRIAS'!J44 -> 15 | J17: =I17-H17 -> 0 | K17: =H17*(1+$B$3) -> 18.888 | L17: =E17*H17 -> 15 | M17: =E17*K17 -> 18.888 | N17: 140
A18: ='ORÇAMENTO POR ETAPAS'!A141 -> 6.13 | B18: ='ORÇAMENTO POR ETAPAS'!B141 -> CP-EL-013 | C18: ='ORÇAMENTO POR ETAPAS'!C141 -> Curva 90º PVC longa rosca — 2" | D18: ='ORÇAMENTO POR ETAPAS'!D141 -> pç | E18: ='ORÇAMENTO POR ETAPAS'!E141 -> 1 | F18: ='ORÇAMENTO POR ETAPAS'!F141 -> 12.75 | G18: ='ORÇAMENTO POR ETAPAS'!G141 -> 2.25 | H18: =F18+G18 -> 15 | I18: ='COMPOSIÇÕES PRÓPRIAS'!J47 -> 15 | J18: =I18-H18 -> 0 | K18: =H18*(1+$B$3) -> 18.888 | L18: =E18*H18 -> 15 | M18: =E18*K18 -> 18.888 | N18: 141
A19: ='ORÇAMENTO POR ETAPAS'!A142 -> 6.14 | B19: ='ORÇAMENTO POR ETAPAS'!B142 -> CP-EL-014 | C19: ='ORÇAMENTO POR ETAPAS'!C142 -> Luva PVC rosca — 1/2" | D19: ='ORÇAMENTO POR ETAPAS'!D142 -> pç | E19: ='ORÇAMENTO POR ETAPAS'!E142 -> 2 | F19: ='ORÇAMENTO POR ETAPAS'!F142 -> 4.08 | G19: ='ORÇAMENTO POR ETAPAS'!G142 -> 0.72 | H19: =F19+G19 -> 4.8 | I19: ='COMPOSIÇÕES PRÓPRIAS'!J50 -> 4.8 | J19: =I19-H19 -> 0 | K19: =H19*(1+$B$3) -> 6.04416 | L19: =E19*H19 -> 9.6 | M19: =E19*K19 -> 12.08832 | N19: 142
A20: ='ORÇAMENTO POR ETAPAS'!A143 -> 6.15 | B20: ='ORÇAMENTO POR ETAPAS'!B143 -> CP-EL-015 | C20: ='ORÇAMENTO POR ETAPAS'!C143 -> Luva aço galvan. leve — 1" | D20: ='ORÇAMENTO POR ETAPAS'!D143 -> pç | E20: ='ORÇAMENTO POR ETAPAS'!E143 -> 99 | F20: ='ORÇAMENTO POR ETAPAS'!F143 -> 11.47 | G20: ='ORÇAMENTO POR ETAPAS'!G143 -> 2.03 | H20: =F20+G20 -> 13.5 | I20: ='COMPOSIÇÕES PRÓPRIAS'!J53 -> 13.5 | J20: =I20-H20 -> 0 | K20: =H20*(1+$B$3) -> 16.9992 | L20: =E20*H20 -> 1336.5 | M20: =E20*K20 -> 1682.9208 | N20: 143
A21: ='ORÇAMENTO POR ETAPAS'!A144 -> 6.16 | B21: ='ORÇAMENTO POR ETAPAS'!B144 -> CP-EL-016 | C21: ='ORÇAMENTO POR ETAPAS'!C144 -> Luva aço galvan. leve — 1.1/4" | D21: ='ORÇAMENTO POR ETAPAS'!D144 -> pç | E21: ='ORÇAMENTO POR ETAPAS'!E144 -> 4 | F21: ='ORÇAMENTO POR ETAPAS'!F144 -> 11.47 | G21: ='ORÇAMENTO POR ETAPAS'!G144 -> 2.03 | H21: =F21+G21 -> 13.5 | I21: ='COMPOSIÇÕES PRÓPRIAS'!J56 -> 13.5 | J21: =I21-H21 -> 0 | K21: =H21*(1+$B$3) -> 16.9992 | L21: =E21*H21 -> 54 | M21: =E21*K21 -> 67.9968 | N21: 144
A22: ='ORÇAMENTO POR ETAPAS'!A145 -> 6.17 | B22: ='ORÇAMENTO POR ETAPAS'!B145 -> CP-EL-017 | C22: ='ORÇAMENTO POR ETAPAS'!C145 -> Arame aço galvanizado — 14BWG | D22: ='ORÇAMENTO POR ETAPAS'!D145 -> m | E22: ='ORÇAMENTO POR ETAPAS'!E145 -> 1 | F22: ='ORÇAMENTO POR ETAPAS'!F145 -> 2.38 | G22: ='ORÇAMENTO POR ETAPAS'!G145 -> 0.42 | H22: =F22+G22 -> 2.8 | I22: ='COMPOSIÇÕES PRÓPRIAS'!J59 -> 2.8 | J22: =I22-H22 -> 0 | K22: =H22*(1+$B$3) -> 3.52576 | L22: =E22*H22 -> 2.8 | M22: =E22*K22 -> 3.52576 | N22: 145
A23: ='ORÇAMENTO POR ETAPAS'!A146 -> 6.18 | B23: ='ORÇAMENTO POR ETAPAS'!B146 -> CP-EL-018 | C23: ='ORÇAMENTO POR ETAPAS'!C146 -> Arruela de pressão galvan. — 1/4" | D23: ='ORÇAMENTO POR ETAPAS'!D146 -> pç | E23: ='ORÇAMENTO POR ETAPAS'!E146 -> 36 | F23: ='ORÇAMENTO POR ETAPAS'!F146 -> 0.47 | G23: ='ORÇAMENTO POR ETAPAS'!G146 -> 0.08 | H23: =F23+G23 -> 0.55 | I23: ='COMPOSIÇÕES PRÓPRIAS'!J62 -> 0.55 | J23: =I23-H23 -> 0 | K23: =H23*(1+$B$3) -> 0.69256 | L23: =E23*H23 -> 19.8 | M23: =E23*K23 -> 24.93216 | N23: 146
A24: ='ORÇAMENTO POR ETAPAS'!A147 -> 6.19 | B24: ='ORÇAMENTO POR ETAPAS'!B147 -> CP-EL-019 | C24: ='ORÇAMENTO POR ETAPAS'!C147 -> Arruela lisa galvan. — 1/4" | D24: ='ORÇAMENTO POR ETAPAS'!D147 -> pç | E24: ='ORÇAMENTO POR ETAPAS'!E147 -> 11415 | F24: ='ORÇAMENTO POR ETAPAS'!F147 -> 0.47 | G24: ='ORÇAMENTO POR ETAPAS'!G147 -> 0.08 | H24: =F24+G24 -> 0.55 | I24: ='COMPOSIÇÕES PRÓPRIAS'!J65 -> 0.55 | J24: =I24-H24 -> 0 | K24: =H24*(1+$B$3) -> 0.69256 | L24: =E24*H24 -> 6278.25 | M24: =E24*K24 -> 7905.5724 | N24: 147
A25: ='ORÇAMENTO POR ETAPAS'!A148 -> 6.20 | B25: ='ORÇAMENTO POR ETAPAS'!B148 -> CP-EL-020 | C25: ='ORÇAMENTO POR ETAPAS'!C148 -> Arruela lisa galvan. — 3/8" | D25: ='ORÇAMENTO POR ETAPAS'!D148 -> pç | E25: ='ORÇAMENTO POR ETAPAS'!E148 -> 1393 | F25: ='ORÇAMENTO POR ETAPAS'!F148 -> 0.47 | G25: ='ORÇAMENTO POR ETAPAS'!G148 -> 0.08 | H25: =F25+G25 -> 0.55 | I25: ='COMPOSIÇÕES PRÓPRIAS'!J68 -> 0.55 | J25: =I25-H25 -> 0 | K25: =H25*(1+$B$3) -> 0.69256 | L25: =E25*H25 -> 766.15 | M25: =E25*K25 -> 964.73608 | N25: 148
A26: ='ORÇAMENTO POR ETAPAS'!A149 -> 6.21 | B26: ='ORÇAMENTO POR ETAPAS'!B149 -> CP-EL-021 | C26: ='ORÇAMENTO POR ETAPAS'!C149 -> Bucha de nylon — S4 | D26: ='ORÇAMENTO POR ETAPAS'!D149 -> pç | E26: ='ORÇAMENTO POR ETAPAS'!E149 -> 172 | F26: ='ORÇAMENTO POR ETAPAS'!F149 -> 0.38 | G26: ='ORÇAMENTO POR ETAPAS'!G149 -> 0.07 | H26: =F26+G26 -> 0.45 | I26: ='COMPOSIÇÕES PRÓPRIAS'!J71 -> 0.45 | J26: =I26-H26 -> 0 | K26: =H26*(1+$B$3) -> 0.56664 | L26: =E26*H26 -> 77.4 | M26: =E26*K26 -> 97.46208 | N26: 149
A27: ='ORÇAMENTO POR ETAPAS'!A150 -> 6.22 | B27: ='ORÇAMENTO POR ETAPAS'!B150 -> CP-EL-022 | C27: ='ORÇAMENTO POR ETAPAS'!C150 -> Bucha de nylon — S6 | D27: ='ORÇAMENTO POR ETAPAS'!D150 -> pç | E27: ='ORÇAMENTO POR ETAPAS'!E150 -> 1069 | F27: ='ORÇAMENTO POR ETAPAS'!F150 -> 0.38 | G27: ='ORÇAMENTO POR ETAPAS'!G150 -> 0.07 | H27: =F27+G27 -> 0.45 | I27: ='COMPOSIÇÕES PRÓPRIAS'!J74 -> 0.45 | J27: =I27-H27 -> 0 | K27: =H27*(1+$B$3) -> 0.56664 | L27: =E27*H27 -> 481.05 | M27: =E27*K27 -> 605.73816 | N27: 150
A28: ='ORÇAMENTO POR ETAPAS'!A151 -> 6.23 | B28: ='ORÇAMENTO POR ETAPAS'!B151 -> CP-EL-023 | C28: ='ORÇAMENTO POR ETAPAS'!C151 -> Fita isolante autofusão — 20m | D28: ='ORÇAMENTO POR ETAPAS'!D151 -> pç | E28: ='ORÇAMENTO POR ETAPAS'!E151 -> 1 | F28: ='ORÇAMENTO POR ETAPAS'!F151 -> 15.3 | G28: ='ORÇAMENTO POR ETAPAS'!G151 -> 2.7 | H28: =F28+G28 -> 18 | I28: ='COMPOSIÇÕES PRÓPRIAS'!J77 -> 18 | J28: =I28-H28 -> 0 | K28: =H28*(1+$B$3) -> 22.6656 | L28: =E28*H28 -> 18 | M28: =E28*K28 -> 22.6656 | N28: 151
A29: ='ORÇAMENTO POR ETAPAS'!A152 -> 6.24 | B29: ='ORÇAMENTO POR ETAPAS'!B152 -> CP-EL-024 | C29: ='ORÇAMENTO POR ETAPAS'!C152 -> Parafuso fenda galvan. cab. panela — 2,9x25mm autoatarrachante | D29: ='ORÇAMENTO POR ETAPAS'!D152 -> pç | E29: ='ORÇAMENTO POR ETAPAS'!E152 -> 172 | F29: ='ORÇAMENTO POR ETAPAS'!F152 -> 1.06 | G29: ='ORÇAMENTO POR ETAPAS'!G152 -> 0.19 | H29: =F29+G29 -> 1.25 | I29: ='COMPOSIÇÕES PRÓPRIAS'!J80 -> 1.25 | J29: =I29-H29 -> 0 | K29: =H29*(1+$B$3) -> 1.574 | L29: =E29*H29 -> 215 | M29: =E29*K29 -> 270.728 | N29: 152
A30: ='ORÇAMENTO POR ETAPAS'!A153 -> 6.25 | B30: ='ORÇAMENTO POR ETAPAS'!B153 -> CP-EL-025 | C30: ='ORÇAMENTO POR ETAPAS'!C153 -> Parafuso fenda galvan. cab. panela — 4,2x32mm autoatarrachante | D30: ='ORÇAMENTO POR ETAPAS'!D153 -> pç | E30: ='ORÇAMENTO POR ETAPAS'!E153 -> 1033 | F30: ='ORÇAMENTO POR ETAPAS'!F153 -> 1.06 | G30: ='ORÇAMENTO POR ETAPAS'!G153 -> 0.19 | H30: =F30+G30 -> 1.25 | I30: ='COMPOSIÇÕES PRÓPRIAS'!J83 -> 1.25 | J30: =I30-H30 -> 0 | K30: =H30*(1+$B$3) -> 1.574 | L30: =E30*H30 -> 1291.25 | M30: =E30*K30 -> 1625.942 | N30: 153
A31: ='ORÇAMENTO POR ETAPAS'!A154 -> 6.26 | B31: ='ORÇAMENTO POR ETAPAS'!B154 -> CP-EL-026 | C31: ='ORÇAMENTO POR ETAPAS'!C154 -> Parafuso fenda galvan. cab. panela — 4,8x45mm autoatarrachante | D31: ='ORÇAMENTO POR ETAPAS'!D154 -> pç | E31: ='ORÇAMENTO POR ETAPAS'!E154 -> 36 | F31: ='ORÇAMENTO POR ETAPAS'!F154 -> 1.06 | G31: ='ORÇAMENTO POR ETAPAS'!G154 -> 0.19 | H31: =F31+G31 -> 1.25 | I31: ='COMPOSIÇÕES PRÓPRIAS'!J86 -> 1.25 | J31: =I31-H31 -> 0 | K31: =H31*(1+$B$3) -> 1.574 | L31: =E31*H31 -> 45 | M31: =E31*K31 -> 56.664 | N31: 154
A32: ='ORÇAMENTO POR ETAPAS'!A155 -> 6.27 | B32: ='ORÇAMENTO POR ETAPAS'!B155 -> CP-EL-027 | C32: ='ORÇAMENTO POR ETAPAS'!C155 -> Parafuso galvan. cab. sext. — 3/8"x2.1/2" rosca soberba | D32: ='ORÇAMENTO POR ETAPAS'!D155 -> pç | E32: ='ORÇAMENTO POR ETAPAS'!E155 -> 18 | F32: ='ORÇAMENTO POR ETAPAS'!F155 -> 1.06 | G32: ='ORÇAMENTO POR ETAPAS'!G155 -> 0.19 | H32: =F32+G32 -> 1.25 | I32: ='COMPOSIÇÕES PRÓPRIAS'!J89 -> 1.25 | J32: =I32-H32 -> 0 | K32: =H32*(1+$B$3) -> 1.574 | L32: =E32*H32 -> 22.5 | M32: =E32*K32 -> 28.332 | N32: 155
A33: ='ORÇAMENTO POR ETAPAS'!A156 -> 6.28 | B33: ='ORÇAMENTO POR ETAPAS'!B156 -> CP-EL-028 | C33: ='ORÇAMENTO POR ETAPAS'!C156 -> Parafuso galvan. cab. sext. — 3/8"x2.1/2" rosca total WW | D33: ='ORÇAMENTO POR ETAPAS'!D156 -> pç | E33: ='ORÇAMENTO POR ETAPAS'!E156 -> 1375 | F33: ='ORÇAMENTO POR ETAPAS'!F156 -> 1.06 | G33: ='ORÇAMENTO POR ETAPAS'!G156 -> 0.19 | H33: =F33+G33 -> 1.25 | I33: ='COMPOSIÇÕES PRÓPRIAS'!J92 -> 1.25 | J33: =I33-H33 -> 0 | K33: =H33*(1+$B$3) -> 1.574 | L33: =E33*H33 -> 1718.75 | M33: =E33*K33 -> 2164.25 | N33: 156
A34: ='ORÇAMENTO POR ETAPAS'!A157 -> 6.29 | B34: ='ORÇAMENTO POR ETAPAS'!B157 -> CP-EL-029 | C34: ='ORÇAMENTO POR ETAPAS'!C157 -> Parafuso galvan. cabeça lentilha — 1/4"x5/8" máquina rosca total | D34: ='ORÇAMENTO POR ETAPAS'!D157 -> pç | E34: ='ORÇAMENTO POR ETAPAS'!E157 -> 6200 | F34: ='ORÇAMENTO POR ETAPAS'!F157 -> 1.06 | G34: ='ORÇAMENTO POR ETAPAS'!G157 -> 0.19 | H34: =F34+G34 -> 1.25 | I34: ='COMPOSIÇÕES PRÓPRIAS'!J95 -> 1.25 | J34: =I34-H34 -> 0 | K34: =H34*(1+$B$3) -> 1.574 | L34: =E34*H34 -> 7750 | M34: =E34*K34 -> 9758.8 | N34: 157
A35: ='ORÇAMENTO POR ETAPAS'!A158 -> 6.30 | B35: ='ORÇAMENTO POR ETAPAS'!B158 -> CP-EL-030 | C35: ='ORÇAMENTO POR ETAPAS'!C158 -> Porca sextavada galvan. — 1/4" | D35: ='ORÇAMENTO POR ETAPAS'!D158 -> pç | E35: ='ORÇAMENTO POR ETAPAS'!E158 -> 8263 | F35: ='ORÇAMENTO POR ETAPAS'!F158 -> 0.64 | G35: ='ORÇAMENTO POR ETAPAS'!G158 -> 0.11 | H35: =F35+G35 -> 0.75 | I35: ='COMPOSIÇÕES PRÓPRIAS'!J98 -> 0.75 | J35: =I35-H35 -> 0 | K35: =H35*(1+$B$3) -> 0.9444 | L35: =E35*H35 -> 6197.25 | M35: =E35*K35 -> 7803.5772 | N35: 158
A36: ='ORÇAMENTO POR ETAPAS'!A159 -> 6.31 | B36: ='ORÇAMENTO POR ETAPAS'!B159 -> CP-EL-031 | C36: ='ORÇAMENTO POR ETAPAS'!C159 -> Porca sextavada galvan. — 3/8" | D36: ='ORÇAMENTO POR ETAPAS'!D159 -> pç | E36: ='ORÇAMENTO POR ETAPAS'!E159 -> 1393 | F36: ='ORÇAMENTO POR ETAPAS'!F159 -> 0.64 | G36: ='ORÇAMENTO POR ETAPAS'!G159 -> 0.11 | H36: =F36+G36 -> 0.75 | I36: ='COMPOSIÇÕES PRÓPRIAS'!J101 -> 0.75 | J36: =I36-H36 -> 0 | K36: =H36*(1+$B$3) -> 0.9444 | L36: =E36*H36 -> 1044.75 | M36: =E36*K36 -> 1315.5492 | N36: 159
A37: ='ORÇAMENTO POR ETAPAS'!A160 -> 6.32 | B37: ='ORÇAMENTO POR ETAPAS'!B160 -> CP-EL-032 | C37: ='ORÇAMENTO POR ETAPAS'!C160 -> Suporte para cabo de aço — 38x90mm | D37: ='ORÇAMENTO POR ETAPAS'!D160 -> pç | E37: ='ORÇAMENTO POR ETAPAS'!E160 -> 1393 | F37: ='ORÇAMENTO POR ETAPAS'!F160 -> 42.5 | G37: ='ORÇAMENTO POR ETAPAS'!G160 -> 7.5 | H37: =F37+G37 -> 50 | I37: ='COMPOSIÇÕES PRÓPRIAS'!J104 -> 50 | J37: =I37-H37 -> 0 | K37: =H37*(1+$B$3) -> 62.96 | L37: =E37*H37 -> 69650 | M37: =E37*K37 -> 87703.28 | N37: 160
A38: ='ORÇAMENTO POR ETAPAS'!A161 -> 6.33 | B38: ='ORÇAMENTO POR ETAPAS'!B161 -> CP-EL-033 | C38: ='ORÇAMENTO POR ETAPAS'!C161 -> Vergalhão galvan. rosca total — 1/4"x(comp. p/ proj.) | D38: ='ORÇAMENTO POR ETAPAS'!D161 -> pç | E38: ='ORÇAMENTO POR ETAPAS'!E161 -> 1393 | F38: ='ORÇAMENTO POR ETAPAS'!F161 -> 18.7 | G38: ='ORÇAMENTO POR ETAPAS'!G161 -> 3.3 | H38: =F38+G38 -> 22 | I38: ='COMPOSIÇÕES PRÓPRIAS'!J107 -> 22 | J38: =I38-H38 -> 0 | K38: =H38*(1+$B$3) -> 27.7024 | L38: =E38*H38 -> 30646 | M38: =E38*K38 -> 38589.443 | N38: 161
A39: ='ORÇAMENTO POR ETAPAS'!A162 -> 6.34 | B39: ='ORÇAMENTO POR ETAPAS'!B162 -> CP-EL-034 | C39: ='ORÇAMENTO POR ETAPAS'!C162 -> Isol. EPR - 0,6/1kV — 185 mm² - Azul claro | D39: ='ORÇAMENTO POR ETAPAS'!D162 -> m | E39: ='ORÇAMENTO POR ETAPAS'!E162 -> 145.65 | F39: ='ORÇAMENTO POR ETAPAS'!F162 -> 84.49 | G39: ='ORÇAMENTO POR ETAPAS'!G162 -> 14.91 | H39: =F39+G39 -> 99.4 | I39: ='COMPOSIÇÕES PRÓPRIAS'!J110 -> 99.4 | J39: =I39-H39 -> 0 | K39: =H39*(1+$B$3) -> 125.16448 | L39: =E39*H39 -> 14477.61 | M39: =E39*K39 -> 18230.207 | N39: 162
A40: ='ORÇAMENTO POR ETAPAS'!A163 -> 6.35 | B40: ='ORÇAMENTO POR ETAPAS'!B163 -> CP-EL-035 | C40: ='ORÇAMENTO POR ETAPAS'!C163 -> Isol. EPR - 0,6/1kV — 185 mm² - Branco | D40: ='ORÇAMENTO POR ETAPAS'!D163 -> m | E40: ='ORÇAMENTO POR ETAPAS'!E163 -> 145.65 | F40: ='ORÇAMENTO POR ETAPAS'!F163 -> 84.49 | G40: ='ORÇAMENTO POR ETAPAS'!G163 -> 14.91 | H40: =F40+G40 -> 99.4 | I40: ='COMPOSIÇÕES PRÓPRIAS'!J113 -> 99.4 | J40: =I40-H40 -> 0 | K40: =H40*(1+$B$3) -> 125.16448 | L40: =E40*H40 -> 14477.61 | M40: =E40*K40 -> 18230.207 | N40: 163
A41: ='ORÇAMENTO POR ETAPAS'!A164 -> 6.36 | B41: ='ORÇAMENTO POR ETAPAS'!B164 -> CP-EL-036 | C41: ='ORÇAMENTO POR ETAPAS'!C164 -> Isol. EPR - 0,6/1kV — 185 mm² - Preto | D41: ='ORÇAMENTO POR ETAPAS'!D164 -> m | E41: ='ORÇAMENTO POR ETAPAS'!E164 -> 145.65 | F41: ='ORÇAMENTO POR ETAPAS'!F164 -> 84.49 | G41: ='ORÇAMENTO POR ETAPAS'!G164 -> 14.91 | H41: =F41+G41 -> 99.4 | I41: ='COMPOSIÇÕES PRÓPRIAS'!J116 -> 99.4 | J41: =I41-H41 -> 0 | K41: =H41*(1+$B$3) -> 125.16448 | L41: =E41*H41 -> 14477.61 | M41: =E41*K41 -> 18230.207 | N41: 164
A42: ='ORÇAMENTO POR ETAPAS'!A165 -> 6.37 | B42: ='ORÇAMENTO POR ETAPAS'!B165 -> CP-EL-037 | C42: ='ORÇAMENTO POR ETAPAS'!C165 -> Isol. EPR - 0,6/1kV — 185 mm² - Vermelho | D42: ='ORÇAMENTO POR ETAPAS'!D165 -> m | E42: ='ORÇAMENTO POR ETAPAS'!E165 -> 145.65 | F42: ='ORÇAMENTO POR ETAPAS'!F165 -> 84.49 | G42: ='ORÇAMENTO POR ETAPAS'!G165 -> 14.91 | H42: =F42+G42 -> 99.4 | I42: ='COMPOSIÇÕES PRÓPRIAS'!J119 -> 99.4 | J42: =I42-H42 -> 0 | K42: =H42*(1+$B$3) -> 125.16448 | L42: =E42*H42 -> 14477.61 | M42: =E42*K42 -> 18230.207 | N42: 165
A43: ='ORÇAMENTO POR ETAPAS'!A166 -> 6.38 | B43: ='ORÇAMENTO POR ETAPAS'!B166 -> CP-EL-038 | C43: ='ORÇAMENTO POR ETAPAS'!C166 -> Isol. EPR - 0,6/1kV — 240 mm² - Azul claro | D43: ='ORÇAMENTO POR ETAPAS'!D166 -> m | E43: ='ORÇAMENTO POR ETAPAS'!E166 -> 145.65 | F43: ='ORÇAMENTO POR ETAPAS'!F166 -> 108.8 | G43: ='ORÇAMENTO POR ETAPAS'!G166 -> 19.2 | H43: =F43+G43 -> 128 | I43: ='COMPOSIÇÕES PRÓPRIAS'!J122 -> 128 | J43: =I43-H43 -> 0 | K43: =H43*(1+$B$3) -> 161.1776 | L43: =E43*H43 -> 18643.2 | M43: =E43*K43 -> 23475.517 | N43: 166
A44: ='ORÇAMENTO POR ETAPAS'!A167 -> 6.39 | B44: ='ORÇAMENTO POR ETAPAS'!B167 -> CP-EL-039 | C44: ='ORÇAMENTO POR ETAPAS'!C167 -> Isol. EPR - 0,6/1kV — 240 mm² - Branco | D44: ='ORÇAMENTO POR ETAPAS'!D167 -> m | E44: ='ORÇAMENTO POR ETAPAS'!E167 -> 145.65 | F44: ='ORÇAMENTO POR ETAPAS'!F167 -> 108.8 | G44: ='ORÇAMENTO POR ETAPAS'!G167 -> 19.2 | H44: =F44+G44 -> 128 | I44: ='COMPOSIÇÕES PRÓPRIAS'!J125 -> 128 | J44: =I44-H44 -> 0 | K44: =H44*(1+$B$3) -> 161.1776 | L44: =E44*H44 -> 18643.2 | M44: =E44*K44 -> 23475.517 | N44: 167
A45: ='ORÇAMENTO POR ETAPAS'!A168 -> 6.40 | B45: ='ORÇAMENTO POR ETAPAS'!B168 -> CP-EL-040 | C45: ='ORÇAMENTO POR ETAPAS'!C168 -> Isol. EPR - 0,6/1kV — 240 mm² - Preto | D45: ='ORÇAMENTO POR ETAPAS'!D168 -> m | E45: ='ORÇAMENTO POR ETAPAS'!E168 -> 145.65 | F45: ='ORÇAMENTO POR ETAPAS'!F168 -> 108.8 | G45: ='ORÇAMENTO POR ETAPAS'!G168 -> 19.2 | H45: =F45+G45 -> 128 | I45: ='COMPOSIÇÕES PRÓPRIAS'!J128 -> 128 | J45: =I45-H45 -> 0 | K45: =H45*(1+$B$3) -> 161.1776 | L45: =E45*H45 -> 18643.2 | M45: =E45*K45 -> 23475.517 | N45: 168
A46: ='ORÇAMENTO POR ETAPAS'!A169 -> 6.41 | B46: ='ORÇAMENTO POR ETAPAS'!B169 -> CP-EL-041 | C46: ='ORÇAMENTO POR ETAPAS'!C169 -> Isol. EPR - 0,6/1kV — 240 mm² - Vermelho | D46: ='ORÇAMENTO POR ETAPAS'!D169 -> m | E46: ='ORÇAMENTO POR ETAPAS'!E169 -> 145.65 | F46: ='ORÇAMENTO POR ETAPAS'!F169 -> 108.8 | G46: ='ORÇAMENTO POR ETAPAS'!G169 -> 19.2 | H46: =F46+G46 -> 128 | I46: ='COMPOSIÇÕES PRÓPRIAS'!J131 -> 128 | J46: =I46-H46 -> 0 | K46: =H46*(1+$B$3) -> 161.1776 | L46: =E46*H46 -> 18643.2 | M46: =E46*K46 -> 23475.517 | N46: 169
A47: ='ORÇAMENTO POR ETAPAS'!A170 -> 6.42 | B47: ='ORÇAMENTO POR ETAPAS'!B170 -> CP-EL-042 | C47: ='ORÇAMENTO POR ETAPAS'!C170 -> Isol. EPR - 0,6/1kV — 300 mm² - Azul claro | D47: ='ORÇAMENTO POR ETAPAS'!D170 -> m | E47: ='ORÇAMENTO POR ETAPAS'!E170 -> 95.03 | F47: ='ORÇAMENTO POR ETAPAS'!F170 -> 135.32 | G47: ='ORÇAMENTO POR ETAPAS'!G170 -> 23.88 | H47: =F47+G47 -> 159.2 | I47: ='COMPOSIÇÕES PRÓPRIAS'!J134 -> 159.2 | J47: =I47-H47 -> 0 | K47: =H47*(1+$B$3) -> 200.46464 | L47: =E47*H47 -> 15128.776 | M47: =E47*K47 -> 19050.155 | N47: 170
A48: ='ORÇAMENTO POR ETAPAS'!A171 -> 6.43 | B48: ='ORÇAMENTO POR ETAPAS'!B171 -> CP-EL-043 | C48: ='ORÇAMENTO POR ETAPAS'!C171 -> Isol. EPR - 0,6/1kV — 300 mm² - Branco | D48: ='ORÇAMENTO POR ETAPAS'!D171 -> m | E48: ='ORÇAMENTO POR ETAPAS'!E171 -> 95.03 | F48: ='ORÇAMENTO POR ETAPAS'!F171 -> 135.32 | G48: ='ORÇAMENTO POR ETAPAS'!G171 -> 23.88 | H48: =F48+G48 -> 159.2 | I48: ='COMPOSIÇÕES PRÓPRIAS'!J137 -> 159.2 | J48: =I48-H48 -> 0 | K48: =H48*(1+$B$3) -> 200.46464 | L48: =E48*H48 -> 15128.776 | M48: =E48*K48 -> 19050.155 | N48: 171
A49: ='ORÇAMENTO POR ETAPAS'!A172 -> 6.44 | B49: ='ORÇAMENTO POR ETAPAS'!B172 -> CP-EL-044 | C49: ='ORÇAMENTO POR ETAPAS'!C172 -> Isol. EPR - 0,6/1kV — 300 mm² - Preto | D49: ='ORÇAMENTO POR ETAPAS'!D172 -> m | E49: ='ORÇAMENTO POR ETAPAS'!E172 -> 95.03 | F49: ='ORÇAMENTO POR ETAPAS'!F172 -> 135.32 | G49: ='ORÇAMENTO POR ETAPAS'!G172 -> 23.88 | H49: =F49+G49 -> 159.2 | I49: ='COMPOSIÇÕES PRÓPRIAS'!J140 -> 159.2 | J49: =I49-H49 -> 0 | K49: =H49*(1+$B$3) -> 200.46464 | L49: =E49*H49 -> 15128.776 | M49: =E49*K49 -> 19050.155 | N49: 172
A50: ='ORÇAMENTO POR ETAPAS'!A173 -> 6.45 | B50: ='ORÇAMENTO POR ETAPAS'!B173 -> CP-EL-045 | C50: ='ORÇAMENTO POR ETAPAS'!C173 -> Isol. EPR - 0,6/1kV — 300 mm² - Vermelho | D50: ='ORÇAMENTO POR ETAPAS'!D173 -> m | E50: ='ORÇAMENTO POR ETAPAS'!E173 -> 95.03 | F50: ='ORÇAMENTO POR ETAPAS'!F173 -> 135.32 | G50: ='ORÇAMENTO POR ETAPAS'!G173 -> 23.88 | H50: =F50+G50 -> 159.2 | I50: ='COMPOSIÇÕES PRÓPRIAS'!J143 -> 159.2 | J50: =I50-H50 -> 0 | K50: =H50*(1+$B$3) -> 200.46464 | L50: =E50*H50 -> 15128.776 | M50: =E50*K50 -> 19050.155 | N50: 173
A51: ='ORÇAMENTO POR ETAPAS'!A174 -> 6.46 | B51: ='ORÇAMENTO POR ETAPAS'!B174 -> CP-EL-046 | C51: ='ORÇAMENTO POR ETAPAS'!C174 -> Isol.PVC - 450/750V — 10 mm² - Amarelo | D51: ='ORÇAMENTO POR ETAPAS'!D174 -> m | E51: ='ORÇAMENTO POR ETAPAS'!E174 -> 979.05 | F51: ='ORÇAMENTO POR ETAPAS'!F174 -> 7.14 | G51: ='ORÇAMENTO POR ETAPAS'!G174 -> 1.26 | H51: =F51+G51 -> 8.4 | I51: ='COMPOSIÇÕES PRÓPRIAS'!J146 -> 8.4 | J51: =I51-H51 -> 0 | K51: =H51*(1+$B$3) -> 10.57728 | L51: =E51*H51 -> 8224.02 | M51: =E51*K51 -> 10355.686 | N51: 174
A52: ='ORÇAMENTO POR ETAPAS'!A175 -> 6.47 | B52: ='ORÇAMENTO POR ETAPAS'!B175 -> CP-EL-047 | C52: ='ORÇAMENTO POR ETAPAS'!C175 -> Isol.PVC - 450/750V — 10 mm² - Azul claro | D52: ='ORÇAMENTO POR ETAPAS'!D175 -> m | E52: ='ORÇAMENTO POR ETAPAS'!E175 -> 3457.15 | F52: ='ORÇAMENTO POR ETAPAS'!F175 -> 7.14 | G52: ='ORÇAMENTO POR ETAPAS'!G175 -> 1.26 | H52: =F52+G52 -> 8.4 | I52: ='COMPOSIÇÕES PRÓPRIAS'!J149 -> 8.4 | J52: =I52-H52 -> 0 | K52: =H52*(1+$B$3) -> 10.57728 | L52: =E52*H52 -> 29040.06 | M52: =E52*K52 -> 36567.244 | N52: 175
A53: ='ORÇAMENTO POR ETAPAS'!A176 -> 6.48 | B53: ='ORÇAMENTO POR ETAPAS'!B176 -> CP-EL-048 | C53: ='ORÇAMENTO POR ETAPAS'!C176 -> Isol.PVC - 450/750V — 10 mm² - Branco | D53: ='ORÇAMENTO POR ETAPAS'!D176 -> m | E53: ='ORÇAMENTO POR ETAPAS'!E176 -> 439.76 | F53: ='ORÇAMENTO POR ETAPAS'!F176 -> 7.14 | G53: ='ORÇAMENTO POR ETAPAS'!G176 -> 1.26 | H53: =F53+G53 -> 8.4 | I53: ='COMPOSIÇÕES PRÓPRIAS'!J152 -> 8.4 | J53: =I53-H53 -> 0 | K53: =H53*(1+$B$3) -> 10.57728 | L53: =E53*H53 -> 3693.984 | M53: =E53*K53 -> 4651.4647 | N53: 176
A54: ='ORÇAMENTO POR ETAPAS'!A177 -> 6.49 | B54: ='ORÇAMENTO POR ETAPAS'!B177 -> CP-EL-049 | C54: ='ORÇAMENTO POR ETAPAS'!C177 -> Isol.PVC - 450/750V — 10 mm² - Preto | D54: ='ORÇAMENTO POR ETAPAS'!D177 -> m | E54: ='ORÇAMENTO POR ETAPAS'!E177 -> 643.43 | F54: ='ORÇAMENTO POR ETAPAS'!F177 -> 7.14 | G54: ='ORÇAMENTO POR ETAPAS'!G177 -> 1.26 | H54: =F54+G54 -> 8.4 | I54: ='COMPOSIÇÕES PRÓPRIAS'!J155 -> 8.4 | J54: =I54-H54 -> 0 | K54: =H54*(1+$B$3) -> 10.57728 | L54: =E54*H54 -> 5404.812 | M54: =E54*K54 -> 6805.7393 | N54: 177
A55: ='ORÇAMENTO POR ETAPAS'!A178 -> 6.50 | B55: ='ORÇAMENTO POR ETAPAS'!B178 -> CP-EL-050 | C55: ='ORÇAMENTO POR ETAPAS'!C178 -> Isol.PVC - 450/750V — 10 mm² - Verde-amarelo | D55: ='ORÇAMENTO POR ETAPAS'!D178 -> m | E55: ='ORÇAMENTO POR ETAPAS'!E178 -> 1108.6 | F55: ='ORÇAMENTO POR ETAPAS'!F178 -> 7.14 | G55: ='ORÇAMENTO POR ETAPAS'!G178 -> 1.26 | H55: =F55+G55 -> 8.4 | I55: ='COMPOSIÇÕES PRÓPRIAS'!J158 -> 8.4 | J55: =I55-H55 -> 0 | K55: =H55*(1+$B$3) -> 10.57728 | L55: =E55*H55 -> 9312.24 | M55: =E55*K55 -> 11725.973 | N55: 178
A56: ='ORÇAMENTO POR ETAPAS'!A179 -> 6.51 | B56: ='ORÇAMENTO POR ETAPAS'!B179 -> CP-EL-051 | C56: ='ORÇAMENTO POR ETAPAS'!C179 -> Isol.PVC - 450/750V — 10 mm² - Vermelho | D56: ='ORÇAMENTO POR ETAPAS'!D179 -> m | E56: ='ORÇAMENTO POR ETAPAS'!E179 -> 1210.57 | F56: ='ORÇAMENTO POR ETAPAS'!F179 -> 7.14 | G56: ='ORÇAMENTO POR ETAPAS'!G179 -> 1.26 | H56: =F56+G56 -> 8.4 | I56: ='COMPOSIÇÕES PRÓPRIAS'!J161 -> 8.4 | J56: =I56-H56 -> 0 | K56: =H56*(1+$B$3) -> 10.57728 | L56: =E56*H56 -> 10168.788 | M56: =E56*K56 -> 12804.538 | N56: 179
A57: ='ORÇAMENTO POR ETAPAS'!A191 -> 6.63 | B57: ='ORÇAMENTO POR ETAPAS'!B191 -> CP-EL-063 | C57: ='ORÇAMENTO POR ETAPAS'!C191 -> Isol.PVC - 450/750V — 35 mm² - Azul claro | D57: ='ORÇAMENTO POR ETAPAS'!D191 -> m | E57: ='ORÇAMENTO POR ETAPAS'!E191 -> 1028.63 | F57: ='ORÇAMENTO POR ETAPAS'!F191 -> 18.19 | G57: ='ORÇAMENTO POR ETAPAS'!G191 -> 3.21 | H57: =F57+G57 -> 21.4 | I57: ='COMPOSIÇÕES PRÓPRIAS'!J164 -> 21.4 | J57: =I57-H57 -> 0 | K57: =H57*(1+$B$3) -> 26.94688 | L57: =E57*H57 -> 22012.682 | M57: =E57*K57 -> 27718.369 | N57: 191
A58: ='ORÇAMENTO POR ETAPAS'!A192 -> 6.64 | B58: ='ORÇAMENTO POR ETAPAS'!B192 -> CP-EL-064 | C58: ='ORÇAMENTO POR ETAPAS'!C192 -> Isol.PVC - 450/750V — 35 mm² - Branco | D58: ='ORÇAMENTO POR ETAPAS'!D192 -> m | E58: ='ORÇAMENTO POR ETAPAS'!E192 -> 663.75 | F58: ='ORÇAMENTO POR ETAPAS'!F192 -> 18.19 | G58: ='ORÇAMENTO POR ETAPAS'!G192 -> 3.21 | H58: =F58+G58 -> 21.4 | I58: ='COMPOSIÇÕES PRÓPRIAS'!J167 -> 21.4 | J58: =I58-H58 -> 0 | K58: =H58*(1+$B$3) -> 26.94688 | L58: =E58*H58 -> 14204.25 | M58: =E58*K58 -> 17885.992 | N58: 192
A59: ='ORÇAMENTO POR ETAPAS'!A193 -> 6.65 | B59: ='ORÇAMENTO POR ETAPAS'!B193 -> CP-EL-065 | C59: ='ORÇAMENTO POR ETAPAS'!C193 -> Isol.PVC - 450/750V — 35 mm² - Preto | D59: ='ORÇAMENTO POR ETAPAS'!D193 -> m | E59: ='ORÇAMENTO POR ETAPAS'!E193 -> 656.33 | F59: ='ORÇAMENTO POR ETAPAS'!F193 -> 18.19 | G59: ='ORÇAMENTO POR ETAPAS'!G193 -> 3.21 | H59: =F59+G59 -> 21.4 | I59: ='COMPOSIÇÕES PRÓPRIAS'!J170 -> 21.4 | J59: =I59-H59 -> 0 | K59: =H59*(1+$B$3) -> 26.94688 | L59: =E59*H59 -> 14045.462 | M59: =E59*K59 -> 17686.046 | N59: 193
A60: ='ORÇAMENTO POR ETAPAS'!A194 -> 6.66 | B60: ='ORÇAMENTO POR ETAPAS'!B194 -> CP-EL-066 | C60: ='ORÇAMENTO POR ETAPAS'!C194 -> Isol.PVC - 450/750V — 35 mm² - Vermelho | D60: ='ORÇAMENTO POR ETAPAS'!D194 -> m | E60: ='ORÇAMENTO POR ETAPAS'!E194 -> 606.65 | F60: ='ORÇAMENTO POR ETAPAS'!F194 -> 18.19 | G60: ='ORÇAMENTO POR ETAPAS'!G194 -> 3.21 | H60: =F60+G60 -> 21.4 | I60: ='COMPOSIÇÕES PRÓPRIAS'!J173 -> 21.4 | J60: =I60-H60 -> 0 | K60: =H60*(1+$B$3) -> 26.94688 | L60: =E60*H60 -> 12982.31 | M60: =E60*K60 -> 16347.325 | N60: 194
A61: ='ORÇAMENTO POR ETAPAS'!A201 -> 6.73 | B61: ='ORÇAMENTO POR ETAPAS'!B201 -> CP-EL-073 | C61: ='ORÇAMENTO POR ETAPAS'!C201 -> Isol.PVC - 450/750V — 50 mm² - Azul claro | D61: ='ORÇAMENTO POR ETAPAS'!D201 -> m | E61: ='ORÇAMENTO POR ETAPAS'!E201 -> 117.1 | F61: ='ORÇAMENTO POR ETAPAS'!F201 -> 24.82 | G61: ='ORÇAMENTO POR ETAPAS'!G201 -> 4.38 | H61: =F61+G61 -> 29.2 | I61: ='COMPOSIÇÕES PRÓPRIAS'!J176 -> 29.2 | J61: =I61-H61 -> 0 | K61: =H61*(1+$B$3) -> 36.76864 | L61: =E61*H61 -> 3419.32 | M61: =E61*K61 -> 4305.6077 | N61: 201
A62: ='ORÇAMENTO POR ETAPAS'!A202 -> 6.74 | B62: ='ORÇAMENTO POR ETAPAS'!B202 -> CP-EL-074 | C62: ='ORÇAMENTO POR ETAPAS'!C202 -> Isol.PVC - 450/750V — 50 mm² - Branco | D62: ='ORÇAMENTO POR ETAPAS'!D202 -> m | E62: ='ORÇAMENTO POR ETAPAS'!E202 -> 117.1 | F62: ='ORÇAMENTO POR ETAPAS'!F202 -> 24.82 | G62: ='ORÇAMENTO POR ETAPAS'!G202 -> 4.38 | H62: =F62+G62 -> 29.2 | I62: ='COMPOSIÇÕES PRÓPRIAS'!J179 -> 29.2 | J62: =I62-H62 -> 0 | K62: =H62*(1+$B$3) -> 36.76864 | L62: =E62*H62 -> 3419.32 | M62: =E62*K62 -> 4305.6077 | N62: 202
A63: ='ORÇAMENTO POR ETAPAS'!A203 -> 6.75 | B63: ='ORÇAMENTO POR ETAPAS'!B203 -> CP-EL-075 | C63: ='ORÇAMENTO POR ETAPAS'!C203 -> Isol.PVC - 450/750V — 50 mm² - Preto | D63: ='ORÇAMENTO POR ETAPAS'!D203 -> m | E63: ='ORÇAMENTO POR ETAPAS'!E203 -> 117.1 | F63: ='ORÇAMENTO POR ETAPAS'!F203 -> 24.82 | G63: ='ORÇAMENTO POR ETAPAS'!G203 -> 4.38 | H63: =F63+G63 -> 29.2 | I63: ='COMPOSIÇÕES PRÓPRIAS'!J182 -> 29.2 | J63: =I63-H63 -> 0 | K63: =H63*(1+$B$3) -> 36.76864 | L63: =E63*H63 -> 3419.32 | M63: =E63*K63 -> 4305.6077 | N63: 203
A64: ='ORÇAMENTO POR ETAPAS'!A204 -> 6.76 | B64: ='ORÇAMENTO POR ETAPAS'!B204 -> CP-EL-076 | C64: ='ORÇAMENTO POR ETAPAS'!C204 -> Isol.PVC - 450/750V — 50 mm² - Vermelho | D64: ='ORÇAMENTO POR ETAPAS'!D204 -> m | E64: ='ORÇAMENTO POR ETAPAS'!E204 -> 117.1 | F64: ='ORÇAMENTO POR ETAPAS'!F204 -> 24.82 | G64: ='ORÇAMENTO POR ETAPAS'!G204 -> 4.38 | H64: =F64+G64 -> 29.2 | I64: ='COMPOSIÇÕES PRÓPRIAS'!J185 -> 29.2 | J64: =I64-H64 -> 0 | K64: =H64*(1+$B$3) -> 36.76864 | L64: =E64*H64 -> 3419.32 | M64: =E64*K64 -> 4305.6077 | N64: 204
A65: ='ORÇAMENTO POR ETAPAS'!A219 -> 6.91 | B65: ='ORÇAMENTO POR ETAPAS'!B219 -> CP-EL-091 | C65: ='ORÇAMENTO POR ETAPAS'!C219 -> Aço pintada (ref Cemar) — 530x530x152 mm | D65: ='ORÇAMENTO POR ETAPAS'!D219 -> pç | E65: ='ORÇAMENTO POR ETAPAS'!E219 -> 2 | F65: ='ORÇAMENTO POR ETAPAS'!F219 -> 26.74 | G65: ='ORÇAMENTO POR ETAPAS'!G219 -> 4.72 | H65: =F65+G65 -> 31.46 | I65: ='COMPOSIÇÕES PRÓPRIAS'!J188 -> 31.46 | J65: =I65-H65 -> 0 | K65: =H65*(1+$B$3) -> 39.614432 | L65: =E65*H65 -> 62.92 | M65: =E65*K65 -> 79.228864 | N65: 219
A66: ='ORÇAMENTO POR ETAPAS'!A222 -> 6.94 | B66: ='ORÇAMENTO POR ETAPAS'!B222 -> CP-EL-094 | C66: ='ORÇAMENTO POR ETAPAS'!C222 -> Placa 2x4" — Placa c/ furo | D66: ='ORÇAMENTO POR ETAPAS'!D222 -> pç | E66: ='ORÇAMENTO POR ETAPAS'!E222 -> 65 | F66: ='ORÇAMENTO POR ETAPAS'!F222 -> 6.38 | G66: ='ORÇAMENTO POR ETAPAS'!G222 -> 1.12 | H66: =F66+G66 -> 7.5 | I66: ='COMPOSIÇÕES PRÓPRIAS'!J191 -> 7.5 | J66: =I66-H66 -> 0 | K66: =H66*(1+$B$3) -> 9.444 | L66: =E66*H66 -> 487.5 | M66: =E66*K66 -> 613.86 | N66: 222
A67: ='ORÇAMENTO POR ETAPAS'!A223 -> 6.95 | B67: ='ORÇAMENTO POR ETAPAS'!B223 -> CP-EL-095 | C67: ='ORÇAMENTO POR ETAPAS'!C223 -> Placa 2x4" — Placa p/ 1 função | D67: ='ORÇAMENTO POR ETAPAS'!D223 -> pç | E67: ='ORÇAMENTO POR ETAPAS'!E223 -> 60 | F67: ='ORÇAMENTO POR ETAPAS'!F223 -> 6.38 | G67: ='ORÇAMENTO POR ETAPAS'!G223 -> 1.12 | H67: =F67+G67 -> 7.5 | I67: ='COMPOSIÇÕES PRÓPRIAS'!J194 -> 7.5 | J67: =I67-H67 -> 0 | K67: =H67*(1+$B$3) -> 9.444 | L67: =E67*H67 -> 450 | M67: =E67*K67 -> 566.64 | N67: 223
A68: ='ORÇAMENTO POR ETAPAS'!A224 -> 6.96 | B68: ='ORÇAMENTO POR ETAPAS'!B224 -> CP-EL-096 | C68: ='ORÇAMENTO POR ETAPAS'!C224 -> Placa 2x4" — Placa p/ 2 funções | D68: ='ORÇAMENTO POR ETAPAS'!D224 -> pç | E68: ='ORÇAMENTO POR ETAPAS'!E224 -> 51 | F68: ='ORÇAMENTO POR ETAPAS'!F224 -> 6.38 | G68: ='ORÇAMENTO POR ETAPAS'!G224 -> 1.12 | H68: =F68+G68 -> 7.5 | I68: ='COMPOSIÇÕES PRÓPRIAS'!J197 -> 7.5 | J68: =I68-H68 -> 0 | K68: =H68*(1+$B$3) -> 9.444 | L68: =E68*H68 -> 382.5 | M68: =E68*K68 -> 481.644 | N68: 224
A69: ='ORÇAMENTO POR ETAPAS'!A225 -> 6.97 | B69: ='ORÇAMENTO POR ETAPAS'!B225 -> CP-EL-097 | C69: ='ORÇAMENTO POR ETAPAS'!C225 -> Placa 2x4" — Placa p/ 3 funções | D69: ='ORÇAMENTO POR ETAPAS'!D225 -> pç | E69: ='ORÇAMENTO POR ETAPAS'!E225 -> 2 | F69: ='ORÇAMENTO POR ETAPAS'!F225 -> 6.38 | G69: ='ORÇAMENTO POR ETAPAS'!G225 -> 1.12 | H69: =F69+G69 -> 7.5 | I69: ='COMPOSIÇÕES PRÓPRIAS'!J200 -> 7.5 | J69: =I69-H69 -> 0 | K69: =H69*(1+$B$3) -> 9.444 | L69: =E69*H69 -> 15 | M69: =E69*K69 -> 18.888 | N69: 225
A70: ='ORÇAMENTO POR ETAPAS'!A228 -> 6.100 | B70: ='ORÇAMENTO POR ETAPAS'!B228 -> CP-EL-100 | C70: ='ORÇAMENTO POR ETAPAS'!C228 -> Placa 4x4" — Interruptor 2 teclas simples | D70: ='ORÇAMENTO POR ETAPAS'!D228 -> pç | E70: ='ORÇAMENTO POR ETAPAS'!E228 -> 10 | F70: ='ORÇAMENTO POR ETAPAS'!F228 -> 12.75 | G70: ='ORÇAMENTO POR ETAPAS'!G228 -> 2.25 | H70: =F70+G70 -> 15 | I70: ='COMPOSIÇÕES PRÓPRIAS'!J203 -> 15 | J70: =I70-H70 -> 0 | K70: =H70*(1+$B$3) -> 18.888 | L70: =E70*H70 -> 150 | M70: =E70*K70 -> 188.88 | N70: 228
A71: ='ORÇAMENTO POR ETAPAS'!A229 -> 6.101 | B71: ='ORÇAMENTO POR ETAPAS'!B229 -> CP-EL-101 | C71: ='ORÇAMENTO POR ETAPAS'!C229 -> S/ placa — Interruptor 1 tecla simples e tomada hexagonal (NBR14136) | D71: ='ORÇAMENTO POR ETAPAS'!D229 -> pç | E71: ='ORÇAMENTO POR ETAPAS'!E229 -> 16 | F71: ='ORÇAMENTO POR ETAPAS'!F229 -> 23.8 | G71: ='ORÇAMENTO POR ETAPAS'!G229 -> 4.2 | H71: =F71+G71 -> 28 | I71: ='COMPOSIÇÕES PRÓPRIAS'!J206 -> 28 | J71: =I71-H71 -> 0 | K71: =H71*(1+$B$3) -> 35.2576 | L71: =E71*H71 -> 448 | M71: =E71*K71 -> 564.1216 | N71: 229
A72: ='ORÇAMENTO POR ETAPAS'!A230 -> 6.102 | B72: ='ORÇAMENTO POR ETAPAS'!B230 -> CP-EL-102 | C72: ='ORÇAMENTO POR ETAPAS'!C230 -> S/ placa — Interruptor 2 teclas - simples e paralela separadas | D72: ='ORÇAMENTO POR ETAPAS'!D230 -> pç | E72: ='ORÇAMENTO POR ETAPAS'!E230 -> 2 | F72: ='ORÇAMENTO POR ETAPAS'!F230 -> 23.8 | G72: ='ORÇAMENTO POR ETAPAS'!G230 -> 4.2 | H72: =F72+G72 -> 28 | I72: ='COMPOSIÇÕES PRÓPRIAS'!J209 -> 28 | J72: =I72-H72 -> 0 | K72: =H72*(1+$B$3) -> 35.2576 | L72: =E72*H72 -> 56 | M72: =E72*K72 -> 70.5152 | N72: 230
A73: ='ORÇAMENTO POR ETAPAS'!A237 -> 6.109 | B73: ='ORÇAMENTO POR ETAPAS'!B237 -> CP-EL-109 | C73: ='ORÇAMENTO POR ETAPAS'!C237 -> Interruptor autom. por presença — 220V - 1200W resistivo | D73: ='ORÇAMENTO POR ETAPAS'!D237 -> pç | E73: ='ORÇAMENTO POR ETAPAS'!E237 -> 15 | F73: ='ORÇAMENTO POR ETAPAS'!F237 -> 66.3 | G73: ='ORÇAMENTO POR ETAPAS'!G237 -> 11.7 | H73: =F73+G73 -> 78 | I73: ='COMPOSIÇÕES PRÓPRIAS'!J212 -> 78 | J73: =I73-H73 -> 0 | K73: =H73*(1+$B$3) -> 98.2176 | L73: =E73*H73 -> 1170 | M73: =E73*K73 -> 1473.264 | N73: 237
A74: ='ORÇAMENTO POR ETAPAS'!A238 -> 6.110 | B74: ='ORÇAMENTO POR ETAPAS'!B238 -> CP-EL-110 | C74: ='ORÇAMENTO POR ETAPAS'!C238 -> Disjuntor Tripolar Termomagnético - norma DIN (Curva C) — 25 A - 3 kA | D74: ='ORÇAMENTO POR ETAPAS'!D238 -> pç | E74: ='ORÇAMENTO POR ETAPAS'!E238 -> 1 | F74: ='ORÇAMENTO POR ETAPAS'!F238 -> 123.25 | G74: ='ORÇAMENTO POR ETAPAS'!G238 -> 21.75 | H74: =F74+G74 -> 145 | I74: ='COMPOSIÇÕES PRÓPRIAS'!J215 -> 145 | J74: =I74-H74 -> 0 | K74: =H74*(1+$B$3) -> 182.584 | L74: =E74*H74 -> 145 | M74: =E74*K74 -> 182.584 | N74: 238
A75: ='ORÇAMENTO POR ETAPAS'!A239 -> 6.111 | B75: ='ORÇAMENTO POR ETAPAS'!B239 -> CP-EL-111 | C75: ='ORÇAMENTO POR ETAPAS'!C239 -> Disjuntor Tripolar Termomagnético - norma DIN (Curva C) — 40 A - 10 kA | D75: ='ORÇAMENTO POR ETAPAS'!D239 -> pç | E75: ='ORÇAMENTO POR ETAPAS'!E239 -> 2 | F75: ='ORÇAMENTO POR ETAPAS'!F239 -> 123.25 | G75: ='ORÇAMENTO POR ETAPAS'!G239 -> 21.75 | H75: =F75+G75 -> 145 | I75: ='COMPOSIÇÕES PRÓPRIAS'!J218 -> 145 | J75: =I75-H75 -> 0 | K75: =H75*(1+$B$3) -> 182.584 | L75: =E75*H75 -> 290 | M75: =E75*K75 -> 365.168 | N75: 239
A76: ='ORÇAMENTO POR ETAPAS'!A240 -> 6.112 | B76: ='ORÇAMENTO POR ETAPAS'!B240 -> CP-EL-112 | C76: ='ORÇAMENTO POR ETAPAS'!C240 -> Disjuntor Tripolar Termomagnético - norma DIN (Curva C) — 40 A - 3 kA | D76: ='ORÇAMENTO POR ETAPAS'!D240 -> pç | E76: ='ORÇAMENTO POR ETAPAS'!E240 -> 10 | F76: ='ORÇAMENTO POR ETAPAS'!F240 -> 123.25 | G76: ='ORÇAMENTO POR ETAPAS'!G240 -> 21.75 | H76: =F76+G76 -> 145 | I76: ='COMPOSIÇÕES PRÓPRIAS'!J221 -> 145 | J76: =I76-H76 -> 0 | K76: =H76*(1+$B$3) -> 182.584 | L76: =E76*H76 -> 1450 | M76: =E76*K76 -> 1825.84 | N76: 240
A77: ='ORÇAMENTO POR ETAPAS'!A241 -> 6.113 | B77: ='ORÇAMENTO POR ETAPAS'!B241 -> CP-EL-113 | C77: ='ORÇAMENTO POR ETAPAS'!C241 -> Disjuntor Tripolar Termomagnético - norma DIN (Curva C) — 40 A - 4,5 kA | D77: ='ORÇAMENTO POR ETAPAS'!D241 -> pç | E77: ='ORÇAMENTO POR ETAPAS'!E241 -> 6 | F77: ='ORÇAMENTO POR ETAPAS'!F241 -> 123.25 | G77: ='ORÇAMENTO POR ETAPAS'!G241 -> 21.75 | H77: =F77+G77 -> 145 | I77: ='COMPOSIÇÕES PRÓPRIAS'!J224 -> 145 | J77: =I77-H77 -> 0 | K77: =H77*(1+$B$3) -> 182.584 | L77: =E77*H77 -> 870 | M77: =E77*K77 -> 1095.504 | N77: 241
A78: ='ORÇAMENTO POR ETAPAS'!A242 -> 6.114 | B78: ='ORÇAMENTO POR ETAPAS'!B242 -> CP-EL-114 | C78: ='ORÇAMENTO POR ETAPAS'!C242 -> Disjuntor Tripolar Termomagnético - norma DIN (Curva C) — 40 A - 6 kA | D78: ='ORÇAMENTO POR ETAPAS'!D242 -> pç | E78: ='ORÇAMENTO POR ETAPAS'!E242 -> 2 | F78: ='ORÇAMENTO POR ETAPAS'!F242 -> 123.25 | G78: ='ORÇAMENTO POR ETAPAS'!G242 -> 21.75 | H78: =F78+G78 -> 145 | I78: ='COMPOSIÇÕES PRÓPRIAS'!J227 -> 145 | J78: =I78-H78 -> 0 | K78: =H78*(1+$B$3) -> 182.584 | L78: =E78*H78 -> 290 | M78: =E78*K78 -> 365.168 | N78: 242
A79: ='ORÇAMENTO POR ETAPAS'!A243 -> 6.115 | B79: ='ORÇAMENTO POR ETAPAS'!B243 -> CP-EL-115 | C79: ='ORÇAMENTO POR ETAPAS'!C243 -> Disjuntor Unipolar Termomagnético - norma DIN (Curva C) — 10 A - 3 kA | D79: ='ORÇAMENTO POR ETAPAS'!D243 -> pç | E79: ='ORÇAMENTO POR ETAPAS'!E243 -> 21 | F79: ='ORÇAMENTO POR ETAPAS'!F243 -> 27.2 | G79: ='ORÇAMENTO POR ETAPAS'!G243 -> 4.8 | H79: =F79+G79 -> 32 | I79: ='COMPOSIÇÕES PRÓPRIAS'!J230 -> 32 | J79: =I79-H79 -> 0 | K79: =H79*(1+$B$3) -> 40.2944 | L79: =E79*H79 -> 672 | M79: =E79*K79 -> 846.1824 | N79: 243
A80: ='ORÇAMENTO POR ETAPAS'!A244 -> 6.116 | B80: ='ORÇAMENTO POR ETAPAS'!B244 -> CP-EL-116 | C80: ='ORÇAMENTO POR ETAPAS'!C244 -> Disjuntor Unipolar Termomagnético - norma DIN (Curva C) — 16 A - 3 kA | D80: ='ORÇAMENTO POR ETAPAS'!D244 -> pç | E80: ='ORÇAMENTO POR ETAPAS'!E244 -> 42 | F80: ='ORÇAMENTO POR ETAPAS'!F244 -> 27.2 | G80: ='ORÇAMENTO POR ETAPAS'!G244 -> 4.8 | H80: =F80+G80 -> 32 | I80: ='COMPOSIÇÕES PRÓPRIAS'!J233 -> 32 | J80: =I80-H80 -> 0 | K80: =H80*(1+$B$3) -> 40.2944 | L80: =E80*H80 -> 1344 | M80: =E80*K80 -> 1692.3648 | N80: 244
A81: ='ORÇAMENTO POR ETAPAS'!A245 -> 6.117 | B81: ='ORÇAMENTO POR ETAPAS'!B245 -> CP-EL-117 | C81: ='ORÇAMENTO POR ETAPAS'!C245 -> Disjuntor Unipolar Termomagnético - norma DIN (Curva C) — 20 A - 3 kA | D81: ='ORÇAMENTO POR ETAPAS'!D245 -> pç | E81: ='ORÇAMENTO POR ETAPAS'!E245 -> 8 | F81: ='ORÇAMENTO POR ETAPAS'!F245 -> 27.2 | G81: ='ORÇAMENTO POR ETAPAS'!G245 -> 4.8 | H81: =F81+G81 -> 32 | I81: ='COMPOSIÇÕES PRÓPRIAS'!J236 -> 32 | J81: =I81-H81 -> 0 | K81: =H81*(1+$B$3) -> 40.2944 | L81: =E81*H81 -> 256 | M81: =E81*K81 -> 322.3552 | N81: 245
A82: ='ORÇAMENTO POR ETAPAS'!A246 -> 6.118 | B82: ='ORÇAMENTO POR ETAPAS'!B246 -> CP-EL-118 | C82: ='ORÇAMENTO POR ETAPAS'!C246 -> Disjuntor Unipolar Termomagnético - norma DIN (Curva C) — 25 A - 3 kA | D82: ='ORÇAMENTO POR ETAPAS'!D246 -> pç | E82: ='ORÇAMENTO POR ETAPAS'!E246 -> 10 | F82: ='ORÇAMENTO POR ETAPAS'!F246 -> 27.2 | G82: ='ORÇAMENTO POR ETAPAS'!G246 -> 4.8 | H82: =F82+G82 -> 32 | I82: ='COMPOSIÇÕES PRÓPRIAS'!J239 -> 32 | J82: =I82-H82 -> 0 | K82: =H82*(1+$B$3) -> 40.2944 | L82: =E82*H82 -> 320 | M82: =E82*K82 -> 402.944 | N82: 246
A83: ='ORÇAMENTO POR ETAPAS'!A247 -> 6.119 | B83: ='ORÇAMENTO POR ETAPAS'!B247 -> CP-EL-119 | C83: ='ORÇAMENTO POR ETAPAS'!C247 -> Disjuntor Unipolar Termomagnético - norma DIN (Curva C) — 32 A - 3 kA | D83: ='ORÇAMENTO POR ETAPAS'!D247 -> pç | E83: ='ORÇAMENTO POR ETAPAS'!E247 -> 1 | F83: ='ORÇAMENTO POR ETAPAS'!F247 -> 27.2 | G83: ='ORÇAMENTO POR ETAPAS'!G247 -> 4.8 | H83: =F83+G83 -> 32 | I83: ='COMPOSIÇÕES PRÓPRIAS'!J242 -> 32 | J83: =I83-H83 -> 0 | K83: =H83*(1+$B$3) -> 40.2944 | L83: =E83*H83 -> 32 | M83: =E83*K83 -> 40.2944 | N83: 247
A84: ='ORÇAMENTO POR ETAPAS'!A248 -> 6.120 | B84: ='ORÇAMENTO POR ETAPAS'!B248 -> CP-EL-120 | C84: ='ORÇAMENTO POR ETAPAS'!C248 -> Disjuntor Unipolar Termomagnético - norma DIN (Curva C) — 40 A - 3 kA | D84: ='ORÇAMENTO POR ETAPAS'!D248 -> pç | E84: ='ORÇAMENTO POR ETAPAS'!E248 -> 11 | F84: ='ORÇAMENTO POR ETAPAS'!F248 -> 27.2 | G84: ='ORÇAMENTO POR ETAPAS'!G248 -> 4.8 | H84: =F84+G84 -> 32 | I84: ='COMPOSIÇÕES PRÓPRIAS'!J245 -> 32 | J84: =I84-H84 -> 0 | K84: =H84*(1+$B$3) -> 40.2944 | L84: =E84*H84 -> 352 | M84: =E84*K84 -> 443.2384 | N84: 248
A85: ='ORÇAMENTO POR ETAPAS'!A249 -> 6.121 | B85: ='ORÇAMENTO POR ETAPAS'!B249 -> CP-EL-121 | C85: ='ORÇAMENTO POR ETAPAS'!C249 -> Disjuntor Unipolar Termomagnético - norma DIN (Curva C) — 40 A - 4,5 kA | D85: ='ORÇAMENTO POR ETAPAS'!D249 -> pç | E85: ='ORÇAMENTO POR ETAPAS'!E249 -> 4 | F85: ='ORÇAMENTO POR ETAPAS'!F249 -> 27.2 | G85: ='ORÇAMENTO POR ETAPAS'!G249 -> 4.8 | H85: =F85+G85 -> 32 | I85: ='COMPOSIÇÕES PRÓPRIAS'!J248 -> 32 | J85: =I85-H85 -> 0 | K85: =H85*(1+$B$3) -> 40.2944 | L85: =E85*H85 -> 128 | M85: =E85*K85 -> 161.1776 | N85: 249
A86: ='ORÇAMENTO POR ETAPAS'!A250 -> 6.122 | B86: ='ORÇAMENTO POR ETAPAS'!B250 -> CP-EL-122 | C86: ='ORÇAMENTO POR ETAPAS'!C250 -> Disjuntor Unipolar Termomagnético - norma DIN (Curva C) — 40 A - 6 kA | D86: ='ORÇAMENTO POR ETAPAS'!D250 -> pç | E86: ='ORÇAMENTO POR ETAPAS'!E250 -> 2 | F86: ='ORÇAMENTO POR ETAPAS'!F250 -> 27.2 | G86: ='ORÇAMENTO POR ETAPAS'!G250 -> 4.8 | H86: =F86+G86 -> 32 | I86: ='COMPOSIÇÕES PRÓPRIAS'!J251 -> 32 | J86: =I86-H86 -> 0 | K86: =H86*(1+$B$3) -> 40.2944 | L86: =E86*H86 -> 64 | M86: =E86*K86 -> 80.5888 | N86: 250
A87: ='ORÇAMENTO POR ETAPAS'!A251 -> 6.123 | B87: ='ORÇAMENTO POR ETAPAS'!B251 -> CP-EL-123 | C87: ='ORÇAMENTO POR ETAPAS'!C251 -> Disjuntor Unipolar Termomagnético - norma DIN (Curva C) — 40 A - 10 kA | D87: ='ORÇAMENTO POR ETAPAS'!D251 -> pç | E87: ='ORÇAMENTO POR ETAPAS'!E251 -> 1 | F87: ='ORÇAMENTO POR ETAPAS'!F251 -> 27.2 | G87: ='ORÇAMENTO POR ETAPAS'!G251 -> 4.8 | H87: =F87+G87 -> 32 | I87: ='COMPOSIÇÕES PRÓPRIAS'!J254 -> 32 | J87: =I87-H87 -> 0 | K87: =H87*(1+$B$3) -> 40.2944 | L87: =E87*H87 -> 32 | M87: =E87*K87 -> 40.2944 | N87: 251
A88: ='ORÇAMENTO POR ETAPAS'!A252 -> 6.124 | B88: ='ORÇAMENTO POR ETAPAS'!B252 -> CP-EL-124 | C88: ='ORÇAMENTO POR ETAPAS'!C252 -> Disjuntor bipolar termomagnético (380 V/220 V) - DIN (Curva C) — 25 A - 4.5 kA | D88: ='ORÇAMENTO POR ETAPAS'!D252 -> pç | E88: ='ORÇAMENTO POR ETAPAS'!E252 -> 1 | F88: ='ORÇAMENTO POR ETAPAS'!F252 -> 66.3 | G88: ='ORÇAMENTO POR ETAPAS'!G252 -> 11.7 | H88: =F88+G88 -> 78 | I88: ='COMPOSIÇÕES PRÓPRIAS'!J257 -> 78 | J88: =I88-H88 -> 0 | K88: =H88*(1+$B$3) -> 98.2176 | L88: =E88*H88 -> 78 | M88: =E88*K88 -> 98.2176 | N88: 252
A89: ='ORÇAMENTO POR ETAPAS'!A253 -> 6.125 | B89: ='ORÇAMENTO POR ETAPAS'!B253 -> CP-EL-125 | C89: ='ORÇAMENTO POR ETAPAS'!C253 -> Disjuntor tetrapolar termomagnético caixa moldada (380/415 V) — 250 A - 50 kA | D89: ='ORÇAMENTO POR ETAPAS'!D253 -> pç | E89: ='ORÇAMENTO POR ETAPAS'!E253 -> 2 | F89: ='ORÇAMENTO POR ETAPAS'!F253 -> 1785 | G89: ='ORÇAMENTO POR ETAPAS'!G253 -> 315 | H89: =F89+G89 -> 2100 | I89: ='COMPOSIÇÕES PRÓPRIAS'!J260 -> 2100 | J89: =I89-H89 -> 0 | K89: =H89*(1+$B$3) -> 2644.32 | L89: =E89*H89 -> 4200 | M89: =E89*K89 -> 5288.64 | N89: 253
A90: ='ORÇAMENTO POR ETAPAS'!A254 -> 6.126 | B90: ='ORÇAMENTO POR ETAPAS'!B254 -> CP-EL-126 | C90: ='ORÇAMENTO POR ETAPAS'!C254 -> Disjuntor tetrapolar termomagnético caixa moldada (380/415 V) — 300 A - 50 kA | D90: ='ORÇAMENTO POR ETAPAS'!D254 -> pç | E90: ='ORÇAMENTO POR ETAPAS'!E254 -> 2 | F90: ='ORÇAMENTO POR ETAPAS'!F254 -> 2082.5 | G90: ='ORÇAMENTO POR ETAPAS'!G254 -> 367.5 | H90: =F90+G90 -> 2450 | I90: ='COMPOSIÇÕES PRÓPRIAS'!J263 -> 2450 | J90: =I90-H90 -> 0 | K90: =H90*(1+$B$3) -> 3085.04 | L90: =E90*H90 -> 4900 | M90: =E90*K90 -> 6170.08 | N90: 254
A91: ='ORÇAMENTO POR ETAPAS'!A255 -> 6.127 | B91: ='ORÇAMENTO POR ETAPAS'!B255 -> CP-EL-127 | C91: ='ORÇAMENTO POR ETAPAS'!C255 -> Disjuntor tetrapolar termomagnético caixa moldada (380/415 V) — 350 A - 50 kA | D91: ='ORÇAMENTO POR ETAPAS'!D255 -> pç | E91: ='ORÇAMENTO POR ETAPAS'!E255 -> 1 | F91: ='ORÇAMENTO POR ETAPAS'!F255 -> 2422.5 | G91: ='ORÇAMENTO POR ETAPAS'!G255 -> 427.5 | H91: =F91+G91 -> 2850 | I91: ='COMPOSIÇÕES PRÓPRIAS'!J266 -> 2850 | J91: =I91-H91 -> 0 | K91: =H91*(1+$B$3) -> 3588.72 | L91: =E91*H91 -> 2850 | M91: =E91*K91 -> 3588.72 | N91: 255
A92: ='ORÇAMENTO POR ETAPAS'!A256 -> 6.128 | B92: ='ORÇAMENTO POR ETAPAS'!B256 -> CP-EL-128 | C92: ='ORÇAMENTO POR ETAPAS'!C256 -> Disjuntor tripolar termomagnético (380 V/220 V) - DIN (Curva C) — 50 A - 18 kA | D92: ='ORÇAMENTO POR ETAPAS'!D256 -> pç | E92: ='ORÇAMENTO POR ETAPAS'!E256 -> 1 | F92: ='ORÇAMENTO POR ETAPAS'!F256 -> 123.25 | G92: ='ORÇAMENTO POR ETAPAS'!G256 -> 21.75 | H92: =F92+G92 -> 145 | I92: ='COMPOSIÇÕES PRÓPRIAS'!J269 -> 145 | J92: =I92-H92 -> 0 | K92: =H92*(1+$B$3) -> 182.584 | L92: =E92*H92 -> 145 | M92: =E92*K92 -> 182.584 | N92: 256
A93: ='ORÇAMENTO POR ETAPAS'!A257 -> 6.129 | B93: ='ORÇAMENTO POR ETAPAS'!B257 -> CP-EL-129 | C93: ='ORÇAMENTO POR ETAPAS'!C257 -> Disjuntor tripolar termomagnético (380 V/220 V) - DIN (Curva C) — 63 A - 18 kA | D93: ='ORÇAMENTO POR ETAPAS'!D257 -> pç | E93: ='ORÇAMENTO POR ETAPAS'!E257 -> 1 | F93: ='ORÇAMENTO POR ETAPAS'!F257 -> 123.25 | G93: ='ORÇAMENTO POR ETAPAS'!G257 -> 21.75 | H93: =F93+G93 -> 145 | I93: ='COMPOSIÇÕES PRÓPRIAS'!J272 -> 145 | J93: =I93-H93 -> 0 | K93: =H93*(1+$B$3) -> 182.584 | L93: =E93*H93 -> 145 | M93: =E93*K93 -> 182.584 | N93: 257
A94: ='ORÇAMENTO POR ETAPAS'!A258 -> 6.130 | B94: ='ORÇAMENTO POR ETAPAS'!B258 -> CP-EL-130 | C94: ='ORÇAMENTO POR ETAPAS'!C258 -> Dispositivo de proteção contra surto — DPS T1+T2 – 3+1 – TT – Uc 275 V – Iimp ≥ 12,5 kA/polo (10/350 µs) – Iimp N-PE ≥ 50 kA – In ≥ 20 kA – Imax ≥ 40 kA – Up ≤ 1,5 kV. | D94: ='ORÇAMENTO POR ETAPAS'!D258 -> pç | E94: ='ORÇAMENTO POR ETAPAS'!E258 -> 20 | F94: ='ORÇAMENTO POR ETAPAS'!F258 -> 442 | G94: ='ORÇAMENTO POR ETAPAS'!G258 -> 78 | H94: =F94+G94 -> 520 | I94: ='COMPOSIÇÕES PRÓPRIAS'!J275 -> 520 | J94: =I94-H94 -> 0 | K94: =H94*(1+$B$3) -> 654.784 | L94: =E94*H94 -> 10400 | M94: =E94*K94 -> 13095.68 | N94: 258
A95: ='ORÇAMENTO POR ETAPAS'!A259 -> 6.131 | B95: ='ORÇAMENTO POR ETAPAS'!B259 -> CP-EL-131 | C95: ='ORÇAMENTO POR ETAPAS'!C259 -> Dispositivo de proteção contra surto — DPS Tipo 2 coordenado com o T1+T2 a montante | D95: ='ORÇAMENTO POR ETAPAS'!D259 -> pç | E95: ='ORÇAMENTO POR ETAPAS'!E259 -> 8 | F95: ='ORÇAMENTO POR ETAPAS'!F259 -> 442 | G95: ='ORÇAMENTO POR ETAPAS'!G259 -> 78 | H95: =F95+G95 -> 520 | I95: ='COMPOSIÇÕES PRÓPRIAS'!J278 -> 520 | J95: =I95-H95 -> 0 | K95: =H95*(1+$B$3) -> 654.784 | L95: =E95*H95 -> 4160 | M95: =E95*K95 -> 5238.272 | N95: 259
A96: ='ORÇAMENTO POR ETAPAS'!A260 -> 6.132 | B96: ='ORÇAMENTO POR ETAPAS'!B260 -> CP-EL-132 | C96: ='ORÇAMENTO POR ETAPAS'!C260 -> Interruptor bipolar DR (fase/neutro - In 30mA) - DIN — 40 A | D96: ='ORÇAMENTO POR ETAPAS'!D260 -> pç | E96: ='ORÇAMENTO POR ETAPAS'!E260 -> 18 | F96: ='ORÇAMENTO POR ETAPAS'!F260 -> 23.8 | G96: ='ORÇAMENTO POR ETAPAS'!G260 -> 4.2 | H96: =F96+G96 -> 28 | I96: ='COMPOSIÇÕES PRÓPRIAS'!J281 -> 28 | J96: =I96-H96 -> 0 | K96: =H96*(1+$B$3) -> 35.2576 | L96: =E96*H96 -> 504 | M96: =E96*K96 -> 634.6368 | N96: 260
A97: ='ORÇAMENTO POR ETAPAS'!A261 -> 6.133 | B97: ='ORÇAMENTO POR ETAPAS'!B261 -> CP-EL-133 | C97: ='ORÇAMENTO POR ETAPAS'!C261 -> Interruptor tetrapolar DR (3 fases/neutro - In 30mA) - DIN — 25 A | D97: ='ORÇAMENTO POR ETAPAS'!D261 -> pç | E97: ='ORÇAMENTO POR ETAPAS'!E261 -> 2 | F97: ='ORÇAMENTO POR ETAPAS'!F261 -> 23.8 | G97: ='ORÇAMENTO POR ETAPAS'!G261 -> 4.2 | H97: =F97+G97 -> 28 | I97: ='COMPOSIÇÕES PRÓPRIAS'!J284 -> 28 | J97: =I97-H97 -> 0 | K97: =H97*(1+$B$3) -> 35.2576 | L97: =E97*H97 -> 56 | M97: =E97*K97 -> 70.5152 | N97: 261
A98: ='ORÇAMENTO POR ETAPAS'!A262 -> 6.134 | B98: ='ORÇAMENTO POR ETAPAS'!B262 -> CP-EL-134 | C98: ='ORÇAMENTO POR ETAPAS'!C262 -> Interruptor tetrapolar DR (3 fases/neutro - In 30mA) - DIN — 63 A | D98: ='ORÇAMENTO POR ETAPAS'!D262 -> pç | E98: ='ORÇAMENTO POR ETAPAS'!E262 -> 2 | F98: ='ORÇAMENTO POR ETAPAS'!F262 -> 23.8 | G98: ='ORÇAMENTO POR ETAPAS'!G262 -> 4.2 | H98: =F98+G98 -> 28 | I98: ='COMPOSIÇÕES PRÓPRIAS'!J287 -> 28 | J98: =I98-H98 -> 0 | K98: =H98*(1+$B$3) -> 35.2576 | L98: =E98*H98 -> 56 | M98: =E98*K98 -> 70.5152 | N98: 262
A99: ='ORÇAMENTO POR ETAPAS'!A263 -> 6.135 | B99: ='ORÇAMENTO POR ETAPAS'!B263 -> CP-EL-135 | C99: ='ORÇAMENTO POR ETAPAS'!C263 -> Relé diferencial 300 mA seletivo Tipo A + toroide — 63 A | D99: ='ORÇAMENTO POR ETAPAS'!D263 -> pç | E99: ='ORÇAMENTO POR ETAPAS'!E263 -> 5 | F99: ='ORÇAMENTO POR ETAPAS'!F263 -> 663 | G99: ='ORÇAMENTO POR ETAPAS'!G263 -> 117 | H99: =F99+G99 -> 780 | I99: ='COMPOSIÇÕES PRÓPRIAS'!J290 -> 780 | J99: =I99-H99 -> 0 | K99: =H99*(1+$B$3) -> 982.176 | L99: =E99*H99 -> 3900 | M99: =E99*K99 -> 4910.88 | N99: 263
A100: ='ORÇAMENTO POR ETAPAS'!A264 -> 6.136 | B100: ='ORÇAMENTO POR ETAPAS'!B264 -> CP-EL-136 | C100: ='ORÇAMENTO POR ETAPAS'!C264 -> Cotovelo reto — 200x50mm chapa 18 | D100: ='ORÇAMENTO POR ETAPAS'!D264 -> pç | E100: ='ORÇAMENTO POR ETAPAS'!E264 -> 1 | F100: ='ORÇAMENTO POR ETAPAS'!F264 -> 80.75 | G100: ='ORÇAMENTO POR ETAPAS'!G264 -> 14.25 | H100: =F100+G100 -> 95 | I100: ='COMPOSIÇÕES PRÓPRIAS'!J293 -> 95 | J100: =I100-H100 -> 0 | K100: =H100*(1+$B$3) -> 119.624 | L100: =E100*H100 -> 95 | M100: =E100*K100 -> 119.624 | N100: 264
A101: ='ORÇAMENTO POR ETAPAS'!A265 -> 6.137 | B101: ='ORÇAMENTO POR ETAPAS'!B265 -> CP-EL-137 | C101: ='ORÇAMENTO POR ETAPAS'!C265 -> Cruzeta (X) horizontal 90º — 200x50mm chapa 18 | D101: ='ORÇAMENTO POR ETAPAS'!D265 -> pç | E101: ='ORÇAMENTO POR ETAPAS'!E265 -> 45 | F101: ='ORÇAMENTO POR ETAPAS'!F265 -> 80.75 | G101: ='ORÇAMENTO POR ETAPAS'!G265 -> 14.25 | H101: =F101+G101 -> 95 | I101: ='COMPOSIÇÕES PRÓPRIAS'!J296 -> 95 | J101: =I101-H101 -> 0 | K101: =H101*(1+$B$3) -> 119.624 | L101: =E101*H101 -> 4275 | M101: =E101*K101 -> 5383.08 | N101: 265
A102: ='ORÇAMENTO POR ETAPAS'!A268 -> 6.140 | B102: ='ORÇAMENTO POR ETAPAS'!B268 -> CP-EL-143 | C102: ='ORÇAMENTO POR ETAPAS'!C268 -> Tala plana perfurada — 50mm | D102: ='ORÇAMENTO POR ETAPAS'!D268 -> pç | E102: ='ORÇAMENTO POR ETAPAS'!E268 -> 1548 | F102: ='ORÇAMENTO POR ETAPAS'!F268 -> 4.67 | G102: ='ORÇAMENTO POR ETAPAS'!G268 -> 0.83 | H102: =F102+G102 -> 5.5 | I102: ='COMPOSIÇÕES PRÓPRIAS'!J299 -> 5.5 | J102: =I102-H102 -> 0 | K102: =H102*(1+$B$3) -> 6.9256 | L102: =E102*H102 -> 8514 | M102: =E102*K102 -> 10720.829 | N102: 268
...

Sheet COMPOSIÇÕES PRÓPRIAS
A2: COMPOSIÇÕES PRÓPRIAS DETALHADAS - OBRA: REVITALIZAÇÃO CENTRO DE FEIRAS, CANELA RS
A3: Custos diretos unitários, sem BDI. Os componentes conciliam com material/equipamento e mão de obra da planilha-base.
A5: ITEM | B5: CÓDIGO | C5: SERVIÇO | D5: UNID. SERVIÇO | E5: TIPO | F5: COMPONENTE | G5: UNID. INSUMO | H5: COEFICIENTE | I5: PREÇO UNITÁRIO | J5: CUSTO UNITÁRIO
A6: 4.7 | B6: CP02 | C6: Fornecimento E Assentamento De Passeio Em Pedra Basalto Recortada, 45x45cm, Superfície Lisa E Uniforme Em Tons De Cinza, C/ Rejunte E Argamassa De Assentamento | D6: m² | E6: Material | F6: Pedra basalto recortada 45 x 45 cm | G6: m² | H6: 1.05 | I6: 130 | J6: =H6*I6 -> 136.5
A7: 4.7 | B7: CP02 | C7: Fornecimento E Assentamento De Passeio Em Pedra Basalto Recortada, 45x45cm, Superfície Lisa E Uniforme Em Tons De Cinza, C/ Rejunte E Argamassa De Assentamento | D7: m² | E7: Material | F7: Argamassa de assentamento | G7: m³ | H7: 0.025 | I7: 620 | J7: =H7*I7 -> 15.5
A8: 4.7 | B8: CP02 | C8: Fornecimento E Assentamento De Passeio Em Pedra Basalto Recortada, 45x45cm, Superfície Lisa E Uniforme Em Tons De Cinza, C/ Rejunte E Argamassa De Assentamento | D8: m² | E8: Material | F8: Rejunte e materiais auxiliares | G8: kg | H8: 1 | I8: 3.6 | J8: =H8*I8 -> 3.6
A9: 4.7 | B9: CP02 | C9: Fornecimento E Assentamento De Passeio Em Pedra Basalto Recortada, 45x45cm, Superfície Lisa E Uniforme Em Tons De Cinza, C/ Rejunte E Argamassa De Assentamento | D9: m² | E9: Mão de obra | F9: Pedreiro | G9: h | H9: 1 | I9: 32 | J9: =H9*I9 -> 32
A10: 4.7 | B10: CP02 | C10: Fornecimento E Assentamento De Passeio Em Pedra Basalto Recortada, 45x45cm, Superfície Lisa E Uniforme Em Tons De Cinza, C/ Rejunte E Argamassa De Assentamento | D10: m² | E10: Mão de obra | F10: Servente | G10: h | H10: 1 | I10: 20 | J10: =H10*I10 -> 20
A11: 4.7 | B11: CP02 | C11: TOTAL DA COMPOSIÇÃO | D11: m² | J11: =SUM(J6:J10) -> 207.6
A12: 6.1 | B12: CP-EL-001 | C12: Arruela zamak — 1/2" | D12: pç | E12: Material/equipamento | F12: Fornecimento do componente: Arruela zamak — 1/2" | G12: pç | H12: 1 | I12: 0.47 | J12: =H12*I12 -> 0.47
A13: 6.1 | B13: CP-EL-001 | C13: Arruela zamak — 1/2" | D13: pç | E13: Mão de obra | F13: Instalação, montagem, conexão e testes, conforme aplicável | G13: pç | H13: 1 | I13: 0.08 | J13: =H13*I13 -> 0.08
A14: 6.1 | B14: CP-EL-001 | C14: TOTAL DA COMPOSIÇÃO | D14: pç | J14: =SUM(J12:J13) -> 0.55
A15: 6.2 | B15: CP-EL-002 | C15: Arruela zamak — 2" | D15: pç | E15: Material/equipamento | F15: Fornecimento do componente: Arruela zamak — 2" | G15: pç | H15: 1 | I15: 0.47 | J15: =H15*I15 -> 0.47
A16: 6.2 | B16: CP-EL-002 | C16: Arruela zamak — 2" | D16: pç | E16: Mão de obra | F16: Instalação, montagem, conexão e testes, conforme aplicável | G16: pç | H16: 1 | I16: 0.08 | J16: =H16*I16 -> 0.08
A17: 6.2 | B17: CP-EL-002 | C17: TOTAL DA COMPOSIÇÃO | D17: pç | J17: =SUM(J15:J16) -> 0.55
A18: 6.3 | B18: CP-EL-003 | C18: Bucha zamak — 1/2" | D18: pç | E18: Material/equipamento | F18: Fornecimento do componente: Bucha zamak — 1/2" | G18: pç | H18: 1 | I18: 26.74 | J18: =H18*I18 -> 26.74
A19: 6.3 | B19: CP-EL-003 | C19: Bucha zamak — 1/2" | D19: pç | E19: Mão de obra | F19: Instalação, montagem, conexão e testes, conforme aplicável | G19: pç | H19: 1 | I19: 4.72 | J19: =H19*I19 -> 4.72
A20: 6.3 | B20: CP-EL-003 | C20: TOTAL DA COMPOSIÇÃO | D20: pç | J20: =SUM(J18:J19) -> 31.46
A21: 6.4 | B21: CP-EL-004 | C21: Bucha zamak — 2" | D21: pç | E21: Material/equipamento | F21: Fornecimento do componente: Bucha zamak — 2" | G21: pç | H21: 1 | I21: 26.74 | J21: =H21*I21 -> 26.74
A22: 6.4 | B22: CP-EL-004 | C22: Bucha zamak — 2" | D22: pç | E22: Mão de obra | F22: Instalação, montagem, conexão e testes, conforme aplicável | G22: pç | H22: 1 | I22: 4.72 | J22: =H22*I22 -> 4.72
A23: 6.4 | B23: CP-EL-004 | C23: TOTAL DA COMPOSIÇÃO | D23: pç | J23: =SUM(J21:J22) -> 31.46
A24: 6.6 | B24: CP-EL-006 | C24: Caixa PVC — 4x4" | D24: pç | E24: Material/equipamento | F24: Fornecimento do componente: Caixa PVC — 4x4" | G24: pç | H24: 1 | I24: 13.6 | J24: =H24*I24 -> 13.6
A25: 6.6 | B25: CP-EL-006 | C25: Caixa PVC — 4x4" | D25: pç | E25: Mão de obra | F25: Instalação, montagem, conexão e testes, conforme aplicável | G25: pç | H25: 1 | I25: 2.4 | J25: =H25*I25 -> 2.4
A26: 6.6 | B26: CP-EL-006 | C26: TOTAL DA COMPOSIÇÃO | D26: pç | J26: =SUM(J24:J25) -> 16
A27: 6.7 | B27: CP-EL-007 | C27: Caixa PVC octogonal — 3x3" | D27: pç | E27: Material/equipamento | F27: Fornecimento do componente: Caixa PVC octogonal — 3x3" | G27: pç | H27: 1 | I27: 13.6 | J27: =H27*I27 -> 13.6
A28: 6.7 | B28: CP-EL-007 | C28: Caixa PVC octogonal — 3x3" | D28: pç | E28: Mão de obra | F28: Instalação, montagem, conexão e testes, conforme aplicável | G28: pç | H28: 1 | I28: 2.4 | J28: =H28*I28 -> 2.4
A29: 6.7 | B29: CP-EL-007 | C29: TOTAL DA COMPOSIÇÃO | D29: pç | J29: =SUM(J27:J28) -> 16
A30: 6.8 | B30: CP-EL-008 | C30: Caixa alumínio 4"x2" — 3x4" | D30: pç | E30: Material/equipamento | F30: Fornecimento do componente: Caixa alumínio 4"x2" — 3x4" | G30: pç | H30: 1 | I30: 28.9 | J30: =H30*I30 -> 28.9
A31: 6.8 | B31: CP-EL-008 | C31: Caixa alumínio 4"x2" — 3x4" | D31: pç | E31: Mão de obra | F31: Instalação, montagem, conexão e testes, conforme aplicável | G31: pç | H31: 1 | I31: 5.1 | J31: =H31*I31 -> 5.1
A32: 6.8 | B32: CP-EL-008 | C32: TOTAL DA COMPOSIÇÃO | D32: pç | J32: =SUM(J30:J31) -> 34
A33: 6.9 | B33: CP-EL-009 | C33: Condulete alum. encaixe tipo C — 1" sem tampa | D33: pç | E33: Material/equipamento | F33: Fornecimento do componente: Condulete alum. encaixe tipo C — 1" sem tampa | G33: pç | H33: 1 | I33: 23.8 | J33: =H33*I33 -> 23.8
A34: 6.9 | B34: CP-EL-009 | C34: Condulete alum. encaixe tipo C — 1" sem tampa | D34: pç | E34: Mão de obra | F34: Instalação, montagem, conexão e testes, conforme aplicável | G34: pç | H34: 1 | I34: 4.2 | J34: =H34*I34 -> 4.2
A35: 6.9 | B35: CP-EL-009 | C35: TOTAL DA COMPOSIÇÃO | D35: pç | J35: =SUM(J33:J34) -> 28
A36: 6.10 | B36: CP-EL-010 | C36: Condulete alum. encaixe tipo C — 1/2" sem tampa | D36: pç | E36: Material/equipamento | F36: Fornecimento do componente: Condulete alum. encaixe tipo C — 1/2" sem tampa | G36: pç | H36: 1 | I36: 23.8 | J36: =H36*I36 -> 23.8
A37: 6.10 | B37: CP-EL-010 | C37: Condulete alum. encaixe tipo C — 1/2" sem tampa | D37: pç | E37: Mão de obra | F37: Instalação, montagem, conexão e testes, conforme aplicável | G37: pç | H37: 1 | I37: 4.2 | J37: =H37*I37 -> 4.2
A38: 6.10 | B38: CP-EL-010 | C38: TOTAL DA COMPOSIÇÃO | D38: pç | J38: =SUM(J36:J37) -> 28
A39: 6.11 | B39: CP-EL-011 | C39: Curva 180º PVC rosca — 2" | D39: pç | E39: Material/equipamento | F39: Fornecimento do componente: Curva 180º PVC rosca — 2" | G39: pç | H39: 1 | I39: 12.75 | J39: =H39*I39 -> 12.75
A40: 6.11 | B40: CP-EL-011 | C40: Curva 180º PVC rosca — 2" | D40: pç | E40: Mão de obra | F40: Instalação, montagem, conexão e testes, conforme aplicável | G40: pç | H40: 1 | I40: 2.25 | J40: =H40*I40 -> 2.25
A41: 6.11 | B41: CP-EL-011 | C41: TOTAL DA COMPOSIÇÃO | D41: pç | J41: =SUM(J39:J40) -> 15
A42: 6.12 | B42: CP-EL-012 | C42: Curva 90º PVC longa rosca — 1/2" | D42: pç | E42: Material/equipamento | F42: Fornecimento do componente: Curva 90º PVC longa rosca — 1/2" | G42: pç | H42: 1 | I42: 12.75 | J42: =H42*I42 -> 12.75
A43: 6.12 | B43: CP-EL-012 | C43: Curva 90º PVC longa rosca — 1/2" | D43: pç | E43: Mão de obra | F43: Instalação, montagem, conexão e testes, conforme aplicável | G43: pç | H43: 1 | I43: 2.25 | J43: =H43*I43 -> 2.25
A44: 6.12 | B44: CP-EL-012 | C44: TOTAL DA COMPOSIÇÃO | D44: pç | J44: =SUM(J42:J43) -> 15
A45: 6.13 | B45: CP-EL-013 | C45: Curva 90º PVC longa rosca — 2" | D45: pç | E45: Material/equipamento | F45: Fornecimento do componente: Curva 90º PVC longa rosca — 2" | G45: pç | H45: 1 | I45: 12.75 | J45: =H45*I45 -> 12.75
A46: 6.13 | B46: CP-EL-013 | C46: Curva 90º PVC longa rosca — 2" | D46: pç | E46: Mão de obra | F46: Instalação, montagem, conexão e testes, conforme aplicável | G46: pç | H46: 1 | I46: 2.25 | J46: =H46*I46 -> 2.25
A47: 6.13 | B47: CP-EL-013 | C47: TOTAL DA COMPOSIÇÃO | D47: pç | J47: =SUM(J45:J46) -> 15
A48: 6.14 | B48: CP-EL-014 | C48: Luva PVC rosca — 1/2" | D48: pç | E48: Material/equipamento | F48: Fornecimento do componente: Luva PVC rosca — 1/2" | G48: pç | H48: 1 | I48: 4.08 | J48: =H48*I48 -> 4.08
A49: 6.14 | B49: CP-EL-014 | C49: Luva PVC rosca — 1/2" | D49: pç | E49: Mão de obra | F49: Instalação, montagem, conexão e testes, conforme aplicável | G49: pç | H49: 1 | I49: 0.72 | J49: =H49*I49 -> 0.72
A50: 6.14 | B50: CP-EL-014 | C50: TOTAL DA COMPOSIÇÃO | D50: pç | J50: =SUM(J48:J49) -> 4.8
A51: 6.15 | B51: CP-EL-015 | C51: Luva aço galvan. leve — 1" | D51: pç | E51: Material/equipamento | F51: Fornecimento do componente: Luva aço galvan. leve — 1" | G51: pç | H51: 1 | I51: 11.47 | J51: =H51*I51 -> 11.47
A52: 6.15 | B52: CP-EL-015 | C52: Luva aço galvan. leve — 1" | D52: pç | E52: Mão de obra | F52: Instalação, montagem, conexão e testes, conforme aplicável | G52: pç | H52: 1 | I52: 2.03 | J52: =H52*I52 -> 2.03
A53: 6.15 | B53: CP-EL-015 | C53: TOTAL DA COMPOSIÇÃO | D53: pç | J53: =SUM(J51:J52) -> 13.5
A54: 6.16 | B54: CP-EL-016 | C54: Luva aço galvan. leve — 1.1/4" | D54: pç | E54: Material/equipamento | F54: Fornecimento do componente: Luva aço galvan. leve — 1.1/4" | G54: pç | H54: 1 | I54: 11.47 | J54: =H54*I54 -> 11.47
A55: 6.16 | B55: CP-EL-016 | C55: Luva aço galvan. leve — 1.1/4" | D55: pç | E55: Mão de obra | F55: Instalação, montagem, conexão e testes, conforme aplicável | G55: pç | H55: 1 | I55: 2.03 | J55: =H55*I55 -> 2.03
A56: 6.16 | B56: CP-EL-016 | C56: TOTAL DA COMPOSIÇÃO | D56: pç | J56: =SUM(J54:J55) -> 13.5
A57: 6.17 | B57: CP-EL-017 | C57: Arame aço galvanizado — 14BWG | D57: m | E57: Material/equipamento | F57: Fornecimento do componente: Arame aço galvanizado — 14BWG | G57: m | H57: 1 | I57: 2.38 | J57: =H57*I57 -> 2.38
A58: 6.17 | B58: CP-EL-017 | C58: Arame aço galvanizado — 14BWG | D58: m | E58: Mão de obra | F58: Instalação, montagem, conexão e testes, conforme aplicável | G58: m | H58: 1 | I58: 0.42 | J58: =H58*I58 -> 0.42
A59: 6.17 | B59: CP-EL-017 | C59: TOTAL DA COMPOSIÇÃO | D59: m | J59: =SUM(J57:J58) -> 2.8
A60: 6.18 | B60: CP-EL-018 | C60: Arruela de pressão galvan. — 1/4" | D60: pç | E60: Material/equipamento | F60: Fornecimento do componente: Arruela de pressão galvan. — 1/4" | G60: pç | H60: 1 | I60: 0.47 | J60: =H60*I60 -> 0.47
A61: 6.18 | B61: CP-EL-018 | C61: Arruela de pressão galvan. — 1/4" | D61: pç | E61: Mão de obra | F61: Instalação, montagem, conexão e testes, conforme aplicável | G61: pç | H61: 1 | I61: 0.08 | J61: =H61*I61 -> 0.08
A62: 6.18 | B62: CP-EL-018 | C62: TOTAL DA COMPOSIÇÃO | D62: pç | J62: =SUM(J60:J61) -> 0.55
A63: 6.19 | B63: CP-EL-019 | C63: Arruela lisa galvan. — 1/4" | D63: pç | E63: Material/equipamento | F63: Fornecimento do componente: Arruela lisa galvan. — 1/4" | G63: pç | H63: 1 | I63: 0.47 | J63: =H63*I63 -> 0.47
A64: 6.19 | B64: CP-EL-019 | C64: Arruela lisa galvan. — 1/4" | D64: pç | E64: Mão de obra | F64: Instalação, montagem, conexão e testes, conforme aplicável | G64: pç | H64: 1 | I64: 0.08 | J64: =H64*I64 -> 0.08
A65: 6.19 | B65: CP-EL-019 | C65: TOTAL DA COMPOSIÇÃO | D65: pç | J65: =SUM(J63:J64) -> 0.55
A66: 6.20 | B66: CP-EL-020 | C66: Arruela lisa galvan. — 3/8" | D66: pç | E66: Material/equipamento | F66: Fornecimento do componente: Arruela lisa galvan. — 3/8" | G66: pç | H66: 1 | I66: 0.47 | J66: =H66*I66 -> 0.47
A67: 6.20 | B67: CP-EL-020 | C67: Arruela lisa galvan. — 3/8" | D67: pç | E67: Mão de obra | F67: Instalação, montagem, conexão e testes, conforme aplicável | G67: pç | H67: 1 | I67: 0.08 | J67: =H67*I67 -> 0.08
A68: 6.20 | B68: CP-EL-020 | C68: TOTAL DA COMPOSIÇÃO | D68: pç | J68: =SUM(J66:J67) -> 0.55
A69: 6.21 | B69: CP-EL-021 | C69: Bucha de nylon — S4 | D69: pç | E69: Material/equipamento | F69: Fornecimento do componente: Bucha de nylon — S4 | G69: pç | H69: 1 | I69: 0.38 | J69: =H69*I69 -> 0.38
A70: 6.21 | B70: CP-EL-021 | C70: Bucha de nylon — S4 | D70: pç | E70: Mão de obra | F70: Instalação, montagem, conexão e testes, conforme aplicável | G70: pç | H70: 1 | I70: 0.07 | J70: =H70*I70 -> 0.07
A71: 6.21 | B71: CP-EL-021 | C71: TOTAL DA COMPOSIÇÃO | D71: pç | J71: =SUM(J69:J70) -> 0.45
A72: 6.22 | B72: CP-EL-022 | C72: Bucha de nylon — S6 | D72: pç | E72: Material/equipamento | F72: Fornecimento do componente: Bucha de nylon — S6 | G72: pç | H72: 1 | I72: 0.38 | J72: =H72*I72 -> 0.38
A73: 6.22 | B73: CP-EL-022 | C73: Bucha de nylon — S6 | D73: pç | E73: Mão de obra | F73: Instalação, montagem, conexão e testes, conforme aplicável | G73: pç | H73: 1 | I73: 0.07 | J73: =H73*I73 -> 0.07
A74: 6.22 | B74: CP-EL-022 | C74: TOTAL DA COMPOSIÇÃO | D74: pç | J74: =SUM(J72:J73) -> 0.45
A75: 6.23 | B75: CP-EL-023 | C75: Fita isolante autofusão — 20m | D75: pç | E75: Material/equipamento | F75: Fornecimento do componente: Fita isolante autofusão — 20m | G75: pç | H75: 1 | I75: 15.3 | J75: =H75*I75 -> 15.3
A76: 6.23 | B76: CP-EL-023 | C76: Fita isolante autofusão — 20m | D76: pç | E76: Mão de obra | F76: Instalação, montagem, conexão e testes, conforme aplicável | G76: pç | H76: 1 | I76: 2.7 | J76: =H76*I76 -> 2.7
A77: 6.23 | B77: CP-EL-023 | C77: TOTAL DA COMPOSIÇÃO | D77: pç | J77: =SUM(J75:J76) -> 18
A78: 6.24 | B78: CP-EL-024 | C78: Parafuso fenda galvan. cab. panela — 2,9x25mm autoatarrachante | D78: pç | E78: Material/equipamento | F78: Fornecimento do componente: Parafuso fenda galvan. cab. panela — 2,9x25mm autoatarrachante | G78: pç | H78: 1 | I78: 1.06 | J78: =H78*I78 -> 1.06
A79: 6.24 | B79: CP-EL-024 | C79: Parafuso fenda galvan. cab. panela — 2,9x25mm autoatarrachante | D79: pç | E79: Mão de obra | F79: Instalação, montagem, conexão e testes, conforme aplicável | G79: pç | H79: 1 | I79: 0.19 | J79: =H79*I79 -> 0.19
A80: 6.24 | B80: CP-EL-024 | C80: TOTAL DA COMPOSIÇÃO | D80: pç | J80: =SUM(J78:J79) -> 1.25
A81: 6.25 | B81: CP-EL-025 | C81: Parafuso fenda galvan. cab. panela — 4,2x32mm autoatarrachante | D81: pç | E81: Material/equipamento | F81: Fornecimento do componente: Parafuso fenda galvan. cab. panela — 4,2x32mm autoatarrachante | G81: pç | H81: 1 | I81: 1.06 | J81: =H81*I81 -> 1.06
A82: 6.25 | B82: CP-EL-025 | C82: Parafuso fenda galvan. cab. panela — 4,2x32mm autoatarrachante | D82: pç | E82: Mão de obra | F82: Instalação, montagem, conexão e testes, conforme aplicável | G82: pç | H82: 1 | I82: 0.19 | J82: =H82*I82 -> 0.19
A83: 6.25 | B83: CP-EL-025 | C83: TOTAL DA COMPOSIÇÃO | D83: pç | J83: =SUM(J81:J82) -> 1.25
A84: 6.26 | B84: CP-EL-026 | C84: Parafuso fenda galvan. cab. panela — 4,8x45mm autoatarrachante | D84: pç | E84: Material/equipamento | F84: Fornecimento do componente: Parafuso fenda galvan. cab. panela — 4,8x45mm autoatarrachante | G84: pç | H84: 1 | I84: 1.06 | J84: =H84*I84 -> 1.06
A85: 6.26 | B85: CP-EL-026 | C85: Parafuso fenda galvan. cab. panela — 4,8x45mm autoatarrachante | D85: pç | E85: Mão de obra | F85: Instalação, montagem, conexão e testes, conforme aplicável | G85: pç | H85: 1 | I85: 0.19 | J85: =H85*I85 -> 0.19
A86: 6.26 | B86: CP-EL-026 | C86: TOTAL DA COMPOSIÇÃO | D86: pç | J86: =SUM(J84:J85) -> 1.25
A87: 6.27 | B87: CP-EL-027 | C87: Parafuso galvan. cab. sext. — 3/8"x2.1/2" rosca soberba | D87: pç | E87: Material/equipamento | F87: Fornecimento do componente: Parafuso galvan. cab. sext. — 3/8"x2.1/2" rosca soberba | G87: pç | H87: 1 | I87: 1.06 | J87: =H87*I87 -> 1.06
A88: 6.27 | B88: CP-EL-027 | C88: Parafuso galvan. cab. sext. — 3/8"x2.1/2" rosca soberba | D88: pç | E88: Mão de obra | F88: Instalação, montagem, conexão e testes, conforme aplicável | G88: pç | H88: 1 | I88: 0.19 | J88: =H88*I88 -> 0.19
A89: 6.27 | B89: CP-EL-027 | C89: TOTAL DA COMPOSIÇÃO | D89: pç | J89: =SUM(J87:J88) -> 1.25
A90: 6.28 | B90: CP-EL-028 | C90: Parafuso galvan. cab. sext. — 3/8"x2.1/2" rosca total WW | D90: pç | E90: Material/equipamento | F90: Fornecimento do componente: Parafuso galvan. cab. sext. — 3/8"x2.1/2" rosca total WW | G90: pç | H90: 1 | I90: 1.06 | J90: =H90*I90 -> 1.06
A91: 6.28 | B91: CP-EL-028 | C91: Parafuso galvan. cab. sext. — 3/8"x2.1/2" rosca total WW | D91: pç | E91: Mão de obra | F91: Instalação, montagem, conexão e testes, conforme aplicável | G91: pç | H91: 1 | I91: 0.19 | J91: =H91*I91 -> 0.19
A92: 6.28 | B92: CP-EL-028 | C92: TOTAL DA COMPOSIÇÃO | D92: pç | J92: =SUM(J90:J91) -> 1.25
A93: 6.29 | B93: CP-EL-029 | C93: Parafuso galvan. cabeça lentilha — 1/4"x5/8" máquina rosca total | D93: pç | E93: Material/equipamento | F93: Fornecimento do componente: Parafuso galvan. cabeça lentilha — 1/4"x5/8" máquina rosca total | G93: pç | H93: 1 | I93: 1.06 | J93: =H93*I93 -> 1.06
A94: 6.29 | B94: CP-EL-029 | C94: Parafuso galvan. cabeça lentilha — 1/4"x5/8" máquina rosca total | D94: pç | E94: Mão de obra | F94: Instalação, montagem, conexão e testes, conforme aplicável | G94: pç | H94: 1 | I94: 0.19 | J94: =H94*I94 -> 0.19
A95: 6.29 | B95: CP-EL-029 | C95: TOTAL DA COMPOSIÇÃO | D95: pç | J95: =SUM(J93:J94) -> 1.25
A96: 6.30 | B96: CP-EL-030 | C96: Porca sextavada galvan. — 1/4" | D96: pç | E96: Material/equipamento | F96: Fornecimento do componente: Porca sextavada galvan. — 1/4" | G96: pç | H96: 1 | I96: 0.64 | J96: =H96*I96 -> 0.64
A97: 6.30 | B97: CP-EL-030 | C97: Porca sextavada galvan. — 1/4" | D97: pç | E97: Mão de obra | F97: Instalação, montagem, conexão e testes, conforme aplicável | G97: pç | H97: 1 | I97: 0.11 | J97: =H97*I97 -> 0.11
A98: 6.30 | B98: CP-EL-030 | C98: TOTAL DA COMPOSIÇÃO | D98: pç | J98: =SUM(J96:J97) -> 0.75
A99: 6.31 | B99: CP-EL-031 | C99: Porca sextavada galvan. — 3/8" | D99: pç | E99: Material/equipamento | F99: Fornecimento do componente: Porca sextavada galvan. — 3/8" | G99: pç | H99: 1 | I99: 0.64 | J99: =H99*I99 -> 0.64
A100: 6.31 | B100: CP-EL-031 | C100: Porca sextavada galvan. — 3/8" | D100: pç | E100: Mão de obra | F100: Instalação, montagem, conexão e testes, conforme aplicável | G100: pç | H100: 1 | I100: 0.11 | J100: =H100*I100 -> 0.11
A101: 6.31 | B101: CP-EL-031 | C101: TOTAL DA COMPOSIÇÃO | D101: pç | J101: =SUM(J99:J100) -> 0.75
A102: 6.32 | B102: CP-EL-032 | C102: Suporte para cabo de aço — 38x90mm | D102: pç | E102: Material/equipamento | F102: Fornecimento do componente: Suporte para cabo de aço — 38x90mm | G102: pç | H102: 1 | I102: 42.5 | J102: =H102*I102 -> 42.5
...
